Workbook
Name \s: #REF!
Name \s: #REF!
Name \t: #REF!
Name \t: #REF!
Name __6Excel_BuiltIn_Print_Area_3_1_1_1_1_1: #REF!
Name __6Excel_BuiltIn_Print_Area_3_1_1_1_1_1: #REF!
Name _10Excel_BuiltIn_Print_Area_5_1: #REF!
Name _10Excel_BuiltIn_Print_Area_7_1: #REF!
Name _11Excel_BuiltIn_Print_Area_8_1: ([1]EMERGÊNCIA!$A$1:$N$213,[1]EMERGÊNCIA!$A$214:$N$290)
Name _12Excel_BuiltIn_Print_Area_6_1: #REF!
Name _12Excel_BuiltIn_Print_Area_9_1: #REF!
Name _13Excel_BuiltIn_Print_Titles_3_1: #REF!
Name _14Excel_BuiltIn_Print_Area_7_1: #REF!
Name _14Excel_BuiltIn_Print_Titles_4_1: #REF!
Name _15Excel_BuiltIn_Print_Area_8_1: ([1]EMERGÊNCIA!$A$1:$N$213,[1]EMERGÊNCIA!$A$214:$N$290)
Name _15Excel_BuiltIn_Print_Titles_5_1: #REF!
Name _16Excel_BuiltIn_Print_Titles_6_1: #REF!
Name _17Excel_BuiltIn_Print_Area_9_1: #REF!
Name _17Excel_BuiltIn_Print_Titles_7_1: #REF!
Name _18Excel_BuiltIn_Print_Titles_9_1: #REF!
Name _1Excel_BuiltIn__FilterDatabase_12_1: #REF!
Name _1Excel_BuiltIn_Print_Area_2_1: #REF!
Name _28Excel_BuiltIn_Print_Titles_3_1: #REF!
Name _2Excel_BuiltIn__FilterDatabase_12_1: #REF!
Name _2Excel_BuiltIn_Print_Area_1_1_1_1_1_1_1: #REF!
Name _2Excel_BuiltIn_Print_Area_3_1_1: #REF!
Name _39Excel_BuiltIn_Print_Titles_4_1: #REF!
Name _3Excel_BuiltIn_Print_Area_2_1: #REF!
Name _3Excel_BuiltIn_Print_Area_3_1_1_1_1_1: #REF!
Name _4Excel_BuiltIn_Print_Area_3_1: #REF!
Name _4Excel_BuiltIn_Print_Area_3_1_1_1_1_1: #REF!
Name _50Excel_BuiltIn_Print_Titles_5_1: #REF!
Name _5Excel_BuiltIn_Print_Area_3_1: #REF!
Name _61Excel_BuiltIn_Print_Titles_6_1: #REF!
Name _6Excel_BuiltIn_Print_Area_3_1_1_1_1_1: #REF!
Name _72Excel_BuiltIn_Print_Titles_7_1: #REF!
Name _7Excel_BuiltIn_Print_Area_4_1: #REF!
Name _83Excel_BuiltIn_Print_Titles_9_1: #REF!
Name _8Excel_BuiltIn_Print_Area_4_1: #REF!
Name _8Excel_BuiltIn_Print_Area_5_1: #REF!
Name _9Excel_BuiltIn_Print_Area_6_1: #REF!
Name _aaa1: #REF!
Name _aaa2: #REF!
Name _For01: #REF!
Name _For01: #REF!
Name _int01: #REF!
Name _int01: #REF!
Name _int02: #REF!
Name _int02: #REF!
Name _int03: #REF!
Name _int04: #REF!
Name _int05: #REF!
Name _lim01: #REF!
Name _POS21: #REF!
Name _s: #REF!
Name _tot1: [2]PLANILHA!#REF!
Name _z: #REF!
Name _z: #REF!
Name AA: #REF!
Name AA: #REF!

Sheet 27ª MEDIÇÃO 
C1: GOVERNO DO ESTADO DO ESPÍRITO SANTO-POLÍCIA CIVIL
A2: Objeto: Contratação de empresa para execução da obra Reforma, Adequação e Ampliação da 1ª Delegacia Regional de Vitória/ES, com fornecimento de mão-de-obra e materiais.
A3: CONTRATADA: VILLA CONSTRUTORA LTDA
A4: E-DOCS 2022-Q4C3Z | H4: ORDEM DE SERVIÇO: 26/06/2023
A5: CONCORRÊNCIA Nº: 003/2022 | H5: PRAZO: 29 meses
A6: CONTRATO PCES: 009/2023 | H6: TÉRMINO: 26.11.2025
H7: ACUMULADO TOTAL | K7: À EXECUTAR
A8: REFERÊNCIA | B8: CÓDIGO | C8: DESCRIÇÃO | D8: UNIDADE | E8: PREÇO UNITÁRIO | F8: QUANTIDADE | G8: PREÇO TOTAL | H8: QUANT | I8: TOTAL | J8: % | K8: QUANT | L8: TOTAL | M8: %
A9: 01 | B9: SERVIÇOS PRELIMINARES | G9: =G10+G43+G45+G48 -> 276251.92 | H9: 0 | I9: 276252.8 | J9: =I9/$G9 -> 1.0000032 | K9: =F9-H9 -> 0 | L9: =L10+L43+L45+L48 -> 0 | M9: =L9/$G9 -> 0
A10: 0101 | B10: DEMOLIÇÕES E RETIRADAS | G10: =SUM(G11:G42) -> 182048.65 | H10: 0 | I10: 182049.19 | J10: =I10/$G10 -> 1.000003 | K10: =F10-H10 -> 0 | L10: =SUM(L11:L42) -> 0 | M10: =L10/$G10 -> 0
A11: '010101 | B11: LABOR - 010209 - 1 | C11: Demolição de alvenaria | D11: m3 | E11: 62.73 | F11: =95.05+21.39 -> 116.44 | G11: =F11*$E11 -> 7304.2812 | H11: 116.44 | I11: 7304.2812 | J11: =IF(H11=0,"",H11/$F11) -> 1 | K11: =F11-H11 -> 0 | L11: =K11*$E11 -> 0 | M11: =IF(K11=0,"",K11/$F11) | N11: =F11-H11 -> 0
A12: '010102 | B12: COMPOSIÇÃO - 2018.000001 | C12: Retirada de paredes divisórias de painel e em gesso acartonado, sem reaproveitamento | D12: m2 | E12: 27.99 | F12: 406.26 | G12: =F12*$E12 -> 11371.217 | H12: 406.26 | I12: 11371.217 | J12: =IF(H12=0,"",H12/$F12) -> 1 | K12: =F12-H12 -> 0 | L12: =K12*$E12 -> 0 | M12: =IF(K12=0,"",K12/$F12) | N12: =F12-H12 -> 0
A13: '010103 | B13: LABOR - 010224 - 1 | C13: Retirada de grades, gradis, alambrados, cercas e portões | D13: m2 | E13: 18.42 | F13: 123.33 | G13: =F13*$E13 -> 2271.7386 | H13: 123.33 | I13: 2271.7386 | J13: =IF(H13=0,"",H13/$F13) -> 1 | K13: =F13-H13 -> 0 | L13: =K13*$E13 -> 0 | M13: =IF(K13=0,"",K13/$F13) | N13: =F13-H13 -> 0
A14: '010104 | B14: COMPOSIÇÃO - 2018.000240 | C14: Retirada de vidros das esquadrias | D14: m2 | E14: 3.69 | F14: 74.81 | G14: =F14*$E14 -> 276.0489 | H14: 74.81 | I14: 276.0489 | J14: =IF(H14=0,"",H14/$F14) -> 1 | K14: =F14-H14 -> 0 | L14: =K14*$E14 -> 0 | M14: =IF(K14=0,"",K14/$F14) | N14: =F14-H14 -> 0
A15: '010105 | B15: LABOR - 010219 - 1 | C15: Demolição manual de concreto armado (EMOP 05.001.033) | D15: m3 | E15: 345.47 | F15: =36.16+25.54 -> 61.7 | G15: =F15*$E15 -> 21315.499 | H15: 61.7 | I15: 21315.499 | J15: =IF(H15=0,"",H15/$F15) -> 1 | K15: =F15-H15 -> 0 | L15: =K15*$E15 -> 0 | M15: =IF(K15=0,"",K15/$F15) | N15: =F15-H15 -> 0
A16: '010106 | B16: LABOR - 010211 - 1 | C16: Demolição de concreto armado, com utilização de rompedor pneumático | D16: m3 | E16: 996.93 | F16: 74.31 | G16: =F16*$E16 -> 74081.868 | H16: 74.31 | I16: 74081.868 | J16: =IF(H16=0,"",H16/$F16) -> 1 | K16: =F16-H16 -> 0 | L16: =K16*$E16 -> 0 | M16: =IF(K16=0,"",K16/$F16) | N16: =F16-H16 -> 0
A17: '010107 | B17: LABOR - 010216 - 1 | C17: Retirada de meio-fio de concreto | D17: m | E17: 1.46 | F17: 98.85 | G17: =F17*$E17 -> 144.321 | H17: 98.85 | I17: 144.321 | J17: =IF(H17=0,"",H17/$F17) -> 1 | K17: =F17-H17 -> 0 | L17: =K17*$E17 -> 0 | M17: =IF(K17=0,"",K17/$F17) | N17: =F17-H17 -> 0
A18: '010108 | B18: LABOR - 010201 - 1 | C18: Demolição de piso cimentado inclusive lastro de concreto | D18: m2 | E18: 27.18 | F18: 261.5 | G18: =F18*$E18 -> 7107.57 | H18: 261.5 | I18: 7107.57 | J18: =IF(H18=0,"",H18/$F18) -> 1 | K18: =F18-H18 -> 0 | L18: =K18*$E18 -> 0 | M18: =IF(K18=0,"",K18/$F18) | N18: =F18-H18 -> 0
A19: '010109 | B19: LABOR - 010223 - 1 | C19: Retirada de aparelhos sanitários | D19: und | E19: 21.63 | F19: 12 | G19: =F19*$E19 -> 259.56 | H19: 12 | I19: 259.56 | J19: =IF(H19=0,"",H19/$F19) -> 1 | K19: =F19-H19 -> 0 | L19: =K19*$E19 -> 0 | M19: =IF(K19=0,"",K19/$F19) | N19: =F19-H19 -> 0
A20: '010110 | B20: LABOR - 010225 - 1 | C20: Retirada de bancada de pia | D20: m2 | E20: 25.96 | F20: 8.49 | G20: =F20*$E20 -> 220.4004 | H20: 8.49 | I20: 220.4004 | J20: =IF(H20=0,"",H20/$F20) -> 1 | K20: =F20-H20 -> 0 | L20: =K20*$E20 -> 0 | M20: =IF(K20=0,"",K20/$F20) | N20: =F20-H20 -> 0
A21: '010111 | B21: COMPOSIÇÃO - 2018.000244 | C21: Remoção de armários sob bancada, incl. elementos p/ fixação | D21: m2 | E21: 4.33 | F21: 29.67 | G21: =F21*$E21 -> 128.4711 | H21: 29.67 | I21: 128.4711 | J21: =IF(H21=0,"",H21/$F21) -> 1 | K21: =F21-H21 -> 0 | L21: =K21*$E21 -> 0 | M21: =IF(K21=0,"",K21/$F21) | N21: =F21-H21 -> 0
A22: '010112 | B22: LABOR - 010286 - 1 | C22: Demolição de divisória de granito | D22: m2 | E22: 15.47 | F22: 2.97 | G22: =F22*$E22 -> 45.9459 | H22: 2.97 | I22: 45.9459 | J22: =IF(H22=0,"",H22/$F22) -> 1 | K22: =F22-H22 -> 0 | L22: =K22*$E22 -> 0 | M22: =IF(K22=0,"",K22/$F22) | N22: =F22-H22 -> 0
A23: '010113 | B23: LABOR - 010215 - 1 | C23: Retirada de esquadrias metálicas | D23: m2 | E23: 1.46 | F23: 71.84 | G23: =F23*$E23 -> 104.8864 | H23: 71.84 | I23: 104.8864 | J23: =IF(H23=0,"",H23/$F23) -> 1 | K23: =F23-H23 -> 0 | L23: =K23*$E23 -> 0 | M23: =IF(K23=0,"",K23/$F23) | N23: =F23-H23 -> 0
A24: '010114 | B24: COMPOSIÇÃO - 2018.000241 | C24: Retirada de persianas | D24: m2 | E24: 4.61 | F24: 49.95 | G24: =F24*$E24 -> 230.2695 | H24: 49.95 | I24: 230.2695 | J24: =IF(H24=0,"",H24/$F24) -> 1 | K24: =F24-H24 -> 0 | L24: =K24*$E24 -> 0 | M24: =IF(K24=0,"",K24/$F24) | N24: =F24-H24 -> 0
A25: '010115 | B25: LABOR - 010214 - 1 | C25: Retirada de portas e janelas de madeira, inclusive batentes | D25: m2 | E25: 16.72 | F25: 53.55 | G25: =F25*$E25 -> 895.356 | H25: 53.55 | I25: 895.356 | J25: =IF(H25=0,"",H25/$F25) -> 1 | K25: =F25-H25 -> 0 | L25: =K25*$E25 -> 0 | M25: =IF(K25=0,"",K25/$F25) | N25: =F25-H25 -> 0
A26: '010116 | B26: LABOR - 010280 - 1 | C26: Remoção de cobertura em telha metálica, exclusive estrutura | D26: m2 | E26: 9.08 | F26: 408.64 | G26: =F26*$E26 -> 3710.4512 | H26: 408.64 | I26: 3710.4512 | J26: =IF(H26=0,"",H26/$F26) -> 1 | K26: =F26-H26 -> 0 | L26: =K26*$E26 -> 0 | M26: =IF(K26=0,"",K26/$F26) | N26: =F26-H26 -> 0
A27: '010117 | B27: COMPOSIÇÃO - 2018.000242 | C27: Remoção de estrutura metálica para telhado com retirada de solda e corte de peças por meio de lixadeira, sem reaproveitamento | D27: m2 | E27: 9.41 | F27: 408.64 | G27: =F27*$E27 -> 3845.3024 | H27: 408.7 | I27: 3845.867 | J27: =IF(H27=0,"",H27/$F27) -> 1.0001468 | K27: 0 | L27: =K27*$E27 -> 0 | M27: =IF(K27=0,"",K27/$F27) | N27: =F27-H27 -> -0.06
A28: '010118 | B28: LABOR - 010264 - 1 | C28: Demolição de piso granilite(Incluindo contrapiso) | D28: m2 | E28: 29.01 | F28: 158.78 | G28: =F28*$E28 -> 4606.2078 | H28: 158.78 | I28: 4606.2078 | J28: =IF(H28=0,"",H28/$F28) -> 1 | K28: =F28-H28 -> 0 | L28: =K28*$E28 -> 0 | M28: =IF(K28=0,"",K28/$F28) | N28: =F28-H28 -> 0
A29: '010119 | B29: LABOR - 010331 - 1 | C29: Demolição de piso, soleira, peitoris e escadas em mármore ou granito, exclusive regularização | D29: m2 | E29: 11.2 | F29: 114.02 | G29: =F29*$E29 -> 1277.024 | H29: 114.02 | I29: 1277.024 | J29: =IF(H29=0,"",H29/$F29) -> 1 | K29: =F29-H29 -> 0 | L29: =K29*$E29 -> 0 | M29: =IF(K29=0,"",K29/$F29) | N29: =F29-H29 -> 0
A30: '010120 | B30: LABOR - 010202 - 1 | C30: Demolição de piso revestido com cerâmica (Incluindo contrapiso) | D30: m2 | E30: 14.63 | F30: 406.93 | G30: =F30*$E30 -> 5953.3859 | H30: 406.93 | I30: 5953.3859 | J30: =IF(H30=0,"",H30/$F30) -> 1 | K30: =F30-H30 -> 0 | L30: =K30*$E30 -> 0 | M30: =IF(K30=0,"",K30/$F30) | N30: =F30-H30 -> 0
A31: '010121 | B31: LABOR - 010404 - 1 | C31: Corte e destocamento de árvores com diâmetro superior a 30 cm | D31: und | E31: 137.44 | F31: 1 | G31: =F31*$E31 -> 137.44 | H31: 1 | I31: 137.44 | J31: =IF(H31=0,"",H31/$F31) -> 1 | K31: =F31-H31 -> 0 | L31: =K31*$E31 -> 0 | M31: =IF(K31=0,"",K31/$F31) | N31: =F31-H31 -> 0
A32: '010122 | B32: COMPOSIÇÃO - 2018.000002 | C32: Corte e destocamento de árvores com diâmetro superior a 30 cm | D32: m | E32: 19.48 | F32: 7.8 | G32: =F32*$E32 -> 151.944 | H32: 7.8 | I32: 151.944 | J32: =IF(H32=0,"",H32/$F32) -> 1 | K32: =F32-H32 -> 0 | L32: =K32*$E32 -> 0 | M32: =IF(K32=0,"",K32/$F32) | N32: =F32-H32 -> 0
A33: '010123 | B33: COMPOSIÇÃO - 2018.000003 | C33: Retirada de corrimão, guarda-corpo e tubos metálicos, chumbados e/ou fixados em estrutura | D33: m | E33: 13.19 | F33: 15.6 | G33: =F33*$E33 -> 205.764 | H33: 15.6 | I33: 205.764 | J33: =IF(H33=0,"",H33/$F33) -> 1 | K33: =F33-H33 -> 0 | L33: =K33*$E33 -> 0 | M33: =IF(K33=0,"",K33/$F33) | N33: =F33-H33 -> 0
A34: '010124 | B34: COMPOSIÇÃO - 2018.000243 | C34: Remoção de caixa d´água de polietileno, inclusive tubulação de ligação | D34: und | E34: 297.25 | F34: 2 | G34: =F34*$E34 -> 594.5 | H34: 2 | I34: 594.5 | J34: =IF(H34=0,"",H34/$F34) -> 1 | K34: =F34-H34 -> 0 | L34: =K34*$E34 -> 0 | M34: =IF(K34=0,"",K34/$F34) | N34: =F34-H34 -> 0
A35: '010125 | B35: COMPOSIÇÃO - 2018.000245 | C35: Remoção de ar condicionado tipo Split (condensadoras, evaporadoras, rede frigorígena, recolhimento do gás com destinação adequada) | D35: und | E35: 42.25 | F35: 16 | G35: =F35*$E35 -> 676 | H35: 16 | I35: 676 | J35: =IF(H35=0,"",H35/$F35) -> 1 | K35: =F35-H35 -> 0 | L35: =K35*$E35 -> 0 | M35: =IF(K35=0,"",K35/$F35) | N35: =F35-H35 -> 0
A36: '010126 | B36: COMPOSIÇÃO - 2018.000259 | C36: Retirada de ventilador de teto | D36: und | E36: 45.8 | F36: 2 | G36: =F36*$E36 -> 91.6 | H36: 2 | I36: 91.6 | J36: =IF(H36=0,"",H36/$F36) -> 1 | K36: =F36-H36 -> 0 | L36: =K36*$E36 -> 0 | M36: =IF(K36=0,"",K36/$F36) | N36: =F36-H36 -> 0
A37: '010127 | B37: LABOR - 010266 - 1 | C37: Remoção de forro de gesso | D37: m2 | E37: 1.83 | F37: 351.35 | G37: =F37*$E37 -> 642.9705 | H37: 351.35 | I37: 642.9705 | J37: =IF(H37=0,"",H37/$F37) -> 1 | K37: =F37-H37 -> 0 | L37: =K37*$E37 -> 0 | M37: =IF(K37=0,"",K37/$F37) | N37: =F37-H37 -> 0
A38: 010128 | B38: LABOR - 010230 - 1 | C38: Retirada de pintura antiga a base de PVA | D38: m2 | E38: 6.72 | F38: 566.15 | G38: =F38*$E38 -> 3804.528 | H38: 566.146 | I38: 3804.5011 | J38: =IF(H38=0,"",H38/$F38) -> 0.99999293 | K38: =F38-H38 -> 0.004 | L38: 0 | M38: =IF(K38=0,"",K38/$F38) -> 7.0652654e-06 | N38: =F38-H38 -> 0.004
A39: '010129 | B39: LABOR - 010206 - 1 | C39: Demolição de revestimento com azulejos (Incluindo emboço) | D39: m2 | E39: 52.27 | F39: 466.23 | G39: =F39*$E39 -> 24369.842 | H39: 466.23 | I39: 24369.842 | J39: =IF(H39=0,"",H39/$F39) -> 1 | K39: =F39-H39 -> 0 | L39: =K39*$E39 -> 0 | M39: =IF(K39=0,"",K39/$F39) | N39: =F39-H39 -> 0
A40: '010130 | B40: SINAPI - 97640 - 50 | C40: Remoção de forros de drywall, pvc e fibromineral, de forma manual, sem reaproveitamento. af_12/2017 | D40: m2 | E40: 2.07 | F40: 135.77 | G40: =F40*$E40 -> 281.0439 | H40: 135.77 | I40: 281.0439 | J40: =IF(H40=0,"",H40/$F40) -> 1 | K40: =F40-H40 -> 0 | L40: =K40*$E40 -> 0 | M40: =IF(K40=0,"",K40/$F40) | N40: =F40-H40 -> 0
A41: '010131 | B41: COMPOSIÇÃO - 2018.000263 | C41: Desmontagem e retirada de redes de dutos de ar condicionado e grelhas de insuflamento existentes e desativados | D41: cj | E41: 447.17 | F41: 1 | G41: =F41*$E41 -> 447.17 | H41: 1 | I41: 447.17 | J41: =IF(H41=0,"",H41/$F41) -> 1 | K41: =F41-H41 -> 0 | L41: =K41*$E41 -> 0 | M41: =IF(K41=0,"",K41/$F41) | N41: =F41-H41 -> 0
A42: '010132 | B42: COMPOSIÇÃO - 2018.000264 | C42: Demolições e retiradas de eletrocalhas, pontos de elétricos em geral etc, instalações elétricas, telecomunicações. | D42: cj | E42: 5496.04 | F42: 1 | G42: =F42*$E42 -> 5496.04 | H42: 1 | I42: 5496.04 | J42: =IF(H42=0,"",H42/$F42) -> 1 | K42: =F42-H42 -> 0 | L42: =K42*$E42 -> 0 | M42: =IF(K42=0,"",K42/$F42) | N42: =F42-H42 -> 0
A43: 0102 | B43: LIMPEZA | G43: =G44 -> 6286.0204 | H43: 0 | I43: 6286.0204 | J43: =I43/$G43 -> 1 | K43: =F43-H43 -> 0 | L43: =L44 -> 0 | M43: =L43/$G43 -> 0 | N43: =F43-H43 -> 0
A44: '010201 | B44: DER-ES - EDIFICAÇÕES - 2018.000267 | C44: Limpeza geral das áreas internas após demolição da edificação a reformar. (Serviço a ser realizado após as demolições para dar início à construção) | D44: m2 | E44: 7.37 | F44: =708.62+144.3 -> 852.92 | G44: =F44*$E44 -> 6286.0204 | H44: 852.92 | I44: 6286.0204 | J44: =IF(H44=0,"",H44/$F44) -> 1 | K44: =F44-H44 -> 0 | L44: =K44*$E44 -> 0 | M44: =IF(K44=0,"",K44/$F44) | N44: =F44-H44 -> 0
A45: 0103 | B45: LOCAÇÃO | G45: =G46+G47 -> 37567.314 | H45: 0 | I45: 37567.314 | J45: =I45/$G45 -> 1 | K45: =F45-H45 -> 0 | L45: =L46+L47 -> 0 | M45: =L45/$G45 -> 0 | N45: =F45-H45 -> 0
A46: '010301 | B46: LABOR - 010501 - 2 | C46: Locação de obra com gabarito de madeira | D46: m2 | E46: 13.34 | F46: 986.13 | G46: =F46*$E46 -> 13154.974 | H46: 986.13 | I46: 13154.974 | J46: =IF(H46=0,"",H46/$F46) -> 1 | K46: =F46-H46 -> 0 | L46: =K46*$E46 -> 0 | M46: =IF(K46=0,"",K46/$F46) | N46: =F46-H46 -> 0
A47: '010302 | B47: LABOR - 010512 - 1 | C47: Equipe topográfica para serviços simples de locação e nivelamento (incluindo equipamento, transporte e profissionais nivel médio) | D47: mês | E47: 24412.34 | F47: 1 | G47: =F47*$E47 -> 24412.34 | H47: 1 | I47: 24412.34 | J47: =IF(H47=0,"",H47/$F47) -> 1 | K47: =F47-H47 -> 0 | L47: =K47*$E47 -> 0 | M47: =IF(K47=0,"",K47/$F47) | N47: =F47-H47 -> 0
A48: 0104 | B48: TRANSPORTES | G48: =G49+G50 -> 50349.935 | H48: 0 | I48: 50350.281 | J48: =I48/$G48 -> 1.0000069 | K48: =F48-H48 -> 0 | L48: =L49+L50 -> 0 | M48: =L48/$G48 -> 0 | N48: =F48-H48 -> 0
A49: '010401 | B49: SINAPI - 100947 - 20 | C49: Transporte com caminhão carroceria 9t, em via urbana pavimentada, dmt até 30km (unidade: txkm). af_07/2020 | D49: txkm | E49: 2.31 | F49: 156.3 | G49: =F49*$E49 -> 361.053 | H49: 156.45 | I49: 361.3995 | J49: =IF(H49=0,"",H49/$F49) -> 1.0009597 | K49: 0 | L49: =K49*$E49 -> 0 | M49: =IF(K49=0,"",K49/$F49) | N49: =F49-H49 -> -0.15
A50: '010402 | B50: LABOR - 030304 - 2 | C50: Índice de preço para remoção de entulho decorrente da execução de obras (Classe A CONAMA - NBR 10.004 - Classe II-B), incluindo aluguel da caçamba, carga, transporte e descarga em área licenciada | D50: m3 | E50: 81.76 | F50: =588.34+23.07 -> 611.41 | G50: =F50*$E50 -> 49988.882 | H50: 611.41 | I50: 49988.882 | J50: =IF(H50=0,"",H50/$F50) -> 1 | K50: =F50-H50 -> 0 | L50: =K50*$E50 -> 0 | M50: =IF(K50=0,"",K50/$F50) | N50: =F50-H50 -> 0
A51: 02 | B51: INSTALAÇÃO DO CANTEIRO DE OBRAS | G51: =G52+G57+G70+G74 -> 257432.29 | I51: 230955.05 | J51: =I51/$G51 -> 0.89714872 | K51: =F51-H51 -> 0 | L51: =L52+L57+L70+L74 -> 26477.24 | M51: =L51/$G51 -> 0.10285128 | N51: =F51-H51 -> 0
A52: 0201 | B52: PLACA DE OBRA E TAPUME | G52: =SUM(G53:G56) -> 24604.659 | H52: 0 | I52: 24604.659 | J52: =I52/$G52 -> 1 | K52: =F52-H52 -> 0 | L52: =SUM(L53:L56) -> 0 | M52: =L52/$G52 -> 0 | N52: =F52-H52 -> 0
A53: '020101 | B53: LABOR - 020305 - 3 | C53: Placa de obra nas dimensões de 2.0 x 4.0 m, padrão DER | D53: m2 | E53: 349.99 | F53: 8 | G53: =F53*$E53 -> 2799.92 | H53: 8 | I53: 2799.92 | J53: =IF(H53=0,"",H53/$F53) -> 1 | K53: =F53-H53 -> 0 | L53: =K53*$E53 -> 0 | M53: =IF(K53=0,"",K53/$F53) | N53: =F53-H53 -> 0
A54: '020102 | B54: LABOR - 020350 - 3 | C54: Tapume Telha Metálica Ondulada em aço galvalume 0,50mm Branca h=2,20m, incl. montagem estr. mad. 8"x8", c/adesivo "DER-ES" 60x60cm a cada 10m, incl. faixas pint. esmalte sint. cores azul c/ h=30cm e rosa c/ h=10cm (Reaproveitamento 2x) | D54: m | E54: 270.83 | F54: =50.18+11.92 -> 62.1 | G54: =F54*$E54 -> 16818.543 | H54: 62.1 | I54: 16818.543 | J54: =IF(H54=0,"",H54/$F54) -> 1 | K54: =F54-H54 -> 0 | L54: =K54*$E54 -> 0 | M54: =IF(K54=0,"",K54/$F54) | N54: =F54-H54 -> 0
A55: '020103 | B55: COMPOSIÇÃO - 2018.000237 | C55: Retirada e recolocação de tapume em telha metálica h=2,20m, incl. recomposição do requadro em estrutura de madeira e acessórios de fixação, exclusive telhas | D55: m | E55: 147.67 | F55: 30.05 | G55: =F55*$E55 -> 4437.4835 | H55: 30.05 | I55: 4437.4835 | J55: =IF(H55=0,"",H55/$F55) -> 1 | K55: =F55-H55 -> 0 | L55: =K55*$E55 -> 0 | M55: =IF(K55=0,"",K55/$F55) | N55: =F55-H55 -> 0
A56: '020104 | B56: LABOR - 280510 - 1 | C56: Cercas de isolamento cor laranja, h=1.20m, fixada em pontaletes de madeira e base em concreto a cada 3m (considerando 2 utilizações) | D56: m | E56: 9.13 | F56: 60.1 | G56: =F56*$E56 -> 548.713 | H56: 60.1 | I56: 548.713 | J56: =IF(H56=0,"",H56/$F56) -> 1 | K56: =F56-H56 -> 0 | L56: =K56*$E56 -> 0 | M56: =IF(K56=0,"",K56/$F56) | N56: =F56-H56 -> 0
A57: '0202 | B57: INSTALAÇÃO DE CANTEIRO DE OBRAS | G57: =SUM(G58:G69) -> 164411.68 | H57: 0 | I57: 138891.33 | J57: =I57/$G57 -> 0.8447777 | K57: =F57-H57 -> 0 | L57: =SUM(L58:L69) -> 25520.36 | M57: =L57/$G57 -> 0.1552223 | N57: =F57-H57 -> 0
A58: '020201 | B58: LABOR - 020355 - 1 | C58: Aluguel mensal container sanitário, incl porta, básc, 2 ptos luz, 1 pto aterram., 3vasos, 3lavatórios, calha mictório, 6 chuveiros (1 eletrico), torn.,registros, piso comp. Naval pintado, cert NR18 e laudo descontaminação (Sanitário / Vestiário) | D58: ms | E58: 1342.61 | F58: =14+11 -> 25 | G58: =F58*$E58 -> 33565.25 | H58: 19 | I58: 25509.59 | J58: =IF(H58=0,"",H58/$F58) -> 0.76 | K58: =F58-H58 -> 6 | L58: =K58*$E58 -> 8055.66 | M58: =IF(K58=0,"",K58/$F58) -> 0.24 | N58: =F58-H58 -> 6
A59: '020202 | B59: LABOR - 020356 - 1 | C59: Aluguel mensal container para almoxarifado, incl. porta, 2 janelas, 1 pt iluminação, Isolamento térmico (teto), piso em comp. Naval pintado, cert. NR18, incl. laudo descontaminação. | D59: ms | E59: 922.5 | F59: =14+11 -> 25 | G59: =F59*$E59 -> 23062.5 | H59: 20 | I59: 18450 | J59: =IF(H59=0,"",H59/$F59) -> 0.8 | K59: =F59-H59 -> 5 | L59: =K59*$E59 -> 4612.5 | M59: =IF(K59=0,"",K59/$F59) -> 0.2 | N59: =F59-H59 -> 5
A60: '020203 | B60: LABOR - 020343 - 3 | C60: Aluguel mensal container para escritório, sem banheiro, dim. 6.00x2.40m, incl. porta, 2 janelas, abert p/ ar cond., 2 pt iluminação, 2 tomadas elét. e 1 tomada telef. Isolamento térmico (teto e paredes), piso em comp. Naval, cert. NR18, incl. laudo descontaminação. | D60: mês | E60: 1271.14 | F60: =14+11 -> 25 | G60: =F60*$E60 -> 31778.5 | H60: 20 | I60: 25422.8 | J60: =IF(H60=0,"",H60/$F60) -> 0.8 | K60: =F60-H60 -> 5 | L60: =K60*$E60 -> 6355.7 | M60: =IF(K60=0,"",K60/$F60) -> 0.2 | N60: =F60-H60 -> 5
A61: '020204 | B61: LABOR - 020353 - 1 | C61: Aluguel mensal container para refeitorio, incl. porta, 2 janelas, abert p/ ar cond., 2 pt iluminação, 2 tomadas elét. e 1 tomada telef. Isolamento térmico (paredes e teto), piso em comp. Naval pintado, cert. NR18, incl. laudo descontaminação. | D61: ms | E61: 1299.3 | F61: =14+11 -> 25 | G61: =F61*$E61 -> 32482.5 | H61: 20 | I61: 25986 | J61: =IF(H61=0,"",H61/$F61) -> 0.8 | K61: =F61-H61 -> 5 | L61: =K61*$E61 -> 6496.5 | M61: =IF(K61=0,"",K61/$F61) -> 0.2 | N61: =F61-H61 -> 5
A62: 020205 | B62: LABOR - 020344 - 2 | C62: Mobilização e desmobilização de conteiner locado para barracão de obra | D62: und | E62: 1819.02 | F62: 4 | G62: =F62*$E62 -> 7276.08 | H62: 4 | I62: 7276.08 | J62: =IF(H62=0,"",H62/$F62) -> 1 | K62: =F62-H62 -> 0 | L62: =K62*$E62 -> 0 | M62: =IF(K62=0,"",K62/$F62) | N62: =F62-H62 -> 0
A63: '020206 | B63: LABOR - 020712 - 1 | C63: Rede de água com padrão de entrada d'água diâm. 3/4", conf. espec. CESAN, incl. tubos e conexões para alimentação, distribuição, extravasor e limpeza, cons. o padrão a 25m, conf. projeto (1 utilização) | D63: m | E63: 61.83 | F63: 25 | G63: =F63*$E63 -> 1545.75 | H63: 25 | I63: 1545.75 | J63: =IF(H63=0,"",H63/$F63) -> 1 | K63: =F63-H63 -> 0 | L63: =K63*$E63 -> 0 | M63: =IF(K63=0,"",K63/$F63) | N63: =F63-H63 -> 0
A64: '020207 | B64: LABOR - 020713 - 2 | C64: Rede de luz, incl. padrão entrada de energia trifás., cabo de ligação até barracões, quadro de distrib., disj. e chave de força (quando necessário), cons. 20m entre padrão entrada e QDG, conf. projeto (1 utilização) | D64: m | E64: 846.42 | F64: 20 | G64: =F64*$E64 -> 16928.4 | H64: 20 | I64: 16928.4 | J64: =IF(H64=0,"",H64/$F64) -> 1 | K64: =F64-H64 -> 0 | L64: =K64*$E64 -> 0 | M64: =IF(K64=0,"",K64/$F64) | N64: =F64-H64 -> 0
A65: '020208 | B65: COMPOSIÇÃO - 2018.000273 | C65: Rede de esgoto, inclusive tubos e conexões de ligação entre caixas, considerando distância de 15m, conforme projeto (1 utilização) | D65: m | E65: 298.92 | F65: 15 | G65: =F65*$E65 -> 4483.8 | H65: 15 | I65: 4483.8 | J65: =IF(H65=0,"",H65/$F65) -> 1 | K65: =F65-H65 -> 0 | L65: =K65*$E65 -> 0 | M65: =IF(K65=0,"",K65/$F65) | N65: =F65-H65 -> 0
A66: '020209 | B66: LABOR - 020710 - 2 | C66: Reservatório de poliestileno de 500L, incl. suporte em madeira de 7x12cm e 5x7cm, elevado de 4m, conf. projeto (1 utilização) | D66: und | E66: 3534.72 | F66: 1 | G66: =F66*$E66 -> 3534.72 | H66: 1 | I66: 3534.72 | J66: =IF(H66=0,"",H66/$F66) -> 1 | K66: =F66-H66 -> 0 | L66: =K66*$E66 -> 0 | M66: =IF(K66=0,"",K66/$F66) | N66: =F66-H66 -> 0
A67: '020210 | B67: LABOR - 020808 - 2 | C67: Galpão para serraria e carpintaria área 12.00m2, em peças de madeira 8x8cm e contraventamento de 5x7cm, cobertura de telhas de fibroc. de 6mm, inclusive ponto e cabo de alimentação da máquina, conf. projeto (2 utilizações) | D67: m2 | E67: 193.82 | F67: 12 | G67: =F67*$E67 -> 2325.84 | H67: 12 | I67: 2325.84 | J67: =IF(H67=0,"",H67/$F67) -> 1 | K67: =F67-H67 -> 0 | L67: =K67*$E67 -> 0 | M67: =IF(K67=0,"",K67/$F67) | N67: =F67-H67 -> 0
A68: '020211 | B68: LABOR - 020809 - 2 | C68: Galpão para corte e armação com área de 6.00m2, de peças de madeira 8x8cm e contraventamento de 5x7cm, cobertura de telhas de fibroc. de 6mm, inclusive ponto e cabo de alimentação da máquina, conf. projeto (2 utilizações) | D68: m2 | E68: 260.6 | F68: 6 | G68: =F68*$E68 -> 1563.6 | H68: 6 | I68: 1563.6 | J68: =IF(H68=0,"",H68/$F68) -> 1 | K68: =F68-H68 -> 0 | L68: =K68*$E68 -> 0 | M68: =IF(K68=0,"",K68/$F68) | N68: =F68-H68 -> 0
A69: '020212 | B69: LABOR - 020803 - 2 | C69: Barracão para depósito de cimento área de 10.90m2, de chapa de compensado 12mm e pontaletes 8x8cm, piso cimentado e cobertura de telhas de fibrocimento de 6mm, inclusive ponto de luz, conf. projeto (2 utilizações) | D69: m2 | E69: 538.05 | F69: 10.9 | G69: =F69*$E69 -> 5864.745 | H69: 10.9 | I69: 5864.745 | J69: =IF(H69=0,"",H69/$F69) -> 1 | K69: =F69-H69 -> 0 | L69: =K69*$E69 -> 0 | M69: =IF(K69=0,"",K69/$F69) | N69: =F69-H69 -> 0
A70: 0203 | B70: ANDAIMES | G70: =G71+G72+G73 -> 66634.745 | H70: 0 | I70: 65677.864 | J70: =I70/$G70 -> 0.98563992 | K70: =F70-H70 -> 0 | L70: =L71+L72+L73 -> 956.88 | M70: =L70/$G70 -> 0.014360076 | N70: =F70-H70 -> 0
A71: '020301 | B71: LABOR - 020346 - 1 | C71: Locação de andaime metálico para fachada - tipo torre (aluguel mensal) | D71: m | E71: 16.68 | F71: =288+384 -> 672 | G71: =F71*$E71 -> 11208.96 | H71: 672 | I71: 11208.96 | J71: =IF(H71=0,"",H71/$F71) -> 1 | K71: =F71-H71 -> 0 | L71: =K71*$E71 -> 0 | M71: =IF(K71=0,"",K71/$F71) | N71: =F71-H71 -> 0
A72: 020302 | B72: LABOR - 020339 - 1 | C72: Locação de andaime metálico para trabalho em fachada de edifíco (aluguel de 1 m² por 1 mês) inclusive frete, montagem e desmontagem | D72: m2 | E72: 26.58 | F72: 1039.65 | G72: =F72*$E72 -> 27633.897 | H72: 1003.65 | I72: 26677.017 | J72: =IF(H72=0,"",H72/$F72) -> 0.96537296 | K72: =F72-H72 -> 36 | L72: =K72*$E72 -> 956.88 | M72: =IF(K72=0,"",K72/$F72) -> 0.034627038 | N72: =F72-H72 -> 36
A73: '020303 | B73: LABOR - 020348 - 3 | C73: Fornecimento e instalação de proteção para andaime fachadeiro considerando plataforma, rodapé e guarda-corpo em madeira, inclusive entelamento, conforme NR-18 (medido por m2 de fachada) | D73: m2 | E73: 30.65 | F73: 906.75 | G73: =F73*$E73 -> 27791.887 | H73: 906.75 | I73: 27791.887 | J73: =IF(H73=0,"",H73/$F73) -> 1 | K73: =F73-H73 -> 0 | L73: =K73*$E73 -> 0 | M73: =IF(K73=0,"",K73/$F73) | N73: =F73-H73 -> 0
A74: 0204 | B74: DIVERSOS | G74: =G75+G76 -> 1781.2 | H74: 0 | I74: 1781.2 | J74: =I74/$G74 -> 1 | K74: =F74-H74 -> 0 | L74: =L75+L76 -> 0 | M74: =L74/$G74 -> 0 | N74: =F74-H74 -> 0
A75: '020401 | B75: LABOR - 280502 - 2 | C75: Cavalete de madeira de lei para sinalização, inclusive pintura em esmalte sintético fosco, fundo amarelo e inscrição "TRECHO EM OBRA" na cor preta, comprimento de 1,50m e altura de 1,00m | D75: und | E75: 422.84 | F75: 4 | G75: =F75*$E75 -> 1691.36 | H75: 4 | I75: 1691.36 | J75: =IF(H75=0,"",H75/$F75) -> 1 | K75: =F75-H75 -> 0 | L75: =K75*$E75 -> 0 | M75: =IF(K75=0,"",K75/$F75) | N75: =F75-H75 -> 0
A76: '020402 | B76: LABOR - 280506 - 1 | C76: Cone sinalizador de PVC H = 75cm (com uma reutilização) | D76: und | E76: 22.46 | F76: 4 | G76: =F76*$E76 -> 89.84 | H76: 4 | I76: 89.84 | J76: =IF(H76=0,"",H76/$F76) -> 1 | K76: =F76-H76 -> 0 | L76: =K76*$E76 -> 0 | M76: =IF(K76=0,"",K76/$F76) | N76: =F76-H76 -> 0
A77: '03 | B77: MOVIMENTO DE TERRA | G77: =G80+G83+G78 -> 88604.84 | I77: 89070.817 | J77: =I77/$G77 -> 1.005259 | K77: =F77-H77 -> 0 | L77: =L80+L83+L78 -> 0 | M77: =L77/$G77 -> 0 | N77: =F77-H77 -> 0
A78: '0301 | B78: ESCAVAÇÕES | G78: =G79 -> 12884.978 | H78: 0 | I78: 13350.776 | J78: =I78/$G78 -> 1.0361504 | K78: =F78-H78 -> 0 | L78: =L79 -> 0 | M78: =L78/$G78 -> 0 | N78: =F78-H78 -> 0
A79: 030101 | B79: LABOR - 030101 - 1 | C79: Escavação manual em material de 1a. categoria, até 1.50 m de profundidade | D79: m3 | E79: 59.88 | F79: 215.18 | G79: =F79*$E79 -> 12884.978 | H79: 222.95885 | I79: 13350.776 | J79: =IF(H79=0,"",H79/$F79) -> 1.0361504 | K79: 0 | L79: =K79*$E79 -> 0 | M79: =IF(K79=0,"",K79/$F79) | N79: =F79-H79 -> -7.77885
A80: '0302 | B80: REATERRO E COMPACTAÇÃO | G80: =G81+G82 -> 59997.342 | H80: 0 | I80: 59997.521 | J80: =I80/$G80 -> 1.000003 | K80: =F80-H80 -> 0 | L80: =L81+L82 -> 0 | M80: =L80/$G80 -> 0 | N80: =F80-H80 -> 0
A81: 030201 | B81: LABOR - 030206 - 2 | C81: Aterro manual para regularização do terreno em areia, inclusive adensamento hidráulico e fornecimento do material (máximo de 100m3) | D81: m3 | E81: 198.96 | F81: =177.61+47.09 -> 224.7 | G81: =F81*$E81 -> 44706.312 | H81: 224.7009 | I81: 44706.491 | J81: =IF(H81=0,"",H81/$F81) -> 1.000004 | K81: 0 | L81: =K81*$E81 -> 0 | M81: =IF(K81=0,"",K81/$F81) | N81: =F81-H81 -> -0.0009
A82: 030202 | B82: LABOR - 030209 - 1 | C82: Aterro com areia em áreas de calçada, inclusive fornecimento e adensamento | D82: m3 | E82: 172.78 | F82: 88.5 | G82: =F82*$E82 -> 15291.03 | H82: 88.5 | I82: 15291.03 | J82: =IF(H82=0,"",H82/$F82) -> 1 | K82: =F82-H82 -> 0 | L82: =K82*$E82 -> 0 | M82: =IF(K82=0,"",K82/$F82) | N82: =F82-H82 -> 0
A83: '0303 | B83: ESGOTAMENTO DE VALAS | G83: =G84 -> 15722.52 | H83: 0 | I83: 15722.52 | J83: =I83/$G83 -> 1 | K83: =F83-H83 -> 0 | L83: =L84 -> 0 | M83: =L83/$G83 -> 0 | N83: =F83-H83 -> 0
A84: '030301 | B84: COMPOSIÇÃO - 2018.000228 | C84: Esgotamento com moto-bomba autoescovante, inclusive tubulação flexível para lançamento nos bueiros existentes (undxmês) | D84: und | E84: 3930.63 | F84: 4 | G84: =F84*$E84 -> 15722.52 | H84: 4 | I84: 15722.52 | J84: =IF(H84=0,"",H84/$F84) -> 1 | K84: =F84-H84 -> 0 | L84: =K84*$E84 -> 0 | M84: =IF(K84=0,"",K84/$F84) | N84: =F84-H84 -> 0
A85: 04 | B85: ESTRUTURAS | G85: =G86+G94+G101+G103+G106+G110+G113 -> 605624.3 | H85: 0 | I85: 610218.11 | J85: =I85/$G85 -> 1.0075852 | K85: =F85-H85 -> 0 | L85: =L86+L94+L101+L103+L106+L110+L113 -> -4586.4572 | M85: =L85/$G85 -> -0.0075731063 | N85: =F85-H85 -> 0
A86: 0401 | B86: INFRA-ESTRUTURA (FUNDAÇÃO) | G86: =SUM(G87:G93) -> 147905.58 | H86: 0 | I86: 152660.99 | J86: =I86/$G86 -> 1.0321516 | K86: =F86-H86 -> 0 | L86: =SUM(L87:L93) -> -4757.5696 | M86: =L86/$G86 -> -0.032166261 | N86: =F86-H86 -> 0
A87: '040101 | B87: LABOR - 040238 - 2 | C87: Fôrma de chapa compensada resinada 12mm, levando-se em conta a utilização 3 vezes (incluido o material, corte, montagem, escoramento e desfôrma) | D87: m2 | E87: 115.16 | F87: =270.63+4.83 -> 275.46 | G87: =F87*$E87 -> 31721.974 | H87: 290.816 | I87: 33490.371 | J87: =IF(H87=0,"",H87/$F87) -> 1.0557468 | K87: =F87-H87 -> -15.356 | L87: =K87*$E87 -> -1768.397 | M87: =IF(K87=0,"",K87/$F87) -> -0.055746751 | N87: =F87-H87 -> -15.356 | Q87: =H87-N87 -> 306.172
A88: '040102 | B88: LABOR - 040246 - 1 | C88: Fornecimento, dobragem e colocação em fôrma, de armadura CA-60 B fina, diâmetro de 4.0 a 7.0mm | D88: kg | E88: 16.03 | F88: =1256.09+96.23 -> 1352.32 | G88: =F88*$E88 -> 21677.69 | H88: 1361.8819 | I88: 21830.967 | J88: =IF(H88=0,"",H88/$F88) -> 1.0070707 | K88: =F88-H88 -> -9.56191 | L88: =K88*$E88 -> -153.27742 | M88: =IF(K88=0,"",K88/$F88) -> -0.0070707451 | N88: =F88-H88 -> -9.56191
A89: '040103 | B89: LABOR - 040243 - 1 | C89: Fornecimento, dobragem e colocação em fôrma, de armadura CA-50 A média, diâmetro de 6.3 a 10.0 mm | D89: kg | E89: 13.93 | F89: 1884.66 | G89: =F89*$E89 -> 26253.314 | H89: 2088.2419 | I89: 29089.209 | J89: =IF(H89=0,"",H89/$F89) -> 1.1080205 | K89: =F89-H89 -> -203.58185 | L89: =K89*$E89 -> -2835.8952 | M89: =IF(K89=0,"",K89/$F89) -> -0.10802047 | N89: =F89-H89 -> -203.58185
A90: '040104 | B90: LABOR - 040245 - 1 | C90: Fornecimento, dobragem e colocação em fôrma, de armadura CA-50 A grossa diâmetro de 12.5 a 25.0 mm (1/2 a 1") | D90: kg | E90: 14.73 | F90: =899.84+7.32 -> 907.16 | G90: =F90*$E90 -> 13362.467 | H90: 907.16 | I90: 13362.467 | J90: =IF(H90=0,"",H90/$F90) -> 1 | K90: =F90-H90 -> 0 | L90: =K90*$E90 -> 0 | M90: =IF(K90=0,"",K90/$F90) | N90: =F90-H90 -> 0
A91: 040105 | B91: LABOR - 040253 - 1 | C91: Fornecimento e aplicação de concreto USINADO Fck=30 MPa - considerando lançamento MANUAL para INFRA-ESTRUTURA (5% de perdas já incluído no custo) | D91: m3 | E91: 709.12 | F91: =62.68+4.67 -> 67.35 | G91: =F91*$E91 -> 47759.232 | H91: 67.347 | I91: 47757.105 | J91: =IF(H91=0,"",H91/$F91) -> 0.99995546 | K91: 0 | L91: =K91*$E91 -> 0 | M91: =IF(K91=0,"",K91/$F91) | N91: =F91-H91 -> 0.003
A92: '040106 | B92: LABOR - 040231 - 1 | C92: Fornecimento, preparo e aplicação de concreto magro com consumo mínimo de cimento de 250 kg/m3 (brita 1 e 2) - (5% de perdas já incluído no custo) | D92: m3 | E92: 716.24 | F92: 8.76 | G92: =F92*$E92 -> 6274.2624 | H92: 8.75995 | I92: 6274.2266 | J92: =IF(H92=0,"",H92/$F92) -> 0.99999429 | K92: 0 | L92: =K92*$E92 -> 0 | M92: =IF(K92=0,"",K92/$F92) | N92: =F92-H92 -> 5e-05
A93: '040107 | B93: COMPOSIÇÃO - 2018.000229 | C93: Fornecimento/instalação lona plástica preta, espessura 150 micras | D93: m2 | E93: 5.26 | F93: =144.73+18.13 -> 162.86 | G93: =F93*$E93 -> 856.6436 | H93: 162.86 | I93: 856.6436 | J93: =IF(H93=0,"",H93/$F93) -> 1 | K93: =F93-H93 -> 0 | L93: =K93*$E93 -> 0 | M93: =IF(K93=0,"",K93/$F93) | N93: =F93-H93 -> 0
A94: 0402 | B94: SUPER-ESTRUTURA | G94: =SUM(G95:G100) -> 212600.39 | H94: 0 | I94: 212608.77 | J94: =I94/$G94 -> 1.0000394 | K94: =F94-H94 -> 0 | L94: =SUM(L95:L100) -> 0 | M94: =L94/$G94 -> 0 | N94: =F94-H94 -> 0
A95: 040201 | B95: LABOR - 040337 - 2 | C95: Fôrma em chapa de madeira compensada plastificada 12mm para estrutura em geral, 5 reaproveitamentos, reforçada com sarrafos de madeira 2.5x10cm (incl material, corte, montagem, escoras em eucalipto e desforma) | D95: m2 | E95: 135.39 | F95: =669.36+12.92 -> 682.28 | G95: =F95*$E95 -> 92373.889 | H95: 682.2837 | I95: 92374.39 | J95: =IF(H95=0,"",H95/$F95) -> 1.0000054 | K95: 0 | L95: =K95*$E95 -> 0 | M95: =IF(K95=0,"",K95/$F95) | N95: =F95-H95 -> -0.0037
A96: 040202 | B96: LABOR - 040333 - 1 | C96: Fornecimento, dobragem e colocação em fôrma, de armadura CA-60 B fina, diâmetro de 4.0 a 7.0mm | D96: kg | E96: 16.03 | F96: =582.77+59.76 -> 642.53 | G96: =F96*$E96 -> 10299.756 | H96: 642.525 | I96: 10299.676 | J96: =IF(H96=0,"",H96/$F96) -> 0.99999222 | K96: 0 | L96: =K96*$E96 -> 0 | M96: =IF(K96=0,"",K96/$F96) | N96: =F96-H96 -> 0.005
A97: '040203 | B97: LABOR - 040328 - 1 | C97: Fornecimento, dobragem e colocação em fôrma, de armadura CA-50 A média, diâmetro de 6.3 a 10.0 mm | D97: kg | E97: 13.93 | F97: 2011.57 | G97: =F97*$E97 -> 28021.17 | H97: 2011.57 | I97: 28021.17 | J97: =IF(H97=0,"",H97/$F97) -> 1 | K97: =F97-H97 -> 0 | L97: =K97*$E97 -> 0 | M97: =IF(K97=0,"",K97/$F97) | N97: =F97-H97 -> 0
A98: '040204 | B98: LABOR - 040332 - 1 | C98: Fornecimento, dobragem e colocação em fôrma, de armadura CA-50 A grossa, diâmetro de 12.5 a 25.0mm | D98: kg | E98: 14.73 | F98: =2126.94+554 -> 2680.94 | G98: =F98*$E98 -> 39490.246 | H98: 2680.94 | I98: 39490.246 | J98: =IF(H98=0,"",H98/$F98) -> 1 | K98: =F98-H98 -> 0 | L98: =K98*$E98 -> 0 | M98: =IF(K98=0,"",K98/$F98) | N98: =F98-H98 -> 0
A99: 040205 | B99: LABOR - 040331 - 1 | C99: Fornecimento e aplicação de concreto USINADO Fck=30 MPa - considerando BOMBEAMENTO (5% de perdas já incluído no custo) (6% de taxa p/ concr. bombeavel) | D99: m3 | E99: 633.56 | F99: 55.84 | G99: =F99*$E99 -> 35377.99 | H99: 55.842535 | I99: 35379.596 | J99: =IF(H99=0,"",H99/$F99) -> 1.0000454 | K99: 0 | L99: =K99*$E99 -> 0 | M99: =IF(K99=0,"",K99/$F99) | N99: =F99-H99 -> -0.002535
A100: '040206 | B100: LABOR - 040817 - 1 | C100: Fornecimento e lançamento de concreto para grouteamento com adição de pedrisco (50% em peso), utilizando Sikagrout ou produto equivalente, exclusive forma | D100: m3 | E100: 4291.06 | F100: 1.64 | G100: =F100*$E100 -> 7037.3384 | H100: 1.64148 | I100: 7043.6892 | J100: =IF(H100=0,"",H100/$F100) -> 1.0009024 | K100: 0 | L100: =K100*$E100 -> 0 | M100: =IF(K100=0,"",K100/$F100) | N100: =F100-H100 -> -0.00148
...

Sheet MEMÓRIA 27ª medição
A1: MEMÓRIA DE CÁLCULO
A3: REFORMA, ADEQUAÇÃO E AMPLIAÇÃO DA 1ª DELEGACIA REGIONAL DE VITORIA/ES
A5: Vitória, 05 de Junho de 2024.
A6: Cliente | B6: Valor atual | C6: Base | D6: Municipio | E6: Tipo de Obra | F6: Mês | G6: Med | H6: Contratada | J6: Contrato | K6: O/S | L6: Data Início | M6: Término | N6: Prazo
A7: PC-ES | B7: 4627849.6 | C7: 44593 | D7: Vitória | E7: Reforma | F7: 01/12/2024 - 31/12/2024 | G7: 17ª | H7: VILLA CONSTRUTORA | J7: 009/2023 | K7: 008/2023 | L7: 45103 | M7: =L7+N7 -> 45523 | N7: =14*30 -> 420
A8: ITEM | B8: DESCRIÇÃO | K8: UND | L8: Quant. Contratada | N8: Saldo atual
A10: PLANILHA
A12: 010101 | B12: Demolição de alvenaria | K12: m³ | L12: =95.05+21.39 -> 116.44 | N12: 0
D13: x | E13: y | F13: z | G13: w | H13: TOTAL
D14: Comp. (m) | E14: Altura (m) | F14: Larg ( m) | G14: Qtd ( unid)
A15: 1ª medição | B15: 1º Pavimento:
B16: Repouso | D16: 15.49 | E16: 2.7 | F16: 0.15 | G16: 1 | H16: =D16*E16*G16*F16 -> 6.27345
B17: Sala detentos/armários circulação | D17: 16.89 | E17: 2.7 | F17: 0.15 | G17: 1 | H17: =D17*E17*G17*F17 -> 6.84045
B18: Apoio/ Circulação | D18: 1.5 | E18: 2.7 | F18: 0.15 | G18: 1 | H18: =D18*E18*G18*F18 -> 0.6075
B19: Apoio/ Vestiário/sala delegado | D19: 12.74 | E19: 2.7 | F19: 0.15 | G19: 1 | H19: =D19*E19*G19*F19 -> 5.1597
B20: Vestiário/fachada | D20: 1.5 | E20: 2.7 | F20: 0.25 | G20: 1 | H20: =D20*E20*G20*F20 -> 1.0125
D21: 1.3 | E21: 2.7 | F21: 0.15 | G21: 1 | H21: =D21*E21*G21*F21 -> 0.5265
B22: Recepção/patio coberto / circulação | D22: 4.77 | E22: 2.7 | F22: 0.15 | G22: 1 | H22: =D22*E22*G22*F22 -> 1.93185
B23: Recepção/balcão | D23: 7.4 | E23: 1.1 | F23: 0.15 | G23: 1 | H23: =D23*E23*G23*F23 -> 1.221
B24: 2º Pavimento:
B25: Salas 01/escada | D25: 3.12 | E25: 1.2 | F25: 0.15 | G25: 1 | H25: =D25*E25*G25*F25 -> 0.5616
B26: Salas 01/Fachada frontal | D26: 2.22 | E26: 1.2 | F26: 0.15 | G26: 1 | H26: =D26*E26*G26*F26 -> 0.3996
B27: Copa /Circulação | D27: 1.4 | E27: 2.7 | F27: 0.3 | G27: 1 | H27: =D27*E27*G27*F27 -> 1.134
B28: Copa/vestiários / sala 9 | D28: 4.14 | E28: 2.7 | F28: 0.15 | G28: 1 | H28: =D28*E28*G28*F28 -> 1.6767
B29: Circulação/sala 09 | D29: 0.6 | E29: 2.7 | F29: 0.15 | G29: 1 | H29: =D29*E29*G29*F29 -> 0.243
B30: WC Masc/Fem com cicrlações e sala 03 | D30: 8.72 | E30: 2.7 | F30: 0.2 | G30: 1 | H30: =D30*E30*G30*F30 -> 4.7088
B31: WC x sala 08 x tanque | D31: 6.15 | E31: 2.7 | F31: 0.15 | G31: 1 | H31: =D31*E31*G31*F31 -> 2.49075
B32: Vazio x novas básculas | D32: 0.9 | E32: 0.7 | F32: 0.15 | G32: 1 | H32: =D32*E32*G32*F32 -> 0.0945
B33: Cobertura:
B34: Platibanda telhado (hmédia = 1,85m) - Lado direito | D34: =2.83+0.5+12.39+7.95 -> 23.67 | E34: 1.85 | F34: 0.15 | G34: 1 | H34: =D34*E34*G34*F34 -> 6.568425
A36: 2ª medição | B36: Muro/Divisa fundos e lado direito do predio de 1 pavimento
B37: Demolição de muro existente | D37: 26.8 | E37: 5.83 | F37: 0.15 | G37: 1 | H37: =D37*E37*F37*G37 -> 23.4366
B38: 1º Pavimento:
B39: Lixo | D39: 3.17 | E39: 3 | F39: 0.15 | G39: 1 | H39: =D39*E39*F39*G39 -> 1.4265
B40: WC FEM / Circulação | D40: 6.39 | E40: 2.7 | F40: 0.15 | G40: 1 | H40: =D40*E40*F40*G40 -> 2.58795
B41: 2º Pavimento:
B42: Platibanda telhado (hmédia = 1,85m) | D42: 65.85 | E42: 1.85 | F42: 0.15 | G42: 1 | H42: =D42*E42*F42*G42 -> 18.273375
B43: Caixa d'água | D43: 20.2 | E43: 3.1 | F43: 0.15 | G43: 1 | H43: =D43*E43*F43*G43 -> 9.393
D44: 12.4 | E44: 1.5 | F44: 0.3 | G44: 1 | H44: =D44*E44*F44*G44 -> 5.58
A45: 19ª medição | B45: Térreo
B46: Alvenaria externa paredão frontal esquerda | D46: 5.1 | E46: 2 | F46: 0.15 | G46: 1 | H46: =D46*E46*F46*G46 -> 1.53
B47: Wc Masc/Fem. do PM/GM | D47: 3.14 | E47: 2 | F47: 0.15 | G47: 1 | H47: =D47*E47*F47*G47 -> 0.942
B48: PM/GM | D48: 3.99 | E48: 1.8 | F48: 0.15 | G48: 1 | H48: =D48*E48*F48*G48 -> 1.0773
B49: Wc Acess. Masc/Fem. | D49: 3.5 | E49: 3.13 | F49: 0.15 | G49: 1 | H49: =D49*E49*F49*G49 -> 1.64325
B50: 1º pavimento
B51: Banheiros Wc Masc/ Wc Fem (2ª Pavimento) - Prancha 03/05 - Levantamento cadastral | D51: 3.04 | E51: 2.9 | F51: 0.15 | G51: 1 | H51: =D51*E51*F51*G51 -> 1.3224
B52: Parede final do corredor/ wc sala 8 (2ª Pavimento) - Prancha 03/05 (Levantamento cadastral) | D52: 1.1 | E52: 2.9 | F52: 0.15 | G52: 1 | H52: =D52*E52*F52*G52 -> 0.4785
B53: Vestiário - Prancha 03/05 (Levantamento cadastral) | D53: 2.25 | E53: 2.9 | F53: 0.15 | G53: 1 | H53: =D53*E53*F53*G53 -> 0.97875
D54: 2.23 | E54: 2.9 | F54: 0.15 | G54: 1 | H54: =D54*E54*F54*G54 -> 0.97005
B55: Sanitários Vestiário e Sala 09 - Prancha 03/05 (Levantamento cadastral) | D55: 1.8 | E55: 2.9 | F55: 0.15 | G55: 1 | H55: =D55*E55*F55*G55 -> 0.783
B56: Sanitários Vestiário e Sala 09 - Prancha 03/05 (Levantamento cadastral) | D56: 1.8 | E56: 2.9 | F56: 0.15 | G56: 1 | H56: =D56*E56*F56*G56 -> 0.783
B57: Prisma de ventilação (deslocamento alvenaria) | D57: 4.8 | E57: 1.85 | F57: 0.15 | G57: 1 | H57: =D57*E57*F57*G57 -> 1.332
B58: Caixa dágua | D58: 20 | E58: 3.1 | F58: 0.15 | G58: 1 | H58: =D58*E58*F58*G58 -> 9.3
B59: Vão PM080 da Sala dos Investigadores/Teleflagrante | D59: 0.8 | E59: 2.1 | F59: 0.15 | G59: 1 | H59: =D59*E59*F59*G59 -> 0.252
A61: Total Executado= | H61: =SUM(H15:H60) -> 123.54
A62: Medido até a última medição = | H62: =SUM(H16:H44) -> 102.14775
A63: Total Medido Nesta Medição= | H63: =H61-H62 -> 21.39225
A65: 010102 | B65: Retirada de paredes divisórias de painel e em gesso acartonado, sem reaproveitamento | K65: m² | L65: 406.26 | N65: =L65-H85 -> -5.5094
D66: x | E66: y | F66: z | G66: w | H66: TOTAL
D67: Comp. (m) | E67: Altura (m) | F67: Larg ( m) | G67: Qtd ( unid)
B68: 1º Pavimento:
B69: Almoxarifado 02 | D69: 19.74 | E69: 2.76 | G69: 1 | H69: =D69*E69*G69 -> 54.4824
B70: Circulação interna incluindo portas | D70: 1.9 | E70: 2.9 | G70: 2 | H70: =D70*E70*G70 -> 11.02
B71: Apoio Administ x Administ | D71: 2.3 | E71: 2.9 | G71: 1 | H71: =D71*E71*G71 -> 6.67
B72: Recepção x Apoio Administ | D72: 2.52 | E72: 2.9 | G72: 1 | H72: =D72*E72*G72 -> 7.308
B73: Área Técnica | D73: =1.9+1.9+1.35 -> 5.15 | E73: 2.7 | G73: 1 | H73: =D73*E73*G73 -> 13.905
B74: DML | D74: =1.95+1.95+1.35 -> 5.25 | E74: 2.7 | G74: 1 | H74: =D74*E74*G74 -> 14.175
B75: Sala Investigadores | D75: =3.2+3.95 -> 7.15 | E75: 2.7 | G75: 1 | H75: =D75*E75*G75 -> 19.305
B76: Administração / Apoio Administrativo | D76: =2.52+4.69+4.2 -> 11.41 | E76: 2.7 | G76: 1 | H76: =D76*E76*G76 -> 30.807
B77: Recepção | D77: =1.5 -> 1.5 | E77: 2.7 | G77: 1 | H77: =D77*E77*G77 -> 4.05
B78: Cartório 2º Plantão | D78: =3.95+3.69 -> 7.64 | E78: 2.7 | G78: 1 | H78: =D78*E78*G78 -> 20.628
B79: Cartório 1º Plantão | D79: =4.25+3.68 -> 7.93 | E79: 2.7 | G79: 1 | H79: =D79*E79*G79 -> 21.411
B80: Sala Delegado | D80: =3.95+3.53 -> 7.48 | E80: 2.7 | G80: 1 | H80: =D80*E80*G80 -> 20.196
B81: 2º Pavimento:
B82: Circulação | D82: 21.1 | E82: 2.7 | G82: 1 | H82: =D82*E82*G82 -> 56.97
B83: Salas (01, 02, 03, 04, 05, 06, 07,08, 09) | D83: 48.46 | E83: 2.7 | G83: 1 | H83: =D83*E83*G83 -> 130.842
A85: Total Executado= | H85: =SUM(H68:H84) -> 411.7694
A86: Medido até a última medição = | H86: 0
A87: Total Medido Nesta Medição= | H87: =H85-H86 -> 411.7694
A89: 010103 | B89: Retirada de grades, gradis, alambrados, cercas e portões | K89: m² | L89: 123.33 | N89: =L89-H117 -> -1.578
D90: x | E90: y | F90: z | G90: w | H90: TOTAL
D91: Comp. (m) | E91: Altura (m) | F91: Larg ( m) | G91: Qtd ( unid)
A92: 1ª Medição | B92: 1º Pavimento:
B93: Gradil ( entre a edificação de 2 pavto e a edificação 1 pavto) - sobre peitoril | D93: 1.95 | E93: 2 | G93: 1 | H93: =D93*E93*G93 -> 3.9
B94: Portão correr de grade e parte fixa superior (entre a edif de 2 pavto e a edif 1 pavto) | D94: 1.72 | E94: 2.7 | G94: 1 | H94: =D94*E94*G94 -> 4.644
B95: Celas grade/portão ( incluindo perfil I de fechamento superior) | D95: 8.75 | E95: 2.6 | G95: 1 | H95: =D95*E95*G95 -> 22.75
B96: Celas grade teto | D96: 9.54 | E96: 2.55 | G96: 1 | H96: =D96*E96*G96 -> 24.327
B97: Poço Ventilação | D97: 0.73 | E97: 2.65 | G97: 2 | H97: =D97*E97*G97 -> 3.869
B98: Grade de fechamento sobre porta de acesso principal da Delegacia | D98: 2.4 | E98: 0.7 | G98: 1 | H98: =D98*E98*G98 -> 1.68
B99: BA055 ( grades básculas) | D99: 0.55 | E99: 0.5 | G99: 4 | H99: =D99*E99*G99 -> 1.1
B100: BA055 - (Banheiro wc masc) | D100: 0.55 | E100: 0.8 | G100: 1 | H100: =D100*E100*G100 -> 0.44
B101: JA194B ( grades) | D101: 11.7 | E101: 0.8 | G101: 1 | H101: =D101*E101*G101 -> 9.36
B102: JA200 (recepção /espera) | D102: 2 | E102: 1.2 | G102: 2 | H102: =D102*E102*G102 -> 4.8
B103: 2º Pavimento:
B104: BA055 | D104: 0.55 | E104: 0.5 | G104: 8 | H104: =D104*E104*G104 -> 2.2
B105: BA055 ( voltadas para o poço ventilação) | D105: 0.55 | E105: 0.9 | G105: 2 | H105: =D105*E105*G105 -> 0.99
B106: JA1080 | D106: 10.8 | E106: 1.2 | G106: 2 | H106: =D106*E106*G106 -> 25.92
B107: JA200 | D107: 2 | E107: 1.2 | G107: 1 | H107: =D107*E107*G107 -> 2.4
B108: Cobertura:
B109: Galpão - Fechamento lateral entre desníveis d epanos de cobertura metálica | D109: 9.4 | E109: 1.5 | G109: 1 | H109: =D109*E109*G109 -> 14.1
...

Sheet Planilha1
A1: ITEM | B1: MEDIÇÃO | C1: VALOR A ESTORNAR | D1: REAJUSTE FINANCEIRO
A2: 10117 | B2: 1 | C2: 0.57 | D2: =C2*0.0863 -> 0.049191 | E2: 0.0863
A3: 150217 | B3: 8 | C3: 194.96 | D3: =C3*0.1231 -> 23.999576 | E3: 0.1231
A4: 10401 | B4: 13 | C4: 0.12 | D4: =C4*0.1231 -> 0.014772 | E4: 0.1231
A5: 10401 | B5: 19 | C5: 0.12 | D5: =C5*0.2065 -> 0.02478 | E5: 0.2065
A6: 70301 | B6: 20 | C6: 28.3 | D6: =C6*0.2065 -> 5.84395 | E6: 0.2065
A7: 50201 | B7: 20 | C7: 2017.42 | D7: =C7*0.2065 -> 416.59723 | E7: 0.2065
A8: 10401 | B8: 21 | C8: 0.12 | D8: =C8*0.2065 -> 0.02478 | E8: 0.2065
A9: 40101 | B9: 21 | C9: 1768.86 | D9: =C9*0.2065 -> 365.26959 | E9: 0.2065
A10: 40102 | B10: 21 | C10: 153.57 | D10: =C10*0.2065 -> 31.712205 | E10: 0.2065
A11: 40103 | B11: 21 | C11: 2836.15 | D11: =C11*0.2065 -> 585.66498 | E11: 0.2065
A12: 30101 | B12: 22 | C12: 465.87 | D12: =C12*0.2065 -> 96.202155 | E12: 0.2065
A13: 141104 | B13: 22 | C13: 2.45 | D13: =C13*0.2065 -> 0.505925 | E13: 0.2065
A14: 141105 | B14: 22 | C14: 7.84 | D14: =C14*0.2065 -> 1.61896 | E14: 0.2065
A15: 141106 | B15: 22 | C15: 10.01 | D15: =C15*0.2065 -> 2.067065 | E15: 0.2065
B16: TOTAL | C16: =SUM(C3:C15)+C2 -> 7486.36 | D16: =SUM(D3:D15)+D2 -> 1529.5952
B17: TOTAL VA+R | D17: =C16+D16 -> 9015.9552
A19: 20208 | B19: 2 | C19: 2989.2 | D19: ESTORNADO NA 4ª MEDIÇÃO

Sheet Planilha2
A9: SERVIÇOS PREVISTOS | I9: ACUMULADO ANTERIOR | K9: MEDIÇÃO 01 | M9: MEDIÇÃO 02 | O9: MEDIÇÃO 03 | Q9: MEDIÇÃO 04 | S9: MEDIÇÃO 05 | U9: MEDIÇÃO 06 | W9: MEDIÇÃO 07 | Y9: MEDIÇÃO 08 | AA9: MEDIÇÃO 09 | AC9: MEDIÇÃO 10 | AE9: ACUMULADO TOTAL | AG9: À EXECUTAR | AM9: SERVIÇOS PREVISTOS
B10: REFERÊNCIA | C10: CÓDIGO | D10: DESCRIÇÃO | E10: UNIDADE | F10: PREÇO UNITÁRIO | G10: QUANTIDADE | H10: PREÇO TOTAL | I10: QUANT | J10: TOTAL | K10: QUANT | L10: TOTAL | M10: QUANT | N10: TOTAL | O10: QUANT | P10: TOTAL | Q10: QUANT | R10: TOTAL | S10: QUANT | T10: TOTAL | U10: QUANT | V10: TOTAL | W10: QUANT | X10: TOTAL | Y10: QUANT | Z10: TOTAL | AA10: QUANT | AB10: TOTAL | AC10: QUANT | AD10: TOTAL | AE10: QUANT | AF10: TOTAL | AG10: QUANT | AH10: TOTAL | AK10: REFERÊNCIA | AL10: CÓDIGO | AM10: DESCRIÇÃO | AN10: UNIDADE | AO10: PREÇO UNITÁRIO | AP10: QUANTIDADE | AQ10: PREÇO TOTAL
A11: 1.1.1 | B11: SESP | C11: LABOR - 010202 - 1 | D11: Demolição de piso revestido com cerâmica | E11: m2 | F11: 10.14 | G11: 28 | H11: =G11*F11 -> 283.92 | AJ11: 1.1.1 | AK11: SESP | AL11: LABOR - 010202 - 1 | AM11: Demolição de piso revestido com cerâmica | AN11: m2 | AO11: 10.14 | AP11: 28 | AQ11: =AP11*AO11 -> 283.92
A12: 1.1.2 | B12: SESP | C12: LABOR - 010206 - 1 | D12: Demolição de revestimento com azulejos | E12: m2 | F12: 36.24 | G12: 73.92 | H12: =G12*F12 -> 2678.8608 | AJ12: 1.1.2 | AK12: SESP | AL12: LABOR - 010206 - 1 | AM12: Demolição de revestimento com azulejos | AN12: m2 | AO12: 36.24 | AP12: 73.92 | AQ12: =AP12*AO12 -> 2678.8608
A13: 1.1.3 | B13: SESP | C13: LABOR - 010208 - 1 | D13: Retirada de revestimento antigo em reboco | E13: m2 | F13: 7.25 | G13: 89 | H13: =G13*F13 -> 645.25 | AJ13: 1.1.3 | AK13: SESP | AL13: LABOR - 010208 - 1 | AM13: Retirada de revestimento antigo em reboco | AN13: m2 | AO13: 7.25 | AP13: 89 | AQ13: =AP13*AO13 -> 645.25
A14: 1.1.4 | B14: SESP | C14: LABOR - 010214 - 1 | D14: Retirada de portas e janelas de madeira, inclusive batentes | E14: m2 | F14: 11.6 | G14: 24.3 | H14: =G14*F14 -> 281.88 | AJ14: 1.1.4 | AK14: SESP | AL14: LABOR - 010214 - 1 | AM14: Retirada de portas e janelas de madeira, inclusive batentes | AN14: m2 | AO14: 11.6 | AP14: 24.3 | AQ14: =AP14*AO14 -> 281.88
A15: 1.1.5 | B15: SESP | C15: LABOR - 010215 - 1 | D15: Retirada de esquadrias metálicas | E15: m2 | F15: 7.25 | G15: 7.5 | H15: =G15*F15 -> 54.375 | AJ15: 1.1.5 | AK15: SESP | AL15: LABOR - 010215 - 1 | AM15: Retirada de esquadrias metálicas | AN15: m2 | AO15: 7.25 | AP15: 7.5 | AQ15: =AP15*AO15 -> 54.375
A16: 1.1.6 | B16: SESP | C16: LABOR - 010218 - 1 | D16: Remoção de pintura antiga a óleo ou esmalte | E16: m2 | F16: 9.35 | G16: 14 | H16: =G16*F16 -> 130.9 | AJ16: 1.1.6 | AK16: SESP | AL16: LABOR - 010218 - 1 | AM16: Remoção de pintura antiga a óleo ou esmalte | AN16: m2 | AO16: 9.35 | AP16: 14 | AQ16: =AP16*AO16 -> 130.9
A17: 1.1.7 | B17: SESP | C17: LABOR - 010223 - 1 | D17: Retirada de aparelhos sanitários | E17: und | F17: 15.07 | G17: 2 | H17: =G17*F17 -> 30.14 | AJ17: 1.1.7 | AK17: SESP | AL17: LABOR - 010223 - 1 | AM17: Retirada de aparelhos sanitários | AN17: und | AO17: 15.07 | AP17: 2 | AQ17: =AP17*AO17 -> 30.14
A18: 1.1.8 | B18: SESP | C18: LABOR - 010226 - 1 | D18: Retirada de tanque de cimento | E18: und | F18: 18.07 | G18: 1 | H18: =G18*F18 -> 18.07 | AJ18: 1.1.8 | AK18: SESP | AL18: LABOR - 010226 - 1 | AM18: Retirada de tanque de cimento | AN18: und | AO18: 18.07 | AP18: 1 | AQ18: =AP18*AO18 -> 18.07
A19: 1.1.9 | B19: SESP | C19: LABOR - 010225 - 1 | D19: Retirada de bancada de pia | E19: m2 | F19: 18.07 | G19: 1 | H19: =G19*F19 -> 18.07 | AJ19: 1.1.9 | AK19: SESP | AL19: LABOR - 010225 - 1 | AM19: Retirada de bancada de pia | AN19: m2 | AO19: 18.07 | AP19: 1 | AQ19: =AP19*AO19 -> 18.07
A20: 1.1.10 | B20: SESP | C20: LABOR - 010240 - 1 | D20: Retirada de pontos elétricos (luminárias, interruptores e tomadas) | E20: und | F20: 8 | G20: 60 | H20: =G20*F20 -> 480 | AJ20: 1.1.10 | AK20: SESP | AL20: LABOR - 010240 - 1 | AM20: Retirada de pontos elétricos (luminárias, interruptores e tomadas) | AN20: und | AO20: 8 | AP20: 60 | AQ20: =AP20*AO20 -> 480
A21: 1.1.11 | B21: SESP | C21: LABOR - 010256 - 1 | D21: Remoção de telha ondulada de fibrocimento, inclusive cumeeira | E21: m2 | F21: 5.56 | G21: 28 | H21: =G21*F21 -> 155.68 | AJ21: 1.1.11 | AK21: SESP | AL21: LABOR - 010256 - 1 | AM21: Remoção de telha ondulada de fibrocimento, inclusive cumeeira | AN21: m2 | AO21: 5.56 | AP21: 28 | AQ21: =AP21*AO21 -> 155.68
A22: 1.1.12 | B22: SESP | C22: LABOR - 010259 - 1 | D22: Retirada de rodapé de madeira ou cerâmica | E22: m | F22: 1.68 | G22: 110 | H22: =G22*F22 -> 184.8 | AJ22: 1.1.12 | AK22: SESP | AL22: LABOR - 010259 - 1 | AM22: Retirada de rodapé de madeira ou cerâmica | AN22: m | AO22: 1.68 | AP22: 110 | AQ22: =AP22*AO22 -> 184.8
... A163: 11.5.1 | B163: SESP | C163: LABOR - 210210 - 2 | D163: Prateleiras em granito cinza andorinha, esp. 2cm | E163: m2 | F163: 296.3 | G163: 44 | H163: =G163*F163 -> 13037.2 | AJ163: 11.5.1 | AK163: SESP | AL163: LABOR - 210210 - 2 | AM163: Prateleiras em granito cinza andorinha, esp. 2cm | AN163: m2 | AO163: 296.3 | AP163: 44 | AQ163: =AP163*AO163 -> 13037.2
AP165: VALOR TOTAL
AP166: =SUM(AQ11:AQ163) -> 332138.21

Sheet Planilha3
A8: 1.1.1 | B8: SESP | C8: LABOR - 010202 - 1 | D8: Demolição de piso revestido com cerâmica | E8: m2 | F8: 10.14 | G8: 20.48 | H8: =G8*F8 -> 207.6672
A9: 1.1.2 | B9: SESP | C9: LABOR - 010206 - 1 | D9: Demolição de revestimento com azulejos | E9: m2 | F9: 36.24 | G9: 238.4 | H9: =G9*F9 -> 8639.616
A10: 1.1.3 | B10: SESP | C10: LABOR - 010208 - 1 | D10: Retirada de revestimento antigo em reboco | E10: m2 | F10: 7.25 | G10: 219.25 | H10: =G10*F10 -> 1589.5625
A11: 1.1.4 | B11: SESP | C11: LABOR - 010214 - 1 | D11: Retirada de portas e janelas de madeira, inclusive batentes | E11: m2 | F11: 11.6 | G11: 26.88 | H11: =G11*F11 -> 311.808
A12: 1.1.5 | B12: SESP | C12: LABOR - 010215 - 1 | D12: Retirada de esquadrias metálicas | E12: m2 | F12: 7.25 | G12: 30 | H12: =G12*F12 -> 217.5
A13: 1.1.6 | B13: SESP | C13: LABOR - 010218 - 1 | D13: Remoção de pintura antiga a óleo ou esmalte | E13: m2 | F13: 9.35 | G13: 30 | H13: =G13*F13 -> 280.5
A14: 1.1.7 | B14: SESP | C14: LABOR - 010223 - 1 | D14: Retirada de aparelhos sanitários | E14: und | F14: 15.07 | G14: 8 | H14: =G14*F14 -> 120.56
A15: 1.1.8 | B15: SESP | C15: LABOR - 010226 - 1 | D15: Retirada de tanque de cimento | E15: und | F15: 18.07 | G15: 1 | H15: =G15*F15 -> 18.07
A16: 1.1.9 | B16: SESP | C16: LABOR - 010225 - 1 | D16: Retirada de bancada de pia | E16: m2 | F16: 18.07 | G16: 2 | H16: =G16*F16 -> 36.14
A17: 1.1.10 | B17: SESP | C17: LABOR - 010240 - 1 | D17: Retirada de pontos elétricos (luminárias, interruptores e tomadas) | E17: und | F17: 8 | G17: 78 | H17: =G17*F17 -> 624
A18: 1.1.11 | B18: SESP | C18: LABOR - 010256 - 1 | D18: Remoção de telha ondulada de fibrocimento, inclusive cumeeira | E18: m2 | F18: 5.56 | G18: 160.9 | H18: =G18*F18 -> 894.604
A19: 1.1.12 | B19: SESP | C19: LABOR - 010259 - 1 | D19: Retirada de rodapé de madeira ou cerâmica | E19: m | F19: 1.68 | G19: 99.69 | H19: =G19*F19 -> 167.4792
... A166: 11.6.3 | B166: SESP | C166: LABOR - 200206 - 1 | D166: Blocos pré-moldados de concreto tipo pavi-s ou equivalente, espessura de 8 cm e resistência a compressão mínima de 35MPa, assentados sobre colchão de pó de pedra na espessura de 10 cm | E166: m2 | F166: 65.77 | G166: 160 | H166: =G166*F166 -> 10523.2

Sheet Planilha1 (2)
A1: POLÍCIA CIVIL DO ESTADO DO ESPÍRITO SANTO Superintendência de Apoio Logístico e Engenharia Divisão de Engenharia e Manutenção Predial
A3: PLANILHA DE MEDIÇÃO
A4: Cliente: POLÍCIA CIVIL DO ESTADO DO ESPIRITO SANTO | E4: E-DOCS 2022-Q4C3Z | I4: MEDIÇÃO:03 - PERÍODO 01/09/2023 a 30/09/2023 | AR4: ORDEM DE SERVIÇO: 26/06/2023
A5: Obra: REFORMA, ADEQUAÇÃO e AMPLIAÇÃO DA 1ª DELEGACIA REGIONAL DE VITORIA/ES- End.: Rua Construtor Camilo Gianórdoli, nº 553, Horto, Vitória / ES- - CEP - 29.306-500 500. | E5: CONCORRÊNCIA Nº: 003/2022 | AR5: PRAZO: 14 meses
A6: Contratado: VILLA CONSTRUTORA LTDA | E6: CONTRATO PCES: 009/2023 | AR6: TÉRMINO: 26/08/2024
A7: SERVIÇOS PREVISTOS | I7: ACUMULADO ANTERIOR | L7: MEDIÇÃO 01 | O7: MEDIÇÃO 02 | R7: MEDIÇÃO 03 | U7: MEDIÇÃO 04 | X7: MEDIÇÃO 05 | AA7: MEDIÇÃO 06 | AD7: MEDIÇÃO 07 | AG7: MEDIÇÃO 08 | AJ7: MEDIÇÃO 09 | AM7: MEDIÇÃO 10 | AP7: ACUMULADO TOTAL | AS7: À EXECUTAR
B8: REFERÊNCIA | C8: CÓDIGO | D8: DESCRIÇÃO | E8: UNIDADE | F8: PREÇO UNITÁRIO | G8: QUANTIDADE | H8: PREÇO TOTAL | I8: QUANT | J8: TOTAL | K8: % | L8: QUANT | M8: TOTAL | N8: % | O8: QUANT | P8: TOTAL | Q8: % | R8: QUANT | S8: TOTAL | T8: % | U8: QUANT | V8: TOTAL | W8: % | X8: QUANT | Y8: TOTAL | Z8: % | AA8: QUANT | AB8: TOTAL | AC8: % | AD8: QUANT | AE8: TOTAL | AF8: % | AG8: QUANT | AH8: TOTAL | AI8: % | AJ8: QUANT | AK8: TOTAL | AL8: % | AM8: QUANT | AN8: TOTAL | AO8: % | AP8: QUANT | AQ8: TOTAL | AR8: % | AS8: QUANT | AT8: TOTAL | AU8: %
B9: 01 | C9: SERVIÇOS PRELIMINARES | H9: =H10+H43+H45+H48 -> 263137.12 | J9: =J10+J43+J45+J48 -> 224530.33 | K9: =J9/$H9 -> 0.8532826 | M9: =M10+M43+M45+M48 -> 96037.197 | N9: =M9/$H9 -> 0.36497016 | P9: =P10+P43+P45+P48 -> 128493.13 | Q9: =P9/$H9 -> 0.48831245 | S9: =S10+S43+S45+S48 -> 23221.448 | T9: =S9/$H9 -> 0.088248466 | V9: =V10+V43+V45+V48 -> 0 | W9: =V9/$H9 -> 0 | Y9: =Y10+Y43+Y45+Y48 -> 0 | Z9: =Y9/$H9 -> 0 | AB9: =AB10+AB43+AB45+AB48 -> 0 | AC9: =AB9/$H9 -> 0 | AE9: =AE10+AE43+AE45+AE48 -> 0 | AF9: =AE9/$H9 -> 0 | AH9: =AH10+AH43+AH45+AH48 -> 0 | AI9: =AH9/$H9 -> 0 | AK9: =AK10+AK43+AK45+AK48 -> 0 | AL9: =AK9/$H9 -> 0 | AN9: =AN10+AN43+AN45+AN48 -> 0 | AO9: =AN9/$H9 -> 0 | AP9: =AM9+AJ9+AG9+AD9+AA9+X9+U9+R9+O9+L9 -> 0 | AQ9: =AQ10+AQ43+AQ45+AQ48 -> 247751.78 | AR9: =AQ9/$H9 -> 0.94153107 | AS9: =G9-AP9 -> 0 | AT9: =AT10+AT43+AT45+AT48 -> 15385.346 | AU9: =AT9/$H9 -> 0.058468929
B10: 0101 | C10: DEMOLIÇÕES E RETIRADAS | H10: =SUM(H11:H42) -> 171883.55 | J10: =SUM(J11:J42) -> 163113.46 | K10: =J10/$H10 -> 0.94897655 | M10: =SUM(M11:M42) -> 66001.325 | N10: =M10/$H10 -> 0.38398861 | P10: =SUM(P11:P42) -> 97112.132 | Q10: =P10/$H10 -> 0.56498794 | S10: =SUM(S11:S42) -> 137.44 | T10: =S10/$H10 -> 0.00079961114 | V10: =SUM(V11:V42) -> 0 | W10: =V10/$H10 -> 0 | Y10: =SUM(Y11:Y42) -> 0 | Z10: =Y10/$H10 -> 0 | AB10: =SUM(AB11:AB42) -> 0 | AC10: =AB10/$H10 -> 0 | AE10: =SUM(AE11:AE42) -> 0 | AF10: =AE10/$H10 -> 0 | AH10: =SUM(AH11:AH42) -> 0 | AI10: =AH10/$H10 -> 0 | AK10: =SUM(AK11:AK42) -> 0 | AL10: =AK10/$H10 -> 0 | AN10: =SUM(AN11:AN42) -> 0 | AO10: =AN10/$H10 -> 0 | AP10: =AM10+AJ10+AG10+AD10+AA10+X10+U10+R10+O10+L10 -> 0 | AQ10: =SUM(AQ11:AQ42) -> 163250.9 | AR10: =AQ10/$H10 -> 0.94977616 | AS10: =G10-AP10 -> 0 | AT10: =SUM(AT11:AT42) -> 8632.652 | AU10: =AT10/$H10 -> 0.050223841
B11: '010101 | C11: LABOR - 010209 - 1 | D11: Demolição de alvenaria | E11: m3 | F11: 62.73 | G11: 95.05 | H11: =G11*$F11 -> 5962.4865 | I11: =L11+O11 -> 95.05 | J11: =I11*$F11 -> 5962.4865 | K11: =IF(I11=0,"",I11/$G11) -> 1 | L11: 41.45 | M11: =L11*$F11 -> 2600.1585 | N11: =IF(L11=0,"",L11/$G11) -> 0.43608627 | O11: 53.6 | P11: =O11*$F11 -> 3362.328 | Q11: =IF(O11=0,"",O11/$G11) -> 0.56391373 | S11: =R11*$F11 -> 0 | T11: =IF(R11=0,"",R11/$G11) | V11: =U11*$F11 -> 0 | W11: =IF(U11=0,"",U11/$G11) | Y11: =X11*$F11 -> 0 | Z11: =IF(X11=0,"",X11/$G11) | AB11: =AA11*$F11 -> 0 | AC11: =IF(AA11=0,"",AA11/$G11) | AE11: =AD11*$F11 -> 0 | AF11: =IF(AD11=0,"",AD11/$G11) | AH11: =AG11*$F11 -> 0 | AI11: =IF(AG11=0,"",AG11/$G11) | AK11: =AJ11*$F11 -> 0 | AL11: =IF(AJ11=0,"",AJ11/$G11) | AN11: =AM11*$F11 -> 0 | AO11: =IF(AM11=0,"",AM11/$G11) | AP11: =AM11+AJ11+AG11+AD11+AA11+X11+U11+R11+O11+L11 -> 95.05 | AQ11: =AP11*$F11 -> 5962.4865 | AR11: =IF(AP11=0,"",AP11/$G11) -> 1 | AS11: =G11-AP11 -> 0 | AT11: =AS11*$F11 -> 0 | AU11: =IF(AS11=0,"",AS11/$G11)
B12: '010102 | C12: COMPOSIÇÃO - 2018.000001 | D12: Retirada de paredes divisórias de painel e em gesso acartonado, sem reaproveitamento | E12: m2 | F12: 27.99 | G12: 406.26 | H12: =G12*$F12 -> 11371.217 | I12: =L12+O12 -> 406.26 | J12: =I12*$F12 -> 11371.217 | K12: =IF(I12=0,"",I12/$G12) -> 1 | L12: 406.26 | M12: =L12*$F12 -> 11371.217 | N12: =IF(L12=0,"",L12/$G12) -> 1 | P12: =O12*$F12 -> 0 | Q12: =IF(O12=0,"",O12/$G12) | S12: =R12*$F12 -> 0 | T12: =IF(R12=0,"",R12/$G12) | V12: =U12*$F12 -> 0 | W12: =IF(U12=0,"",U12/$G12) | Y12: =X12*$F12 -> 0 | Z12: =IF(X12=0,"",X12/$G12) | AB12: =AA12*$F12 -> 0 | AC12: =IF(AA12=0,"",AA12/$G12) | AE12: =AD12*$F12 -> 0 | AF12: =IF(AD12=0,"",AD12/$G12) | AH12: =AG12*$F12 -> 0 | AI12: =IF(AG12=0,"",AG12/$G12) | AK12: =AJ12*$F12 -> 0 | AL12: =IF(AJ12=0,"",AJ12/$G12) | AN12: =AM12*$F12 -> 0 | AO12: =IF(AM12=0,"",AM12/$G12) | AP12: =AM12+AJ12+AG12+AD12+AA12+X12+U12+R12+O12+L12 -> 406.26 | AQ12: =AP12*$F12 -> 11371.217 | AR12: =IF(AP12=0,"",AP12/$G12) -> 1 | AS12: =G12-AP12 -> 0 | AT12: =AS12*$F12 -> 0 | AU12: =IF(AS12=0,"",AS12/$G12)
B13: '010103 | C13: LABOR - 010224 - 1 | D13: Retirada de grades, gradis, alambrados, cercas e portões | E13: m2 | F13: 18.42 | G13: 123.33 | H13: =G13*$F13 -> 2271.7386 | I13: =L13+O13 -> 123.33 | J13: =I13*$F13 -> 2271.7386 | K13: =IF(I13=0,"",I13/$G13) -> 1 | L13: 122.48 | M13: =L13*$F13 -> 2256.0816 | N13: =IF(L13=0,"",L13/$G13) -> 0.99310792 | O13: 0.85 | P13: =O13*$F13 -> 15.657 | Q13: =IF(O13=0,"",O13/$G13) -> 0.0068920782 | S13: =R13*$F13 -> 0 | T13: =IF(R13=0,"",R13/$G13) | V13: =U13*$F13 -> 0 | W13: =IF(U13=0,"",U13/$G13) | Y13: =X13*$F13 -> 0 | Z13: =IF(X13=0,"",X13/$G13) | AB13: =AA13*$F13 -> 0 | AC13: =IF(AA13=0,"",AA13/$G13) | AE13: =AD13*$F13 -> 0 | AF13: =IF(AD13=0,"",AD13/$G13) | AH13: =AG13*$F13 -> 0 | AI13: =IF(AG13=0,"",AG13/$G13) | AK13: =AJ13*$F13 -> 0 | AL13: =IF(AJ13=0,"",AJ13/$G13) | AN13: =AM13*$F13 -> 0 | AO13: =IF(AM13=0,"",AM13/$G13) | AP13: =AM13+AJ13+AG13+AD13+AA13+X13+U13+R13+O13+L13 -> 123.33 | AQ13: =AP13*$F13 -> 2271.7386 | AR13: =IF(AP13=0,"",AP13/$G13) -> 1 | AS13: =G13-AP13 -> 0 | AT13: =AS13*$F13 -> 0 | AU13: =IF(AS13=0,"",AS13/$G13)
B14: '010104 | C14: COMPOSIÇÃO - 2018.000240 | D14: Retirada de vidros das esquadrias | E14: m2 | F14: 3.69 | G14: 74.81 | H14: =G14*$F14 -> 276.0489 | I14: =L14+O14 -> 74.81 | J14: =I14*$F14 -> 276.0489 | K14: =IF(I14=0,"",I14/$G14) -> 1 | L14: 74.81 | M14: =L14*$F14 -> 276.0489 | N14: =IF(L14=0,"",L14/$G14) -> 1 | P14: =O14*$F14 -> 0 | Q14: =IF(O14=0,"",O14/$G14) | S14: =R14*$F14 -> 0 | T14: =IF(R14=0,"",R14/$G14) | V14: =U14*$F14 -> 0 | W14: =IF(U14=0,"",U14/$G14) | Y14: =X14*$F14 -> 0 | Z14: =IF(X14=0,"",X14/$G14) | AB14: =AA14*$F14 -> 0 | AC14: =IF(AA14=0,"",AA14/$G14) | AE14: =AD14*$F14 -> 0 | AF14: =IF(AD14=0,"",AD14/$G14) | AH14: =AG14*$F14 -> 0 | AI14: =IF(AG14=0,"",AG14/$G14) | AK14: =AJ14*$F14 -> 0 | AL14: =IF(AJ14=0,"",AJ14/$G14) | AN14: =AM14*$F14 -> 0 | AO14: =IF(AM14=0,"",AM14/$G14) | AP14: =AM14+AJ14+AG14+AD14+AA14+X14+U14+R14+O14+L14 -> 74.81 | AQ14: =AP14*$F14 -> 276.0489 | AR14: =IF(AP14=0,"",AP14/$G14) -> 1 | AS14: =G14-AP14 -> 0 | AT14: =AS14*$F14 -> 0 | AU14: =IF(AS14=0,"",AS14/$G14)
B15: '010105 | C15: LABOR - 010219 - 1 | D15: Demolição manual de concreto armado (EMOP 05.001.033) | E15: m3 | F15: 345.47 | G15: 36.16 | H15: =G15*$F15 -> 12492.195 | I15: =L15+O15 -> 36.16 | J15: =I15*$F15 -> 12492.195 | K15: =IF(I15=0,"",I15/$G15) -> 1 | M15: =L15*$F15 -> 0 | N15: =IF(L15=0,"",L15/$G15) | O15: 36.16 | P15: =O15*$F15 -> 12492.195 | Q15: =IF(O15=0,"",O15/$G15) -> 1 | S15: =R15*$F15 -> 0 | T15: =IF(R15=0,"",R15/$G15) | V15: =U15*$F15 -> 0 | W15: =IF(U15=0,"",U15/$G15) | Y15: =X15*$F15 -> 0 | Z15: =IF(X15=0,"",X15/$G15) | AB15: =AA15*$F15 -> 0 | AC15: =IF(AA15=0,"",AA15/$G15) | AE15: =AD15*$F15 -> 0 | AF15: =IF(AD15=0,"",AD15/$G15) | AH15: =AG15*$F15 -> 0 | AI15: =IF(AG15=0,"",AG15/$G15) | AK15: =AJ15*$F15 -> 0 | AL15: =IF(AJ15=0,"",AJ15/$G15) | AN15: =AM15*$F15 -> 0 | AO15: =IF(AM15=0,"",AM15/$G15) | AP15: =AM15+AJ15+AG15+AD15+AA15+X15+U15+R15+O15+L15 -> 36.16 | AQ15: =AP15*$F15 -> 12492.195 | AR15: =IF(AP15=0,"",AP15/$G15) -> 1 | AS15: =G15-AP15 -> 0 | AT15: =AS15*$F15 -> 0 | AU15: =IF(AS15=0,"",AS15/$G15)
B16: '010106 | C16: LABOR - 010211 - 1 | D16: Demolição de concreto armado, com utilização de rompedor pneumático | E16: m3 | F16: 996.93 | G16: 74.31 | H16: =G16*$F16 -> 74081.868 | I16: =L16+O16 -> 74.31 | J16: =I16*$F16 -> 74081.868 | K16: =IF(I16=0,"",I16/$G16) -> 1 | M16: =L16*$F16 -> 0 | N16: =IF(L16=0,"",L16/$G16) | O16: 74.31 | P16: =O16*$F16 -> 74081.868 | Q16: =IF(O16=0,"",O16/$G16) -> 1 | S16: =R16*$F16 -> 0 | T16: =IF(R16=0,"",R16/$G16) | V16: =U16*$F16 -> 0 | W16: =IF(U16=0,"",U16/$G16) | Y16: =X16*$F16 -> 0 | Z16: =IF(X16=0,"",X16/$G16) | AB16: =AA16*$F16 -> 0 | AC16: =IF(AA16=0,"",AA16/$G16) | AE16: =AD16*$F16 -> 0 | AF16: =IF(AD16=0,"",AD16/$G16) | AH16: =AG16*$F16 -> 0 | AI16: =IF(AG16=0,"",AG16/$G16) | AK16: =AJ16*$F16 -> 0 | AL16: =IF(AJ16=0,"",AJ16/$G16) | AN16: =AM16*$F16 -> 0 | AO16: =IF(AM16=0,"",AM16/$G16) | AP16: =AM16+AJ16+AG16+AD16+AA16+X16+U16+R16+O16+L16 -> 74.31 | AQ16: =AP16*$F16 -> 74081.868 | AR16: =IF(AP16=0,"",AP16/$G16) -> 1 | AS16: =G16-AP16 -> 0 | AT16: =AS16*$F16 -> 0 | AU16: =IF(AS16=0,"",AS16/$G16)
B17: '010107 | C17: LABOR - 010216 - 1 | D17: Retirada de meio-fio de concreto | E17: m | F17: 1.46 | G17: 98.85 | H17: =G17*$F17 -> 144.321 | I17: =L17+O17 -> 29.3 | J17: =I17*$F17 -> 42.778 | K17: =IF(I17=0,"",I17/$G17) -> 0.2964087 | L17: 17.3 | M17: =L17*$F17 -> 25.258 | N17: =IF(L17=0,"",L17/$G17) -> 0.17501265 | O17: 12 | P17: =O17*$F17 -> 17.52 | Q17: =IF(O17=0,"",O17/$G17) -> 0.12139605 | S17: =R17*$F17 -> 0 | T17: =IF(R17=0,"",R17/$G17) | V17: =U17*$F17 -> 0 | W17: =IF(U17=0,"",U17/$G17) | Y17: =X17*$F17 -> 0 | Z17: =IF(X17=0,"",X17/$G17) | AB17: =AA17*$F17 -> 0 | AC17: =IF(AA17=0,"",AA17/$G17) | AE17: =AD17*$F17 -> 0 | AF17: =IF(AD17=0,"",AD17/$G17) | AH17: =AG17*$F17 -> 0 | AI17: =IF(AG17=0,"",AG17/$G17) | AK17: =AJ17*$F17 -> 0 | AL17: =IF(AJ17=0,"",AJ17/$G17) | AN17: =AM17*$F17 -> 0 | AO17: =IF(AM17=0,"",AM17/$G17) | AP17: =AM17+AJ17+AG17+AD17+AA17+X17+U17+R17+O17+L17 -> 29.3 | AQ17: =AP17*$F17 -> 42.778 | AR17: =IF(AP17=0,"",AP17/$G17) -> 0.2964087 | AS17: =G17-AP17 -> 69.55 | AT17: =AS17*$F17 -> 101.543 | AU17: =IF(AS17=0,"",AS17/$G17) -> 0.7035913
B18: '010108 | C18: LABOR - 010201 - 1 | D18: Demolição de piso cimentado inclusive lastro de concreto | E18: m2 | F18: 27.18 | G18: 261.5 | H18: =G18*$F18 -> 7107.57 | I18: =L18+O18 -> 87.58 | J18: =I18*$F18 -> 2380.4244 | K18: =IF(I18=0,"",I18/$G18) -> 0.33491396 | L18: 46.38 | M18: =L18*$F18 -> 1260.6084 | N18: =IF(L18=0,"",L18/$G18) -> 0.17736138 | O18: 41.2 | P18: =O18*$F18 -> 1119.816 | Q18: =IF(O18=0,"",O18/$G18) -> 0.15755258 | S18: =R18*$F18 -> 0 | T18: =IF(R18=0,"",R18/$G18) | V18: =U18*$F18 -> 0 | W18: =IF(U18=0,"",U18/$G18) | Y18: =X18*$F18 -> 0 | Z18: =IF(X18=0,"",X18/$G18) | AB18: =AA18*$F18 -> 0 | AC18: =IF(AA18=0,"",AA18/$G18) | AE18: =AD18*$F18 -> 0 | AF18: =IF(AD18=0,"",AD18/$G18) | AH18: =AG18*$F18 -> 0 | AI18: =IF(AG18=0,"",AG18/$G18) | AK18: =AJ18*$F18 -> 0 | AL18: =IF(AJ18=0,"",AJ18/$G18) | AN18: =AM18*$F18 -> 0 | AO18: =IF(AM18=0,"",AM18/$G18) | AP18: =AM18+AJ18+AG18+AD18+AA18+X18+U18+R18+O18+L18 -> 87.58 | AQ18: =AP18*$F18 -> 2380.4244 | AR18: =IF(AP18=0,"",AP18/$G18) -> 0.33491396 | AS18: =G18-AP18 -> 173.92 | AT18: =AS18*$F18 -> 4727.1456 | AU18: =IF(AS18=0,"",AS18/$G18) -> 0.66508604
B19: '010109 | C19: LABOR - 010223 - 1 | D19: Retirada de aparelhos sanitários | E19: und | F19: 21.63 | G19: 12 | H19: =G19*$F19 -> 259.56 | I19: =L19+O19 -> 12 | J19: =I19*$F19 -> 259.56 | K19: =IF(I19=0,"",I19/$G19) -> 1 | L19: 10 | M19: =L19*$F19 -> 216.3 | N19: =IF(L19=0,"",L19/$G19) -> 0.83333333 | O19: 2 | P19: =O19*$F19 -> 43.26 | Q19: =IF(O19=0,"",O19/$G19) -> 0.16666667 | S19: =R19*$F19 -> 0 | T19: =IF(R19=0,"",R19/$G19) | V19: =U19*$F19 -> 0 | W19: =IF(U19=0,"",U19/$G19) | Y19: =X19*$F19 -> 0 | Z19: =IF(X19=0,"",X19/$G19) | AB19: =AA19*$F19 -> 0 | AC19: =IF(AA19=0,"",AA19/$G19) | AE19: =AD19*$F19 -> 0 | AF19: =IF(AD19=0,"",AD19/$G19) | AH19: =AG19*$F19 -> 0 | AI19: =IF(AG19=0,"",AG19/$G19) | AK19: =AJ19*$F19 -> 0 | AL19: =IF(AJ19=0,"",AJ19/$G19) | AN19: =AM19*$F19 -> 0 | AO19: =IF(AM19=0,"",AM19/$G19) | AP19: =AM19+AJ19+AG19+AD19+AA19+X19+U19+R19+O19+L19 -> 12 | AQ19: =AP19*$F19 -> 259.56 | AR19: =IF(AP19=0,"",AP19/$G19) -> 1 | AS19: =G19-AP19 -> 0 | AT19: =AS19*$F19 -> 0 | AU19: =IF(AS19=0,"",AS19/$G19)
B20: '010110 | C20: LABOR - 010225 - 1 | D20: Retirada de bancada de pia | E20: m2 | F20: 25.96 | G20: 8.49 | H20: =G20*$F20 -> 220.4004 | I20: =L20+O20 -> 8.49 | J20: =I20*$F20 -> 220.4004 | K20: =IF(I20=0,"",I20/$G20) -> 1 | L20: 6.81 | M20: =L20*$F20 -> 176.7876 | N20: =IF(L20=0,"",L20/$G20) -> 0.80212014 | O20: 1.68 | P20: =O20*$F20 -> 43.6128 | Q20: =IF(O20=0,"",O20/$G20) -> 0.19787986 | S20: =R20*$F20 -> 0 | T20: =IF(R20=0,"",R20/$G20) | V20: =U20*$F20 -> 0 | W20: =IF(U20=0,"",U20/$G20) | Y20: =X20*$F20 -> 0 | Z20: =IF(X20=0,"",X20/$G20) | AB20: =AA20*$F20 -> 0 | AC20: =IF(AA20=0,"",AA20/$G20) | AE20: =AD20*$F20 -> 0 | AF20: =IF(AD20=0,"",AD20/$G20) | AH20: =AG20*$F20 -> 0 | AI20: =IF(AG20=0,"",AG20/$G20) | AK20: =AJ20*$F20 -> 0 | AL20: =IF(AJ20=0,"",AJ20/$G20) | AN20: =AM20*$F20 -> 0 | AO20: =IF(AM20=0,"",AM20/$G20) | AP20: =AM20+AJ20+AG20+AD20+AA20+X20+U20+R20+O20+L20 -> 8.49 | AQ20: =AP20*$F20 -> 220.4004 | AR20: =IF(AP20=0,"",AP20/$G20) -> 1 | AS20: =G20-AP20 -> 0 | AT20: =AS20*$F20 -> 0 | AU20: =IF(AS20=0,"",AS20/$G20)
B21: '010111 | C21: COMPOSIÇÃO - 2018.000244 | D21: Remoção de armários sob bancada, incl. elementos p/ fixação | E21: m2 | F21: 4.33 | G21: 29.67 | H21: =G21*$F21 -> 128.4711 | I21: =L21+O21 -> 29.67 | J21: =I21*$F21 -> 128.4711 | K21: =IF(I21=0,"",I21/$G21) -> 1 | L21: 29.67 | M21: =L21*$F21 -> 128.4711 | N21: =IF(L21=0,"",L21/$G21) -> 1 | P21: =O21*$F21 -> 0 | Q21: =IF(O21=0,"",O21/$G21) | S21: =R21*$F21 -> 0 | T21: =IF(R21=0,"",R21/$G21) | V21: =U21*$F21 -> 0 | W21: =IF(U21=0,"",U21/$G21) | Y21: =X21*$F21 -> 0 | Z21: =IF(X21=0,"",X21/$G21) | AB21: =AA21*$F21 -> 0 | AC21: =IF(AA21=0,"",AA21/$G21) | AE21: =AD21*$F21 -> 0 | AF21: =IF(AD21=0,"",AD21/$G21) | AH21: =AG21*$F21 -> 0 | AI21: =IF(AG21=0,"",AG21/$G21) | AK21: =AJ21*$F21 -> 0 | AL21: =IF(AJ21=0,"",AJ21/$G21) | AN21: =AM21*$F21 -> 0 | AO21: =IF(AM21=0,"",AM21/$G21) | AP21: =AM21+AJ21+AG21+AD21+AA21+X21+U21+R21+O21+L21 -> 29.67 | AQ21: =AP21*$F21 -> 128.4711 | AR21: =IF(AP21=0,"",AP21/$G21) -> 1 | AS21: =G21-AP21 -> 0 | AT21: =AS21*$F21 -> 0 | AU21: =IF(AS21=0,"",AS21/$G21)
B22: '010112 | C22: LABOR - 010286 - 1 | D22: Demolição de divisória de granito | E22: m2 | F22: 15.47 | G22: 2.97 | H22: =G22*$F22 -> 45.9459 | I22: =L22+O22 -> 2.97 | J22: =I22*$F22 -> 45.9459 | K22: =IF(I22=0,"",I22/$G22) -> 1 | L22: 2.97 | M22: =L22*$F22 -> 45.9459 | N22: =IF(L22=0,"",L22/$G22) -> 1 | P22: =O22*$F22 -> 0 | Q22: =IF(O22=0,"",O22/$G22) | S22: =R22*$F22 -> 0 | T22: =IF(R22=0,"",R22/$G22) | V22: =U22*$F22 -> 0 | W22: =IF(U22=0,"",U22/$G22) | Y22: =X22*$F22 -> 0 | Z22: =IF(X22=0,"",X22/$G22) | AB22: =AA22*$F22 -> 0 | AC22: =IF(AA22=0,"",AA22/$G22) | AE22: =AD22*$F22 -> 0 | AF22: =IF(AD22=0,"",AD22/$G22) | AH22: =AG22*$F22 -> 0 | AI22: =IF(AG22=0,"",AG22/$G22) | AK22: =AJ22*$F22 -> 0 | AL22: =IF(AJ22=0,"",AJ22/$G22) | AN22: =AM22*$F22 -> 0 | AO22: =IF(AM22=0,"",AM22/$G22) | AP22: =AM22+AJ22+AG22+AD22+AA22+X22+U22+R22+O22+L22 -> 2.97 | AQ22: =AP22*$F22 -> 45.9459 | AR22: =IF(AP22=0,"",AP22/$G22) -> 1 | AS22: =G22-AP22 -> 0 | AT22: =AS22*$F22 -> 0 | AU22: =IF(AS22=0,"",AS22/$G22)
B23: '010113 | C23: LABOR - 010215 - 1 | D23: Retirada de esquadrias metálicas | E23: m2 | F23: 1.46 | G23: 71.84 | H23: =G23*$F23 -> 104.8864 | I23: =L23+O23 -> 71.84 | J23: =I23*$F23 -> 104.8864 | K23: =IF(I23=0,"",I23/$G23) -> 1 | L23: 71.84 | M23: =L23*$F23 -> 104.8864 | N23: =IF(L23=0,"",L23/$G23) -> 1 | P23: =O23*$F23 -> 0 | Q23: =IF(O23=0,"",O23/$G23) | S23: =R23*$F23 -> 0 | T23: =IF(R23=0,"",R23/$G23) | V23: =U23*$F23 -> 0 | W23: =IF(U23=0,"",U23/$G23) | Y23: =X23*$F23 -> 0 | Z23: =IF(X23=0,"",X23/$G23) | AB23: =AA23*$F23 -> 0 | AC23: =IF(AA23=0,"",AA23/$G23) | AE23: =AD23*$F23 -> 0 | AF23: =IF(AD23=0,"",AD23/$G23) | AH23: =AG23*$F23 -> 0 | AI23: =IF(AG23=0,"",AG23/$G23) | AK23: =AJ23*$F23 -> 0 | AL23: =IF(AJ23=0,"",AJ23/$G23) | AN23: =AM23*$F23 -> 0 | AO23: =IF(AM23=0,"",AM23/$G23) | AP23: =AM23+AJ23+AG23+AD23+AA23+X23+U23+R23+O23+L23 -> 71.84 | AQ23: =AP23*$F23 -> 104.8864 | AR23: =IF(AP23=0,"",AP23/$G23) -> 1 | AS23: =G23-AP23 -> 0 | AT23: =AS23*$F23 -> 0 | AU23: =IF(AS23=0,"",AS23/$G23)
B24: '010114 | C24: COMPOSIÇÃO - 2018.000241 | D24: Retirada de persianas | E24: m2 | F24: 4.61 | G24: 49.95 | H24: =G24*$F24 -> 230.2695 | I24: =L24+O24 -> 49.95 | J24: =I24*$F24 -> 230.2695 | K24: =IF(I24=0,"",I24/$G24) -> 1 | L24: 49.95 | M24: =L24*$F24 -> 230.2695 | N24: =IF(L24=0,"",L24/$G24) -> 1 | P24: =O24*$F24 -> 0 | Q24: =IF(O24=0,"",O24/$G24) | S24: =R24*$F24 -> 0 | T24: =IF(R24=0,"",R24/$G24) | V24: =U24*$F24 -> 0 | W24: =IF(U24=0,"",U24/$G24) | Y24: =X24*$F24 -> 0 | Z24: =IF(X24=0,"",X24/$G24) | AB24: =AA24*$F24 -> 0 | AC24: =IF(AA24=0,"",AA24/$G24) | AE24: =AD24*$F24 -> 0 | AF24: =IF(AD24=0,"",AD24/$G24) | AH24: =AG24*$F24 -> 0 | AI24: =IF(AG24=0,"",AG24/$G24) | AK24: =AJ24*$F24 -> 0 | AL24: =IF(AJ24=0,"",AJ24/$G24) | AN24: =AM24*$F24 -> 0 | AO24: =IF(AM24=0,"",AM24/$G24) | AP24: =AM24+AJ24+AG24+AD24+AA24+X24+U24+R24+O24+L24 -> 49.95 | AQ24: =AP24*$F24 -> 230.2695 | AR24: =IF(AP24=0,"",AP24/$G24) -> 1 | AS24: =G24-AP24 -> 0 | AT24: =AS24*$F24 -> 0 | AU24: =IF(AS24=0,"",AS24/$G24)
B25: '010115 | C25: LABOR - 010214 - 1 | D25: Retirada de portas e janelas de madeira, inclusive batentes | E25: m2 | F25: 16.72 | G25: 53.55 | H25: =G25*$F25 -> 895.356 | I25: =L25+O25 -> 53.55 | J25: =I25*$F25 -> 895.356 | K25: =IF(I25=0,"",I25/$G25) -> 1 | L25: 50.19 | M25: =L25*$F25 -> 839.1768 | N25: =IF(L25=0,"",L25/$G25) -> 0.9372549 | O25: 3.36 | P25: =O25*$F25 -> 56.1792 | Q25: =IF(O25=0,"",O25/$G25) -> 0.062745098 | S25: =R25*$F25 -> 0 | T25: =IF(R25=0,"",R25/$G25) | V25: =U25*$F25 -> 0 | W25: =IF(U25=0,"",U25/$G25) | Y25: =X25*$F25 -> 0 | Z25: =IF(X25=0,"",X25/$G25) | AB25: =AA25*$F25 -> 0 | AC25: =IF(AA25=0,"",AA25/$G25) | AE25: =AD25*$F25 -> 0 | AF25: =IF(AD25=0,"",AD25/$G25) | AH25: =AG25*$F25 -> 0 | AI25: =IF(AG25=0,"",AG25/$G25) | AK25: =AJ25*$F25 -> 0 | AL25: =IF(AJ25=0,"",AJ25/$G25) | AN25: =AM25*$F25 -> 0 | AO25: =IF(AM25=0,"",AM25/$G25) | AP25: =AM25+AJ25+AG25+AD25+AA25+X25+U25+R25+O25+L25 -> 53.55 | AQ25: =AP25*$F25 -> 895.356 | AR25: =IF(AP25=0,"",AP25/$G25) -> 1 | AS25: =G25-AP25 -> 0 | AT25: =AS25*$F25 -> 0 | AU25: =IF(AS25=0,"",AS25/$G25)
B26: '010116 | C26: LABOR - 010280 - 1 | D26: Remoção de cobertura em telha metálica, exclusive estrutura | E26: m2 | F26: 9.08 | G26: 408.64 | H26: =G26*$F26 -> 3710.4512 | I26: =L26+O26 -> 408.64 | J26: =I26*$F26 -> 3710.4512 | K26: =IF(I26=0,"",I26/$G26) -> 1 | L26: 408.64 | M26: =L26*$F26 -> 3710.4512 | N26: =IF(L26=0,"",L26/$G26) -> 1 | P26: =O26*$F26 -> 0 | Q26: =IF(O26=0,"",O26/$G26) | S26: =R26*$F26 -> 0 | T26: =IF(R26=0,"",R26/$G26) | V26: =U26*$F26 -> 0 | W26: =IF(U26=0,"",U26/$G26) | Y26: =X26*$F26 -> 0 | Z26: =IF(X26=0,"",X26/$G26) | AB26: =AA26*$F26 -> 0 | AC26: =IF(AA26=0,"",AA26/$G26) | AE26: =AD26*$F26 -> 0 | AF26: =IF(AD26=0,"",AD26/$G26) | AH26: =AG26*$F26 -> 0 | AI26: =IF(AG26=0,"",AG26/$G26) | AK26: =AJ26*$F26 -> 0 | AL26: =IF(AJ26=0,"",AJ26/$G26) | AN26: =AM26*$F26 -> 0 | AO26: =IF(AM26=0,"",AM26/$G26) | AP26: =AM26+AJ26+AG26+AD26+AA26+X26+U26+R26+O26+L26 -> 408.64 | AQ26: =AP26*$F26 -> 3710.4512 | AR26: =IF(AP26=0,"",AP26/$G26) -> 1 | AS26: =G26-AP26 -> 0 | AT26: =AS26*$F26 -> 0 | AU26: =IF(AS26=0,"",AS26/$G26)
B27: '010117 | C27: COMPOSIÇÃO - 2018.000242 | D27: Remoção de estrutura metálica para telhado com retirada de solda e corte de peças por meio de lixadeira, sem reaproveitamento | E27: m2 | F27: 9.41 | G27: 408.64 | H27: =G27*$F27 -> 3845.3024 | I27: =L27+O27 -> 408.7 | J27: =I27*$F27 -> 3845.867 | K27: =IF(I27=0,"",I27/$G27) -> 1.0001468 | L27: 408.7 | M27: =L27*$F27 -> 3845.867 | N27: =IF(L27=0,"",L27/$G27) -> 1.0001468 | P27: =O27*$F27 -> 0 | Q27: =IF(O27=0,"",O27/$G27) | S27: =R27*$F27 -> 0 | T27: =IF(R27=0,"",R27/$G27) | V27: =U27*$F27 -> 0 | W27: =IF(U27=0,"",U27/$G27) | Y27: =X27*$F27 -> 0 | Z27: =IF(X27=0,"",X27/$G27) | AB27: =AA27*$F27 -> 0 | AC27: =IF(AA27=0,"",AA27/$G27) | AE27: =AD27*$F27 -> 0 | AF27: =IF(AD27=0,"",AD27/$G27) | AH27: =AG27*$F27 -> 0 | AI27: =IF(AG27=0,"",AG27/$G27) | AK27: =AJ27*$F27 -> 0 | AL27: =IF(AJ27=0,"",AJ27/$G27) | AN27: =AM27*$F27 -> 0 | AO27: =IF(AM27=0,"",AM27/$G27) | AP27: =AM27+AJ27+AG27+AD27+AA27+X27+U27+R27+O27+L27 -> 408.7 | AQ27: =AP27*$F27 -> 3845.867 | AR27: =IF(AP27=0,"",AP27/$G27) -> 1.0001468 | AS27: =G27-AP27 -> -0.06 | AT27: =AS27*$F27 -> -0.5646 | AU27: =IF(AS27=0,"",AS27/$G27) -> -0.0001468285
B28: '010118 | C28: LABOR - 010264 - 1 | D28: Demolição de piso granilite(Incluindo contrapiso) | E28: m2 | F28: 29.01 | G28: 158.78 | H28: =G28*$F28 -> 4606.2078 | I28: =L28+O28 -> 158.78 | J28: =I28*$F28 -> 4606.2078 | K28: =IF(I28=0,"",I28/$G28) -> 1 | M28: =L28*$F28 -> 0 | N28: =IF(L28=0,"",L28/$G28) | O28: 158.78 | P28: =O28*$F28 -> 4606.2078 | Q28: =IF(O28=0,"",O28/$G28) -> 1 | S28: =R28*$F28 -> 0 | T28: =IF(R28=0,"",R28/$G28) | V28: =U28*$F28 -> 0 | W28: =IF(U28=0,"",U28/$G28) | Y28: =X28*$F28 -> 0 | Z28: =IF(X28=0,"",X28/$G28) | AB28: =AA28*$F28 -> 0 | AC28: =IF(AA28=0,"",AA28/$G28) | AE28: =AD28*$F28 -> 0 | AF28: =IF(AD28=0,"",AD28/$G28) | AH28: =AG28*$F28 -> 0 | AI28: =IF(AG28=0,"",AG28/$G28) | AK28: =AJ28*$F28 -> 0 | AL28: =IF(AJ28=0,"",AJ28/$G28) | AN28: =AM28*$F28 -> 0 | AO28: =IF(AM28=0,"",AM28/$G28) | AP28: =AM28+AJ28+AG28+AD28+AA28+X28+U28+R28+O28+L28 -> 158.78 | AQ28: =AP28*$F28 -> 4606.2078 | AR28: =IF(AP28=0,"",AP28/$G28) -> 1 | AS28: =G28-AP28 -> 0 | AT28: =AS28*$F28 -> 0 | AU28: =IF(AS28=0,"",AS28/$G28)
B29: '010119 | C29: LABOR - 010331 - 1 | D29: Demolição de piso, soleira, peitoris e escadas em mármore ou granito, exclusive regularização | E29: m2 | F29: 11.2 | G29: 114.02 | H29: =G29*$F29 -> 1277.024 | I29: =L29+O29 -> 114.02 | J29: =I29*$F29 -> 1277.024 | K29: =IF(I29=0,"",I29/$G29) -> 1 | L29: 114.02 | M29: =L29*$F29 -> 1277.024 | N29: =IF(L29=0,"",L29/$G29) -> 1 | P29: =O29*$F29 -> 0 | Q29: =IF(O29=0,"",O29/$G29) | S29: =R29*$F29 -> 0 | T29: =IF(R29=0,"",R29/$G29) | V29: =U29*$F29 -> 0 | W29: =IF(U29=0,"",U29/$G29) | Y29: =X29*$F29 -> 0 | Z29: =IF(X29=0,"",X29/$G29) | AB29: =AA29*$F29 -> 0 | AC29: =IF(AA29=0,"",AA29/$G29) | AE29: =AD29*$F29 -> 0 | AF29: =IF(AD29=0,"",AD29/$G29) | AH29: =AG29*$F29 -> 0 | AI29: =IF(AG29=0,"",AG29/$G29) | AK29: =AJ29*$F29 -> 0 | AL29: =IF(AJ29=0,"",AJ29/$G29) | AN29: =AM29*$F29 -> 0 | AO29: =IF(AM29=0,"",AM29/$G29) | AP29: =AM29+AJ29+AG29+AD29+AA29+X29+U29+R29+O29+L29 -> 114.02 | AQ29: =AP29*$F29 -> 1277.024 | AR29: =IF(AP29=0,"",AP29/$G29) -> 1 | AS29: =G29-AP29 -> 0 | AT29: =AS29*$F29 -> 0 | AU29: =IF(AS29=0,"",AS29/$G29)
B30: '010120 | C30: LABOR - 010202 - 1 | D30: Demolição de piso revestido com cerâmica (Incluindo contrapiso) | E30: m2 | F30: 14.63 | G30: 406.93 | H30: =G30*$F30 -> 5953.3859 | I30: =L30+O30 -> 406.93 | J30: =I30*$F30 -> 5953.3859 | K30: =IF(I30=0,"",I30/$G30) -> 1 | L30: 406.93 | M30: =L30*$F30 -> 5953.3859 | N30: =IF(L30=0,"",L30/$G30) -> 1 | P30: =O30*$F30 -> 0 | Q30: =IF(O30=0,"",O30/$G30) | S30: =R30*$F30 -> 0 | T30: =IF(R30=0,"",R30/$G30) | V30: =U30*$F30 -> 0 | W30: =IF(U30=0,"",U30/$G30) | Y30: =X30*$F30 -> 0 | Z30: =IF(X30=0,"",X30/$G30) | AB30: =AA30*$F30 -> 0 | AC30: =IF(AA30=0,"",AA30/$G30) | AE30: =AD30*$F30 -> 0 | AF30: =IF(AD30=0,"",AD30/$G30) | AH30: =AG30*$F30 -> 0 | AI30: =IF(AG30=0,"",AG30/$G30) | AK30: =AJ30*$F30 -> 0 | AL30: =IF(AJ30=0,"",AJ30/$G30) | AN30: =AM30*$F30 -> 0 | AO30: =IF(AM30=0,"",AM30/$G30) | AP30: =AM30+AJ30+AG30+AD30+AA30+X30+U30+R30+O30+L30 -> 406.93 | AQ30: =AP30*$F30 -> 5953.3859 | AR30: =IF(AP30=0,"",AP30/$G30) -> 1 | AS30: =G30-AP30 -> 0 | AT30: =AS30*$F30 -> 0 | AU30: =IF(AS30=0,"",AS30/$G30)
B31: '010121 | C31: LABOR - 010404 - 1 | D31: Corte e destocamento de árvores com diâmetro superior a 30 cm | E31: und | F31: 137.44 | G31: 1 | H31: =G31*$F31 -> 137.44 | I31: =L31+O31 -> 0 | J31: =I31*$F31 -> 0 | K31: =IF(I31=0,"",I31/$G31) | M31: =L31*$F31 -> 0 | N31: =IF(L31=0,"",L31/$G31) | P31: =O31*$F31 -> 0 | Q31: =IF(O31=0,"",O31/$G31) | R31: 1 | S31: =R31*$F31 -> 137.44 | T31: =IF(R31=0,"",R31/$G31) -> 1 | V31: =U31*$F31 -> 0 | W31: =IF(U31=0,"",U31/$G31) | Y31: =X31*$F31 -> 0 | Z31: =IF(X31=0,"",X31/$G31) | AB31: =AA31*$F31 -> 0 | AC31: =IF(AA31=0,"",AA31/$G31) | AE31: =AD31*$F31 -> 0 | AF31: =IF(AD31=0,"",AD31/$G31) | AH31: =AG31*$F31 -> 0 | AI31: =IF(AG31=0,"",AG31/$G31) | AK31: =AJ31*$F31 -> 0 | AL31: =IF(AJ31=0,"",AJ31/$G31) | AN31: =AM31*$F31 -> 0 | AO31: =IF(AM31=0,"",AM31/$G31) | AP31: =AM31+AJ31+AG31+AD31+AA31+X31+U31+R31+O31+L31 -> 1 | AQ31: =AP31*$F31 -> 137.44 | AR31: =IF(AP31=0,"",AP31/$G31) -> 1 | AS31: =G31-AP31 -> 0 | AT31: =AS31*$F31 -> 0 | AU31: =IF(AS31=0,"",AS31/$G31)
B32: '010122 | C32: COMPOSIÇÃO - 2018.000002 | D32: Demolição de bicicletário em tubo de ferro galvanizado 1" e ferro liso 1/2" | E32: m | F32: 19.48 | G32: 7.8 | H32: =G32*$F32 -> 151.944 | I32: =L32+O32 -> 7.8 | J32: =I32*$F32 -> 151.944 | K32: =IF(I32=0,"",I32/$G32) -> 1 | L32: 7.8 | M32: =L32*$F32 -> 151.944 | N32: =IF(L32=0,"",L32/$G32) -> 1 | P32: =O32*$F32 -> 0 | Q32: =IF(O32=0,"",O32/$G32) | S32: =R32*$F32 -> 0 | T32: =IF(R32=0,"",R32/$G32) | V32: =U32*$F32 -> 0 | W32: =IF(U32=0,"",U32/$G32) | Y32: =X32*$F32 -> 0 | Z32: =IF(X32=0,"",X32/$G32) | AB32: =AA32*$F32 -> 0 | AC32: =IF(AA32=0,"",AA32/$G32) | AE32: =AD32*$F32 -> 0 | AF32: =IF(AD32=0,"",AD32/$G32) | AH32: =AG32*$F32 -> 0 | AI32: =IF(AG32=0,"",AG32/$G32) | AK32: =AJ32*$F32 -> 0 | AL32: =IF(AJ32=0,"",AJ32/$G32) | AN32: =AM32*$F32 -> 0 | AO32: =IF(AM32=0,"",AM32/$G32) | AP32: =AM32+AJ32+AG32+AD32+AA32+X32+U32+R32+O32+L32 -> 7.8 | AQ32: =AP32*$F32 -> 151.944 | AR32: =IF(AP32=0,"",AP32/$G32) -> 1 | AS32: =G32-AP32 -> 0 | AT32: =AS32*$F32 -> 0 | AU32: =IF(AS32=0,"",AS32/$G32)
B33: '010123 | C33: COMPOSIÇÃO - 2018.000003 | D33: Retirada de corrimão, guarda-corpo e tubos metálicos, chumbados e/ou fixados em estrutura | E33: m | F33: 13.19 | G33: 15.6 | H33: =G33*$F33 -> 205.764 | I33: =L33+O33 -> 15.6 | J33: =I33*$F33 -> 205.764 | K33: =IF(I33=0,"",I33/$G33) -> 1 | L33: 15.6 | M33: =L33*$F33 -> 205.764 | N33: =IF(L33=0,"",L33/$G33) -> 1 | P33: =O33*$F33 -> 0 | Q33: =IF(O33=0,"",O33/$G33) | S33: =R33*$F33 -> 0 | T33: =IF(R33=0,"",R33/$G33) | V33: =U33*$F33 -> 0 | W33: =IF(U33=0,"",U33/$G33) | Y33: =X33*$F33 -> 0 | Z33: =IF(X33=0,"",X33/$G33) | AB33: =AA33*$F33 -> 0 | AC33: =IF(AA33=0,"",AA33/$G33) | AE33: =AD33*$F33 -> 0 | AF33: =IF(AD33=0,"",AD33/$G33) | AH33: =AG33*$F33 -> 0 | AI33: =IF(AG33=0,"",AG33/$G33) | AK33: =AJ33*$F33 -> 0 | AL33: =IF(AJ33=0,"",AJ33/$G33) | AN33: =AM33*$F33 -> 0 | AO33: =IF(AM33=0,"",AM33/$G33) | AP33: =AM33+AJ33+AG33+AD33+AA33+X33+U33+R33+O33+L33 -> 15.6 | AQ33: =AP33*$F33 -> 205.764 | AR33: =IF(AP33=0,"",AP33/$G33) -> 1 | AS33: =G33-AP33 -> 0 | AT33: =AS33*$F33 -> 0 | AU33: =IF(AS33=0,"",AS33/$G33)
B34: '010124 | C34: COMPOSIÇÃO - 2018.000243 | D34: Remoção de caixa d´água de polietileno, inclusive tubulação de ligação | E34: und | F34: 297.25 | G34: 2 | H34: =G34*$F34 -> 594.5 | I34: =L34+O34 -> 2 | J34: =I34*$F34 -> 594.5 | K34: =IF(I34=0,"",I34/$G34) -> 1 | M34: =L34*$F34 -> 0 | N34: =IF(L34=0,"",L34/$G34) | O34: 2 | P34: =O34*$F34 -> 594.5 | Q34: =IF(O34=0,"",O34/$G34) -> 1 | S34: =R34*$F34 -> 0 | T34: =IF(R34=0,"",R34/$G34) | V34: =U34*$F34 -> 0 | W34: =IF(U34=0,"",U34/$G34) | Y34: =X34*$F34 -> 0 | Z34: =IF(X34=0,"",X34/$G34) | AB34: =AA34*$F34 -> 0 | AC34: =IF(AA34=0,"",AA34/$G34) | AE34: =AD34*$F34 -> 0 | AF34: =IF(AD34=0,"",AD34/$G34) | AH34: =AG34*$F34 -> 0 | AI34: =IF(AG34=0,"",AG34/$G34) | AK34: =AJ34*$F34 -> 0 | AL34: =IF(AJ34=0,"",AJ34/$G34) | AN34: =AM34*$F34 -> 0 | AO34: =IF(AM34=0,"",AM34/$G34) | AP34: =AM34+AJ34+AG34+AD34+AA34+X34+U34+R34+O34+L34 -> 2 | AQ34: =AP34*$F34 -> 594.5 | AR34: =IF(AP34=0,"",AP34/$G34) -> 1 | AS34: =G34-AP34 -> 0 | AT34: =AS34*$F34 -> 0 | AU34: =IF(AS34=0,"",AS34/$G34)
B35: '010125 | C35: COMPOSIÇÃO - 2018.000245 | D35: Remoção de ar condicionado tipo Split (condensadoras, evaporadoras, rede frigorígena, recolhimento do gás com destinação adequada) | E35: und | F35: 42.25 | G35: 16 | H35: =G35*$F35 -> 676 | I35: =L35+O35 -> 16 | J35: =I35*$F35 -> 676 | K35: =IF(I35=0,"",I35/$G35) -> 1 | L35: 16 | M35: =L35*$F35 -> 676 | N35: =IF(L35=0,"",L35/$G35) -> 1 | P35: =O35*$F35 -> 0 | Q35: =IF(O35=0,"",O35/$G35) | S35: =R35*$F35 -> 0 | T35: =IF(R35=0,"",R35/$G35) | V35: =U35*$F35 -> 0 | W35: =IF(U35=0,"",U35/$G35) | Y35: =X35*$F35 -> 0 | Z35: =IF(X35=0,"",X35/$G35) | AB35: =AA35*$F35 -> 0 | AC35: =IF(AA35=0,"",AA35/$G35) | AE35: =AD35*$F35 -> 0 | AF35: =IF(AD35=0,"",AD35/$G35) | AH35: =AG35*$F35 -> 0 | AI35: =IF(AG35=0,"",AG35/$G35) | AK35: =AJ35*$F35 -> 0 | AL35: =IF(AJ35=0,"",AJ35/$G35) | AN35: =AM35*$F35 -> 0 | AO35: =IF(AM35=0,"",AM35/$G35) | AP35: =AM35+AJ35+AG35+AD35+AA35+X35+U35+R35+O35+L35 -> 16 | AQ35: =AP35*$F35 -> 676 | AR35: =IF(AP35=0,"",AP35/$G35) -> 1 | AS35: =G35-AP35 -> 0 | AT35: =AS35*$F35 -> 0 | AU35: =IF(AS35=0,"",AS35/$G35)
B36: '010126 | C36: COMPOSIÇÃO - 2018.000259 | D36: Retirada de ventilador de teto | E36: und | F36: 45.8 | G36: 2 | H36: =G36*$F36 -> 91.6 | I36: =L36+O36 -> 2 | J36: =I36*$F36 -> 91.6 | K36: =IF(I36=0,"",I36/$G36) -> 1 | L36: 2 | M36: =L36*$F36 -> 91.6 | N36: =IF(L36=0,"",L36/$G36) -> 1 | P36: =O36*$F36 -> 0 | Q36: =IF(O36=0,"",O36/$G36) | S36: =R36*$F36 -> 0 | T36: =IF(R36=0,"",R36/$G36) | V36: =U36*$F36 -> 0 | W36: =IF(U36=0,"",U36/$G36) | Y36: =X36*$F36 -> 0 | Z36: =IF(X36=0,"",X36/$G36) | AB36: =AA36*$F36 -> 0 | AC36: =IF(AA36=0,"",AA36/$G36) | AE36: =AD36*$F36 -> 0 | AF36: =IF(AD36=0,"",AD36/$G36) | AH36: =AG36*$F36 -> 0 | AI36: =IF(AG36=0,"",AG36/$G36) | AK36: =AJ36*$F36 -> 0 | AL36: =IF(AJ36=0,"",AJ36/$G36) | AN36: =AM36*$F36 -> 0 | AO36: =IF(AM36=0,"",AM36/$G36) | AP36: =AM36+AJ36+AG36+AD36+AA36+X36+U36+R36+O36+L36 -> 2 | AQ36: =AP36*$F36 -> 91.6 | AR36: =IF(AP36=0,"",AP36/$G36) -> 1 | AS36: =G36-AP36 -> 0 | AT36: =AS36*$F36 -> 0 | AU36: =IF(AS36=0,"",AS36/$G36)
B37: '010127 | C37: LABOR - 010266 - 1 | D37: Remoção de forro de gesso | E37: m2 | F37: 1.83 | G37: 351.35 | H37: =G37*$F37 -> 642.9705 | I37: =L37+O37 -> 351.35 | J37: =I37*$F37 -> 642.9705 | K37: =IF(I37=0,"",I37/$G37) -> 1 | L37: 351.35 | M37: =L37*$F37 -> 642.9705 | N37: =IF(L37=0,"",L37/$G37) -> 1 | P37: =O37*$F37 -> 0 | Q37: =IF(O37=0,"",O37/$G37) | S37: =R37*$F37 -> 0 | T37: =IF(R37=0,"",R37/$G37) | V37: =U37*$F37 -> 0 | W37: =IF(U37=0,"",U37/$G37) | Y37: =X37*$F37 -> 0 | Z37: =IF(X37=0,"",X37/$G37) | AB37: =AA37*$F37 -> 0 | AC37: =IF(AA37=0,"",AA37/$G37) | AE37: =AD37*$F37 -> 0 | AF37: =IF(AD37=0,"",AD37/$G37) | AH37: =AG37*$F37 -> 0 | AI37: =IF(AG37=0,"",AG37/$G37) | AK37: =AJ37*$F37 -> 0 | AL37: =IF(AJ37=0,"",AJ37/$G37) | AN37: =AM37*$F37 -> 0 | AO37: =IF(AM37=0,"",AM37/$G37) | AP37: =AM37+AJ37+AG37+AD37+AA37+X37+U37+R37+O37+L37 -> 351.35 | AQ37: =AP37*$F37 -> 642.9705 | AR37: =IF(AP37=0,"",AP37/$G37) -> 1 | AS37: =G37-AP37 -> 0 | AT37: =AS37*$F37 -> 0 | AU37: =IF(AS37=0,"",AS37/$G37)
B38: '010128 | C38: LABOR - 010230 - 1 | D38: Retirada de pintura antiga a base de PVA | E38: m2 | F38: 6.72 | G38: 566.15 | H38: =G38*$F38 -> 3804.528 | I38: =L38+O38 -> 0 | J38: =I38*$F38 -> 0 | K38: =IF(I38=0,"",I38/$G38) | M38: =L38*$F38 -> 0 | N38: =IF(L38=0,"",L38/$G38) | P38: =O38*$F38 -> 0 | Q38: =IF(O38=0,"",O38/$G38) | S38: =R38*$F38 -> 0 | T38: =IF(R38=0,"",R38/$G38) | V38: =U38*$F38 -> 0 | W38: =IF(U38=0,"",U38/$G38) | Y38: =X38*$F38 -> 0 | Z38: =IF(X38=0,"",X38/$G38) | AB38: =AA38*$F38 -> 0 | AC38: =IF(AA38=0,"",AA38/$G38) | AE38: =AD38*$F38 -> 0 | AF38: =IF(AD38=0,"",AD38/$G38) | AH38: =AG38*$F38 -> 0 | AI38: =IF(AG38=0,"",AG38/$G38) | AK38: =AJ38*$F38 -> 0 | AL38: =IF(AJ38=0,"",AJ38/$G38) | AN38: =AM38*$F38 -> 0 | AO38: =IF(AM38=0,"",AM38/$G38) | AP38: =AM38+AJ38+AG38+AD38+AA38+X38+U38+R38+O38+L38 -> 0 | AQ38: =AP38*$F38 -> 0 | AR38: =IF(AP38=0,"",AP38/$G38) | AS38: =G38-AP38 -> 566.15 | AT38: =AS38*$F38 -> 3804.528 | AU38: =IF(AS38=0,"",AS38/$G38) -> 1
B39: '010129 | C39: LABOR - 010206 - 1 | D39: Demolição de revestimento com azulejos (Incluindo emboço) | E39: m2 | F39: 52.27 | G39: 466.23 | H39: =G39*$F39 -> 24369.842 | I39: =L39+O39 -> 466.23 | J39: =I39*$F39 -> 24369.842 | K39: =IF(I39=0,"",I39/$G39) -> 1 | L39: 453.24 | M39: =L39*$F39 -> 23690.855 | N39: =IF(L39=0,"",L39/$G39) -> 0.97213822 | O39: 12.99 | P39: =O39*$F39 -> 678.9873 | Q39: =IF(O39=0,"",O39/$G39) -> 0.027861785 | S39: =R39*$F39 -> 0 | T39: =IF(R39=0,"",R39/$G39) | V39: =U39*$F39 -> 0 | W39: =IF(U39=0,"",U39/$G39) | Y39: =X39*$F39 -> 0 | Z39: =IF(X39=0,"",X39/$G39) | AB39: =AA39*$F39 -> 0 | AC39: =IF(AA39=0,"",AA39/$G39) | AE39: =AD39*$F39 -> 0 | AF39: =IF(AD39=0,"",AD39/$G39) | AH39: =AG39*$F39 -> 0 | AI39: =IF(AG39=0,"",AG39/$G39) | AK39: =AJ39*$F39 -> 0 | AL39: =IF(AJ39=0,"",AJ39/$G39) | AN39: =AM39*$F39 -> 0 | AO39: =IF(AM39=0,"",AM39/$G39) | AP39: =AM39+AJ39+AG39+AD39+AA39+X39+U39+R39+O39+L39 -> 466.23 | AQ39: =AP39*$F39 -> 24369.842 | AR39: =IF(AP39=0,"",AP39/$G39) -> 1 | AS39: =G39-AP39 -> 0 | AT39: =AS39*$F39 -> 0 | AU39: =IF(AS39=0,"",AS39/$G39)
B40: '010130 | C40: SINAPI - 97640 - 50 | D40: Remoção de forros de drywall, pvc e fibromineral, de forma manual, sem reaproveitamento. af_12/2017 | E40: m2 | F40: 2.07 | G40: 135.77 | H40: =G40*$F40 -> 281.0439 | I40: =L40+O40 -> 135.77 | J40: =I40*$F40 -> 281.0439 | K40: =IF(I40=0,"",I40/$G40) -> 1 | L40: 135.77 | M40: =L40*$F40 -> 281.0439 | N40: =IF(L40=0,"",L40/$G40) -> 1 | P40: =O40*$F40 -> 0 | Q40: =IF(O40=0,"",O40/$G40) | S40: =R40*$F40 -> 0 | T40: =IF(R40=0,"",R40/$G40) | V40: =U40*$F40 -> 0 | W40: =IF(U40=0,"",U40/$G40) | Y40: =X40*$F40 -> 0 | Z40: =IF(X40=0,"",X40/$G40) | AB40: =AA40*$F40 -> 0 | AC40: =IF(AA40=0,"",AA40/$G40) | AE40: =AD40*$F40 -> 0 | AF40: =IF(AD40=0,"",AD40/$G40) | AH40: =AG40*$F40 -> 0 | AI40: =IF(AG40=0,"",AG40/$G40) | AK40: =AJ40*$F40 -> 0 | AL40: =IF(AJ40=0,"",AJ40/$G40) | AN40: =AM40*$F40 -> 0 | AO40: =IF(AM40=0,"",AM40/$G40) | AP40: =AM40+AJ40+AG40+AD40+AA40+X40+U40+R40+O40+L40 -> 135.77 | AQ40: =AP40*$F40 -> 281.0439 | AR40: =IF(AP40=0,"",AP40/$G40) -> 1 | AS40: =G40-AP40 -> 0 | AT40: =AS40*$F40 -> 0 | AU40: =IF(AS40=0,"",AS40/$G40)
B41: '010131 | C41: COMPOSIÇÃO - 2018.000263 | D41: Desmontagem e retirada de redes de dutos de ar condicionado e grelhas de insuflamento existentes e desativados | E41: cj | F41: 447.17 | G41: 1 | H41: =G41*$F41 -> 447.17 | I41: =L41+O41 -> 1 | J41: =I41*$F41 -> 447.17 | K41: =IF(I41=0,"",I41/$G41) -> 1 | L41: 1 | M41: =L41*$F41 -> 447.17 | N41: =IF(L41=0,"",L41/$G41) -> 1 | P41: =O41*$F41 -> 0 | Q41: =IF(O41=0,"",O41/$G41) | S41: =R41*$F41 -> 0 | T41: =IF(R41=0,"",R41/$G41) | V41: =U41*$F41 -> 0 | W41: =IF(U41=0,"",U41/$G41) | Y41: =X41*$F41 -> 0 | Z41: =IF(X41=0,"",X41/$G41) | AB41: =AA41*$F41 -> 0 | AC41: =IF(AA41=0,"",AA41/$G41) | AE41: =AD41*$F41 -> 0 | AF41: =IF(AD41=0,"",AD41/$G41) | AH41: =AG41*$F41 -> 0 | AI41: =IF(AG41=0,"",AG41/$G41) | AK41: =AJ41*$F41 -> 0 | AL41: =IF(AJ41=0,"",AJ41/$G41) | AN41: =AM41*$F41 -> 0 | AO41: =IF(AM41=0,"",AM41/$G41) | AP41: =AM41+AJ41+AG41+AD41+AA41+X41+U41+R41+O41+L41 -> 1 | AQ41: =AP41*$F41 -> 447.17 | AR41: =IF(AP41=0,"",AP41/$G41) -> 1 | AS41: =G41-AP41 -> 0 | AT41: =AS41*$F41 -> 0 | AU41: =IF(AS41=0,"",AS41/$G41)
B42: '010132 | C42: COMPOSIÇÃO - 2018.000264 | D42: Demolições e retiradas de eletrocalhas, pontos de elétricos em geral etc, instalações elétricas, telecomunicações. | E42: cj | F42: 5496.04 | G42: 1 | H42: =G42*$F42 -> 5496.04 | I42: =L42+O42 -> 1 | J42: =I42*$F42 -> 5496.04 | K42: =IF(I42=0,"",I42/$G42) -> 1 | L42: 1 | M42: =L42*$F42 -> 5496.04 | N42: =IF(L42=0,"",L42/$G42) -> 1 | P42: =O42*$F42 -> 0 | Q42: =IF(O42=0,"",O42/$G42) | S42: =R42*$F42 -> 0 | T42: =IF(R42=0,"",R42/$G42) | V42: =U42*$F42 -> 0 | W42: =IF(U42=0,"",U42/$G42) | Y42: =X42*$F42 -> 0 | Z42: =IF(X42=0,"",X42/$G42) | AB42: =AA42*$F42 -> 0 | AC42: =IF(AA42=0,"",AA42/$G42) | AE42: =AD42*$F42 -> 0 | AF42: =IF(AD42=0,"",AD42/$G42) | AH42: =AG42*$F42 -> 0 | AI42: =IF(AG42=0,"",AG42/$G42) | AK42: =AJ42*$F42 -> 0 | AL42: =IF(AJ42=0,"",AJ42/$G42) | AN42: =AM42*$F42 -> 0 | AO42: =IF(AM42=0,"",AM42/$G42) | AP42: =AM42+AJ42+AG42+AD42+AA42+X42+U42+R42+O42+L42 -> 1 | AQ42: =AP42*$F42 -> 5496.04 | AR42: =IF(AP42=0,"",AP42/$G42) -> 1 | AS42: =G42-AP42 -> 0 | AT42: =AS42*$F42 -> 0 | AU42: =IF(AS42=0,"",AS42/$G42)
B43: 0102 | C43: LIMPEZA | H43: =H44 -> 5222.5294 | J43: =J44 -> 5222.5294 | K43: =J43/$H43 -> 1 | M43: =M44 -> 5222.5294 | N43: =M43/$H43 -> 1 | P43: =P44 -> 0 | Q43: =P43/$H43 -> 0 | S43: =S44 -> 0 | T43: =S43/$H43 -> 0 | V43: =V44 -> 0 | W43: =V43/$H43 -> 0 | Y43: =Y44 -> 0 | Z43: =Y43/$H43 -> 0 | AB43: =AB44 -> 0 | AC43: =AB43/$H43 -> 0 | AE43: =AE44 -> 0 | AF43: =AE43/$H43 -> 0 | AH43: =AH44 -> 0 | AI43: =AH43/$H43 -> 0 | AK43: =AK44 -> 0 | AL43: =AK43/$H43 -> 0 | AN43: =AN44 -> 0 | AO43: =AN43/$H43 -> 0 | AP43: =AM43+AJ43+AG43+AD43+AA43+X43+U43+R43+O43+L43 -> 0 | AQ43: =AQ44 -> 5222.5294 | AR43: =AQ43/$H43 -> 1 | AS43: =G43-AP43 -> 0 | AT43: =AT44 -> 0 | AU43: =AT43/$H43 -> 0
B44: '010201 | C44: DER-ES - EDIFICAÇÕES - 2018.000267 | D44: Limpeza geral das áreas internas após demolição da edificação a reformar. (Serviço a ser realizado após as demolições para dar início à construção) | E44: m2 | F44: 7.37 | G44: 708.62 | H44: =G44*$F44 -> 5222.5294 | I44: =L44+O44 -> 708.62 | J44: =I44*$F44 -> 5222.5294 | K44: =IF(I44=0,"",I44/$G44) -> 1 | L44: 708.62 | M44: =L44*$F44 -> 5222.5294 | N44: =IF(L44=0,"",L44/$G44) -> 1 | P44: =O44*$F44 -> 0 | Q44: =IF(O44=0,"",O44/$G44) | S44: =R44*$F44 -> 0 | T44: =IF(R44=0,"",R44/$G44) | V44: =U44*$F44 -> 0 | W44: =IF(U44=0,"",U44/$G44) | Y44: =X44*$F44 -> 0 | Z44: =IF(X44=0,"",X44/$G44) | AB44: =AA44*$F44 -> 0 | AC44: =IF(AA44=0,"",AA44/$G44) | AE44: =AD44*$F44 -> 0 | AF44: =IF(AD44=0,"",AD44/$G44) | AH44: =AG44*$F44 -> 0 | AI44: =IF(AG44=0,"",AG44/$G44) | AK44: =AJ44*$F44 -> 0 | AL44: =IF(AJ44=0,"",AJ44/$G44) | AN44: =AM44*$F44 -> 0 | AO44: =IF(AM44=0,"",AM44/$G44) | AP44: =AM44+AJ44+AG44+AD44+AA44+X44+U44+R44+O44+L44 -> 708.62 | AQ44: =AP44*$F44 -> 5222.5294 | AR44: =IF(AP44=0,"",AP44/$G44) -> 1 | AS44: =G44-AP44 -> 0 | AT44: =AS44*$F44 -> 0 | AU44: =IF(AS44=0,"",AS44/$G44)
B45: 0103 | C45: LOCAÇÃO | H45: =H46+H47 -> 37567.314 | J45: =J46+J47 -> 11553.826 | K45: =J45/$H45 -> 0.30754996 | M45: =M46+M47 -> 0 | N45: =M45/$H45 -> 0 | P45: =P46+P47 -> 11553.826 | Q45: =P45/$H45 -> 0.30754996 | S45: =S46+S47 -> 23084.008 | T45: =S45/$H45 -> 0.61447053 | V45: =V46+V47 -> 0 | W45: =V45/$H45 -> 0 | Y45: =Y46+Y47 -> 0 | Z45: =Y45/$H45 -> 0 | AB45: =AB46+AB47 -> 0 | AC45: =AB45/$H45 -> 0 | AE45: =AE46+AE47 -> 0 | AF45: =AE45/$H45 -> 0 | AH45: =AH46+AH47 -> 0 | AI45: =AH45/$H45 -> 0 | AK45: =AK46+AK47 -> 0 | AL45: =AK45/$H45 -> 0 | AN45: =AN46+AN47 -> 0 | AO45: =AN45/$H45 -> 0 | AP45: =AM45+AJ45+AG45+AD45+AA45+X45+U45+R45+O45+L45 -> 0 | AQ45: =AQ46+AQ47 -> 34637.833 | AR45: =AQ45/$H45 -> 0.92202049 | AS45: =G45-AP45 -> 0 | AT45: =AT46+AT47 -> 2929.4808 | AU45: =AT45/$H45 -> 0.077979511
B46: '010301 | C46: LABOR - 010501 - 2 | D46: Locação de obra com gabarito de madeira | E46: m2 | F46: 13.34 | G46: 986.13 | H46: =G46*$F46 -> 13154.974 | I46: =L46+O46 -> 189 | J46: =I46*$F46 -> 2521.26 | K46: =IF(I46=0,"",I46/$G46) -> 0.1916583 | M46: =L46*$F46 -> 0 | N46: =IF(L46=0,"",L46/$G46) | O46: 189 | P46: =O46*$F46 -> 2521.26 | Q46: =IF(O46=0,"",O46/$G46) -> 0.1916583 | R46: 797.13 | S46: =R46*$F46 -> 10633.714 | T46: =IF(R46=0,"",R46/$G46) -> 0.8083417 | V46: =U46*$F46 -> 0 | W46: =IF(U46=0,"",U46/$G46) | Y46: =X46*$F46 -> 0 | Z46: =IF(X46=0,"",X46/$G46) | AB46: =AA46*$F46 -> 0 | AC46: =IF(AA46=0,"",AA46/$G46) | AE46: =AD46*$F46 -> 0 | AF46: =IF(AD46=0,"",AD46/$G46) | AH46: =AG46*$F46 -> 0 | AI46: =IF(AG46=0,"",AG46/$G46) | AK46: =AJ46*$F46 -> 0 | AL46: =IF(AJ46=0,"",AJ46/$G46) | AN46: =AM46*$F46 -> 0 | AO46: =IF(AM46=0,"",AM46/$G46) | AP46: =AM46+AJ46+AG46+AD46+AA46+X46+U46+R46+O46+L46 -> 986.13 | AQ46: =AP46*$F46 -> 13154.974 | AR46: =IF(AP46=0,"",AP46/$G46) -> 1 | AS46: =G46-AP46 -> 0 | AT46: =AS46*$F46 -> 0 | AU46: =IF(AS46=0,"",AS46/$G46)
B47: '010302 | C47: LABOR - 010512 - 1 | D47: Equipe topográfica para serviços simples de locação e nivelamento (incluindo equipamento, transporte e profissionais nivel médio) | E47: mês | F47: 24412.34 | G47: 1 | H47: =G47*$F47 -> 24412.34 | I47: =L47+O47 -> 0.37 | J47: =I47*$F47 -> 9032.5658 | K47: =IF(I47=0,"",I47/$G47) -> 0.37 | M47: =L47*$F47 -> 0 | N47: =IF(L47=0,"",L47/$G47) | O47: 0.37 | P47: =O47*$F47 -> 9032.5658 | Q47: =IF(O47=0,"",O47/$G47) -> 0.37 | R47: 0.51 | S47: =R47*$F47 -> 12450.293 | T47: =IF(R47=0,"",R47/$G47) -> 0.51 | V47: =U47*$F47 -> 0 | W47: =IF(U47=0,"",U47/$G47) | Y47: =X47*$F47 -> 0 | Z47: =IF(X47=0,"",X47/$G47) | AB47: =AA47*$F47 -> 0 | AC47: =IF(AA47=0,"",AA47/$G47) | AE47: =AD47*$F47 -> 0 | AF47: =IF(AD47=0,"",AD47/$G47) | AH47: =AG47*$F47 -> 0 | AI47: =IF(AG47=0,"",AG47/$G47) | AK47: =AJ47*$F47 -> 0 | AL47: =IF(AJ47=0,"",AJ47/$G47) | AN47: =AM47*$F47 -> 0 | AO47: =IF(AM47=0,"",AM47/$G47) | AP47: =AM47+AJ47+AG47+AD47+AA47+X47+U47+R47+O47+L47 -> 0.88 | AQ47: =AP47*$F47 -> 21482.859 | AR47: =IF(AP47=0,"",AP47/$G47) -> 0.88 | AS47: =G47-AP47 -> 0.12 | AT47: =AS47*$F47 -> 2929.4808 | AU47: =IF(AS47=0,"",AS47/$G47) -> 0.12
B48: 0104 | C48: TRANSPORTES | H48: =H49+H50 -> 48463.731 | J48: =J49+J50 -> 44640.518 | K48: =J48/$H48 -> 0.92111187 | M48: =M49+M50 -> 24813.342 | N48: =M48/$H48 -> 0.51199818 | P48: =P49+P50 -> 19827.176 | Q48: =P48/$H48 -> 0.40911369 | S48: =S49+S50 -> 0 | T48: =S48/$H48 -> 0 | V48: =V49+V50 -> 0 | W48: =V48/$H48 -> 0 | Y48: =Y49+Y50 -> 0 | Z48: =Y48/$H48 -> 0 | AB48: =AB49+AB50 -> 0 | AC48: =AB48/$H48 -> 0 | AE48: =AE49+AE50 -> 0 | AF48: =AE48/$H48 -> 0 | AH48: =AH49+AH50 -> 0 | AI48: =AH48/$H48 -> 0 | AK48: =AK49+AK50 -> 0 | AL48: =AK48/$H48 -> 0 | AN48: =AN49+AN50 -> 0 | AO48: =AN48/$H48 -> 0 | AP48: =AM48+AJ48+AG48+AD48+AA48+X48+U48+R48+O48+L48 -> 0 | AQ48: =AQ49+AQ50 -> 44640.518 | AR48: =AQ48/$H48 -> 0.92111187 | AS48: =G48-AP48 -> 0 | AT48: =AT49+AT50 -> 3823.2131 | AU48: =AT48/$H48 -> 0.078888129
B49: '010401 | C49: SINAPI - 100947 - 20 | D49: Transporte com caminhão carroceria 9t, em via urbana pavimentada, dmt até 30km (unidade: txkm). af_07/2020 | E49: txkm | F49: 2.31 | G49: 156.3 | H49: =G49*$F49 -> 361.053 | I49: =L49+O49 -> 156.25 | J49: =I49*$F49 -> 360.9375 | K49: =IF(I49=0,"",I49/$G49) -> 0.9996801 | M49: =L49*$F49 -> 0 | N49: =IF(L49=0,"",L49/$G49) | O49: 156.25 | P49: =O49*$F49 -> 360.9375 | Q49: =IF(O49=0,"",O49/$G49) -> 0.9996801 | S49: =R49*$F49 -> 0 | T49: =IF(R49=0,"",R49/$G49) | V49: =U49*$F49 -> 0 | W49: =IF(U49=0,"",U49/$G49) | Y49: =X49*$F49 -> 0 | Z49: =IF(X49=0,"",X49/$G49) | AB49: =AA49*$F49 -> 0 | AC49: =IF(AA49=0,"",AA49/$G49) | AE49: =AD49*$F49 -> 0 | AF49: =IF(AD49=0,"",AD49/$G49) | AH49: =AG49*$F49 -> 0 | AI49: =IF(AG49=0,"",AG49/$G49) | AK49: =AJ49*$F49 -> 0 | AL49: =IF(AJ49=0,"",AJ49/$G49) | AN49: =AM49*$F49 -> 0 | AO49: =IF(AM49=0,"",AM49/$G49) | AP49: =AM49+AJ49+AG49+AD49+AA49+X49+U49+R49+O49+L49 -> 156.25 | AQ49: =AP49*$F49 -> 360.9375 | AR49: =IF(AP49=0,"",AP49/$G49) -> 0.9996801 | AS49: =G49-AP49 -> 0.05 | AT49: =AS49*$F49 -> 0.1155 | AU49: =IF(AS49=0,"",AS49/$G49) -> 0.00031989763
B50: '010402 | C50: LABOR - 030304 - 2 | D50: Índice de preço para remoção de entulho decorrente da execução de obras (Classe A CONAMA - NBR 10.004 - Classe II-B), incluindo aluguel da caçamba, carga, transporte e descarga em área licenciada | E50: m3 | F50: 81.76 | G50: 588.34 | H50: =G50*$F50 -> 48102.678 | I50: =L50+O50 -> 541.58 | J50: =I50*$F50 -> 44279.581 | K50: =IF(I50=0,"",I50/$G50) -> 0.92052215 | L50: 303.49 | M50: =L50*$F50 -> 24813.342 | N50: =IF(L50=0,"",L50/$G50) -> 0.51584118 | O50: 238.09 | P50: =O50*$F50 -> 19466.238 | Q50: =IF(O50=0,"",O50/$G50) -> 0.40468097 | S50: =R50*$F50 -> 0 | T50: =IF(R50=0,"",R50/$G50) | V50: =U50*$F50 -> 0 | W50: =IF(U50=0,"",U50/$G50) | Y50: =X50*$F50 -> 0 | Z50: =IF(X50=0,"",X50/$G50) | AB50: =AA50*$F50 -> 0 | AC50: =IF(AA50=0,"",AA50/$G50) | AE50: =AD50*$F50 -> 0 | AF50: =IF(AD50=0,"",AD50/$G50) | AH50: =AG50*$F50 -> 0 | AI50: =IF(AG50=0,"",AG50/$G50) | AK50: =AJ50*$F50 -> 0 | AL50: =IF(AJ50=0,"",AJ50/$G50) | AN50: =AM50*$F50 -> 0 | AO50: =IF(AM50=0,"",AM50/$G50) | AP50: =AM50+AJ50+AG50+AD50+AA50+X50+U50+R50+O50+L50 -> 541.58 | AQ50: =AP50*$F50 -> 44279.581 | AR50: =IF(AP50=0,"",AP50/$G50) -> 0.92052215 | AS50: =G50-AP50 -> 46.76 | AT50: =AS50*$F50 -> 3823.0976 | AU50: =IF(AS50=0,"",AS50/$G50) -> 0.079477853
B51: 02 | C51: INSTALAÇÃO DO CANTEIRO DE OBRAS | H51: =H52+H57+H70+H74 -> 194607.83 | J51: =J52+J57+J70+J74 -> 68044.403 | K51: =J51/$H51 -> 0.34964885 | M51: =M52+M57+M70+M74 -> 22520.639 | N51: =M51/$H51 -> 0.1157232 | P51: =P52+P57+P70+P74 -> 45523.764 | Q51: =P51/$H51 -> 0.23392566 | S51: =S52+S57+S70+S74 -> 20405.253 | T51: =S51/$H51 -> 0.1048532 | V51: =V52+V57+V70+V74 -> 0 | W51: =V51/$H51 -> 0 | Y51: =Y52+Y57+Y70+Y74 -> 0 | Z51: =Y51/$H51 -> 0 | AB51: =AB52+AB57+AB70+AB74 -> 0 | AC51: =AB51/$H51 -> 0 | AE51: =AE52+AE57+AE70+AE74 -> 0 | AF51: =AE51/$H51 -> 0 | AH51: =AH52+AH57+AH70+AH74 -> 0 | AI51: =AH51/$H51 -> 0 | AK51: =AK52+AK57+AK70+AK74 -> 0 | AL51: =AK51/$H51 -> 0 | AN51: =AN52+AN57+AN70+AN74 -> 0 | AO51: =AN51/$H51 -> 0 | AP51: =AM51+AJ51+AG51+AD51+AA51+X51+U51+R51+O51+L51 -> 0 | AQ51: =AQ52+AQ57+AQ70+AQ74 -> 88449.655 | AR51: =AQ51/$H51 -> 0.45450205 | AS51: =G51-AP51 -> 0 | AT51: =AT52+AT57+AT70+AT74 -> 106158.17 | AU51: =AT51/$H51 -> 0.54549795
B52: 0201 | C52: PLACA DE OBRA E TAPUME | H52: =SUM(H53:H56) -> 21376.366 | J52: =SUM(J53:J56) -> 18264.648 | K52: =J52/$H52 -> 0.85443186 | M52: =SUM(M53:M56) -> 13590.249 | N52: =M52/$H52 -> 0.63576052 | P52: =SUM(P53:P56) -> 4674.3986 | Q52: =P52/$H52 -> 0.21867134 | S52: =SUM(S53:S56) -> 2665.4435 | T52: =S52/$H52 -> 0.12469114 | V52: =SUM(V53:V56) -> 0 | W52: =V52/$H52 -> 0 | Y52: =SUM(Y53:Y56) -> 0 | Z52: =Y52/$H52 -> 0 | AB52: =SUM(AB53:AB56) -> 0 | AC52: =AB52/$H52 -> 0 | AE52: =SUM(AE53:AE56) -> 0 | AF52: =AE52/$H52 -> 0 | AH52: =SUM(AH53:AH56) -> 0 | AI52: =AH52/$H52 -> 0 | AK52: =SUM(AK53:AK56) -> 0 | AL52: =AK52/$H52 -> 0 | AN52: =SUM(AN53:AN56) -> 0 | AO52: =AN52/$H52 -> 0 | AP52: =AM52+AJ52+AG52+AD52+AA52+X52+U52+R52+O52+L52 -> 0 | AQ52: =SUM(AQ53:AQ56) -> 20930.091 | AR52: =AQ52/$H52 -> 0.979123 | AS52: =G52-AP52 -> 0 | AT52: =SUM(AT53:AT56) -> 446.2744 | AU52: =AT52/$H52 -> 0.020877
B53: '020101 | C53: LABOR - 020305 - 3 | D53: Placa de obra nas dimensões de 2.0 x 4.0 m, padrão DER | E53: m2 | F53: 349.99 | G53: 8 | H53: =G53*$F53 -> 2799.92 | I53: =L53+O53 -> 8 | J53: =I53*$F53 -> 2799.92 | K53: =IF(I53=0,"",I53/$G53) -> 1 | M53: =L53*$F53 -> 0 | N53: =IF(L53=0,"",L53/$G53) | O53: 8 | P53: =O53*$F53 -> 2799.92 | Q53: =IF(O53=0,"",O53/$G53) -> 1 | S53: =R53*$F53 -> 0 | T53: =IF(R53=0,"",R53/$G53) | V53: =U53*$F53 -> 0 | W53: =IF(U53=0,"",U53/$G53) | Y53: =X53*$F53 -> 0 | Z53: =IF(X53=0,"",X53/$G53) | AB53: =AA53*$F53 -> 0 | AC53: =IF(AA53=0,"",AA53/$G53) | AE53: =AD53*$F53 -> 0 | AF53: =IF(AD53=0,"",AD53/$G53) | AH53: =AG53*$F53 -> 0 | AI53: =IF(AG53=0,"",AG53/$G53) | AK53: =AJ53*$F53 -> 0 | AL53: =IF(AJ53=0,"",AJ53/$G53) | AN53: =AM53*$F53 -> 0 | AO53: =IF(AM53=0,"",AM53/$G53) | AP53: =AM53+AJ53+AG53+AD53+AA53+X53+U53+R53+O53+L53 -> 8 | AQ53: =AP53*$F53 -> 2799.92 | AR53: =IF(AP53=0,"",AP53/$G53) -> 1 | AS53: =G53-AP53 -> 0 | AT53: =AS53*$F53 -> 0 | AU53: =IF(AS53=0,"",AS53/$G53)
B54: '020102 | C54: LABOR - 020350 - 3 | D54: Tapume Telha Metálica Ondulada em aço galvalume 0,50mm Branca h=2,20m, incl. montagem estr. mad. 8"x8", c/adesivo "DER-ES" 60x60cm a cada 10m, incl. faixas pint. esmalte sint. cores azul c/ h=30cm e rosa c/ h=10cm (Reaproveitamento 2x) | E54: m | F54: 270.83 | G54: 50.18 | H54: =G54*$F54 -> 13590.249 | I54: =L54+O54 -> 50.18 | J54: =I54*$F54 -> 13590.249 | K54: =IF(I54=0,"",I54/$G54) -> 1 | L54: 50.18 | M54: =L54*$F54 -> 13590.249 | N54: =IF(L54=0,"",L54/$G54) -> 1 | P54: =O54*$F54 -> 0 | Q54: =IF(O54=0,"",O54/$G54) | S54: =R54*$F54 -> 0 | T54: =IF(R54=0,"",R54/$G54) | V54: =U54*$F54 -> 0 | W54: =IF(U54=0,"",U54/$G54) | Y54: =X54*$F54 -> 0 | Z54: =IF(X54=0,"",X54/$G54) | AB54: =AA54*$F54 -> 0 | AC54: =IF(AA54=0,"",AA54/$G54) | AE54: =AD54*$F54 -> 0 | AF54: =IF(AD54=0,"",AD54/$G54) | AH54: =AG54*$F54 -> 0 | AI54: =IF(AG54=0,"",AG54/$G54) | AK54: =AJ54*$F54 -> 0 | AL54: =IF(AJ54=0,"",AJ54/$G54) | AN54: =AM54*$F54 -> 0 | AO54: =IF(AM54=0,"",AM54/$G54) | AP54: =AM54+AJ54+AG54+AD54+AA54+X54+U54+R54+O54+L54 -> 50.18 | AQ54: =AP54*$F54 -> 13590.249 | AR54: =IF(AP54=0,"",AP54/$G54) -> 1 | AS54: =G54-AP54 -> 0 | AT54: =AS54*$F54 -> 0 | AU54: =IF(AS54=0,"",AS54/$G54)
B55: '020103 | C55: COMPOSIÇÃO - 2018.000237 | D55: Retirada e recolocação de tapume em telha metálica h=2,20m, incl. recomposição do requadro em estrutura de madeira e acessórios de fixação, exclusive telhas | E55: m | F55: 147.67 | G55: 30.05 | H55: =G55*$F55 -> 4437.4835 | I55: =L55+O55 -> 12 | J55: =I55*$F55 -> 1772.04 | K55: =IF(I55=0,"",I55/$G55) -> 0.39933444 | M55: =L55*$F55 -> 0 | N55: =IF(L55=0,"",L55/$G55) | O55: 12 | P55: =O55*$F55 -> 1772.04 | Q55: =IF(O55=0,"",O55/$G55) -> 0.39933444 | R55: 18.05 | S55: =R55*$F55 -> 2665.4435 | T55: =IF(R55=0,"",R55/$G55) -> 0.60066556 | V55: =U55*$F55 -> 0 | W55: =IF(U55=0,"",U55/$G55) | Y55: =X55*$F55 -> 0 | Z55: =IF(X55=0,"",X55/$G55) | AB55: =AA55*$F55 -> 0 | AC55: =IF(AA55=0,"",AA55/$G55) | AE55: =AD55*$F55 -> 0 | AF55: =IF(AD55=0,"",AD55/$G55) | AH55: =AG55*$F55 -> 0 | AI55: =IF(AG55=0,"",AG55/$G55) | AK55: =AJ55*$F55 -> 0 | AL55: =IF(AJ55=0,"",AJ55/$G55) | AN55: =AM55*$F55 -> 0 | AO55: =IF(AM55=0,"",AM55/$G55) | AP55: =AM55+AJ55+AG55+AD55+AA55+X55+U55+R55+O55+L55 -> 30.05 | AQ55: =AP55*$F55 -> 4437.4835 | AR55: =IF(AP55=0,"",AP55/$G55) -> 1 | AS55: =G55-AP55 -> 0 | AT55: =AS55*$F55 -> 0 | AU55: =IF(AS55=0,"",AS55/$G55)
B56: '020104 | C56: LABOR - 280510 - 1 | D56: Cercas de isolamento cor laranja, h=1.20m, fixada em pontaletes de madeira e base em concreto a cada 3m (considerando 2 utilizações) | E56: m | F56: 9.13 | G56: 60.1 | H56: =G56*$F56 -> 548.713 | I56: =L56+O56 -> 11.22 | J56: =I56*$F56 -> 102.4386 | K56: =IF(I56=0,"",I56/$G56) -> 0.18668885 | M56: =L56*$F56 -> 0 | N56: =IF(L56=0,"",L56/$G56) | O56: 11.22 | P56: =O56*$F56 -> 102.4386 | Q56: =IF(O56=0,"",O56/$G56) -> 0.18668885 | S56: =R56*$F56 -> 0 | T56: =IF(R56=0,"",R56/$G56) | V56: =U56*$F56 -> 0 | W56: =IF(U56=0,"",U56/$G56) | Y56: =X56*$F56 -> 0 | Z56: =IF(X56=0,"",X56/$G56) | AB56: =AA56*$F56 -> 0 | AC56: =IF(AA56=0,"",AA56/$G56) | AE56: =AD56*$F56 -> 0 | AF56: =IF(AD56=0,"",AD56/$G56) | AH56: =AG56*$F56 -> 0 | AI56: =IF(AG56=0,"",AG56/$G56) | AK56: =AJ56*$F56 -> 0 | AL56: =IF(AJ56=0,"",AJ56/$G56) | AN56: =AM56*$F56 -> 0 | AO56: =IF(AM56=0,"",AM56/$G56) | AP56: =AM56+AJ56+AG56+AD56+AA56+X56+U56+R56+O56+L56 -> 11.22 | AQ56: =AP56*$F56 -> 102.4386 | AR56: =IF(AP56=0,"",AP56/$G56) -> 0.18668885 | AS56: =G56-AP56 -> 48.88 | AT56: =AS56*$F56 -> 446.2744 | AU56: =IF(AS56=0,"",AS56/$G56) -> 0.81331115
B57: '0202 | C57: INSTALAÇÃO DE CANTEIRO DE OBRAS | H57: =SUM(H58:H69) -> 111220.63 | J57: =SUM(J58:J69) -> 48655.755 | K57: =J57/$H57 -> 0.43747057 | M57: =SUM(M58:M69) -> 8473.59 | N57: =M57/$H57 -> 0.076187211 | P57: =SUM(P58:P69) -> 40182.165 | Q57: =P57/$H57 -> 0.36128336 | S57: =SUM(S58:S69) -> 4835.55 | T57: =S57/$H57 -> 0.043477094 | V57: =SUM(V58:V69) -> 0 | W57: =V57/$H57 -> 0 | Y57: =SUM(Y58:Y69) -> 0 | Z57: =Y57/$H57 -> 0 | AB57: =SUM(AB58:AB69) -> 0 | AC57: =AB57/$H57 -> 0 | AE57: =SUM(AE58:AE69) -> 0 | AF57: =AE57/$H57 -> 0 | AH57: =SUM(AH58:AH69) -> 0 | AI57: =AH57/$H57 -> 0 | AK57: =SUM(AK58:AK69) -> 0 | AL57: =AK57/$H57 -> 0 | AN57: =SUM(AN58:AN69) -> 0 | AO57: =AN57/$H57 -> 0 | AP57: =AM57+AJ57+AG57+AD57+AA57+X57+U57+R57+O57+L57 -> 0 | AQ57: =SUM(AQ58:AQ69) -> 53491.305 | AR57: =AQ57/$H57 -> 0.48094767 | AS57: =G57-AP57 -> 0 | AT57: =SUM(AT58:AT69) -> 57729.33 | AU57: =AT57/$H57 -> 0.51905233
B58: '020201 | C58: LABOR - 020355 - 1 | D58: Aluguel mensal container sanitário, incl porta, básc, 2 ptos luz, 1 pto aterram., 3vasos, 3lavatórios, calha mictório, 6 chuveiros (1 eletrico), torn.,registros, piso comp. Naval pintado, cert NR18 e laudo descontaminação (Sanitário / Vestiário) | E58: ms | F58: 1342.61 | G58: 14 | H58: =G58*$F58 -> 18796.54 | I58: =L58+O58 -> 2 | J58: =I58*$F58 -> 2685.22 | K58: =IF(I58=0,"",I58/$G58) -> 0.14285714 | L58: 1 | M58: =L58*$F58 -> 1342.61 | N58: =IF(L58=0,"",L58/$G58) -> 0.071428571 | O58: 1 | P58: =O58*$F58 -> 1342.61 | Q58: =IF(O58=0,"",O58/$G58) -> 0.071428571 | R58: 1 | S58: =R58*$F58 -> 1342.61 | T58: =IF(R58=0,"",R58/$G58) -> 0.071428571 | V58: =U58*$F58 -> 0 | W58: =IF(U58=0,"",U58/$G58) | Y58: =X58*$F58 -> 0 | Z58: =IF(X58=0,"",X58/$G58) | AB58: =AA58*$F58 -> 0 | AC58: =IF(AA58=0,"",AA58/$G58) | AE58: =AD58*$F58 -> 0 | AF58: =IF(AD58=0,"",AD58/$G58) | AH58: =AG58*$F58 -> 0 | AI58: =IF(AG58=0,"",AG58/$G58) | AK58: =AJ58*$F58 -> 0 | AL58: =IF(AJ58=0,"",AJ58/$G58) | AN58: =AM58*$F58 -> 0 | AO58: =IF(AM58=0,"",AM58/$G58) | AP58: =AM58+AJ58+AG58+AD58+AA58+X58+U58+R58+O58+L58 -> 3 | AQ58: =AP58*$F58 -> 4027.83 | AR58: =IF(AP58=0,"",AP58/$G58) -> 0.21428571 | AS58: =G58-AP58 -> 11 | AT58: =AS58*$F58 -> 14768.71 | AU58: =IF(AS58=0,"",AS58/$G58) -> 0.78571429
B59: '020202 | C59: LABOR - 020356 - 1 | D59: Aluguel mensal container para almoxarifado, incl. porta, 2 janelas, 1 pt iluminação, Isolamento térmico (teto), piso em comp. Naval pintado, cert. NR18, incl. laudo descontaminação. | E59: ms | F59: 922.5 | G59: 14 | H59: =G59*$F59 -> 12915 | I59: =L59+O59 -> 2 | J59: =I59*$F59 -> 1845 | K59: =IF(I59=0,"",I59/$G59) -> 0.14285714 | L59: 1 | M59: =L59*$F59 -> 922.5 | N59: =IF(L59=0,"",L59/$G59) -> 0.071428571 | O59: 1 | P59: =O59*$F59 -> 922.5 | Q59: =IF(O59=0,"",O59/$G59) -> 0.071428571 | R59: 1 | S59: =R59*$F59 -> 922.5 | T59: =IF(R59=0,"",R59/$G59) -> 0.071428571 | V59: =U59*$F59 -> 0 | W59: =IF(U59=0,"",U59/$G59) | Y59: =X59*$F59 -> 0 | Z59: =IF(X59=0,"",X59/$G59) | AB59: =AA59*$F59 -> 0 | AC59: =IF(AA59=0,"",AA59/$G59) | AE59: =AD59*$F59 -> 0 | AF59: =IF(AD59=0,"",AD59/$G59) | AH59: =AG59*$F59 -> 0 | AI59: =IF(AG59=0,"",AG59/$G59) | AK59: =AJ59*$F59 -> 0 | AL59: =IF(AJ59=0,"",AJ59/$G59) | AN59: =AM59*$F59 -> 0 | AO59: =IF(AM59=0,"",AM59/$G59) | AP59: =AM59+AJ59+AG59+AD59+AA59+X59+U59+R59+O59+L59 -> 3 | AQ59: =AP59*$F59 -> 2767.5 | AR59: =IF(AP59=0,"",AP59/$G59) -> 0.21428571 | AS59: =G59-AP59 -> 11 | AT59: =AS59*$F59 -> 10147.5 | AU59: =IF(AS59=0,"",AS59/$G59) -> 0.78571429
B60: '020203 | C60: LABOR - 020343 - 3 | D60: Aluguel mensal container para escritório, sem banheiro, dim. 6.00x2.40m, incl. porta, 2 janelas, abert p/ ar cond., 2 pt iluminação, 2 tomadas elét. e 1 tomada telef. Isolamento térmico (teto e paredes), piso em comp. Naval, cert. NR18, incl. laudo descontaminação. | E60: mês | F60: 1271.14 | G60: 14 | H60: =G60*$F60 -> 17795.96 | I60: =L60+O60 -> 2 | J60: =I60*$F60 -> 2542.28 | K60: =IF(I60=0,"",I60/$G60) -> 0.14285714 | L60: 1 | M60: =L60*$F60 -> 1271.14 | N60: =IF(L60=0,"",L60/$G60) -> 0.071428571 | O60: 1 | P60: =O60*$F60 -> 1271.14 | Q60: =IF(O60=0,"",O60/$G60) -> 0.071428571 | R60: 1 | S60: =R60*$F60 -> 1271.14 | T60: =IF(R60=0,"",R60/$G60) -> 0.071428571 | V60: =U60*$F60 -> 0 | W60: =IF(U60=0,"",U60/$G60) | Y60: =X60*$F60 -> 0 | Z60: =IF(X60=0,"",X60/$G60) | AB60: =AA60*$F60 -> 0 | AC60: =IF(AA60=0,"",AA60/$G60) | AE60: =AD60*$F60 -> 0 | AF60: =IF(AD60=0,"",AD60/$G60) | AH60: =AG60*$F60 -> 0 | AI60: =IF(AG60=0,"",AG60/$G60) | AK60: =AJ60*$F60 -> 0 | AL60: =IF(AJ60=0,"",AJ60/$G60) | AN60: =AM60*$F60 -> 0 | AO60: =IF(AM60=0,"",AM60/$G60) | AP60: =AM60+AJ60+AG60+AD60+AA60+X60+U60+R60+O60+L60 -> 3 | AQ60: =AP60*$F60 -> 3813.42 | AR60: =IF(AP60=0,"",AP60/$G60) -> 0.21428571 | AS60: =G60-AP60 -> 11 | AT60: =AS60*$F60 -> 13982.54 | AU60: =IF(AS60=0,"",AS60/$G60) -> 0.78571429
B61: '020204 | C61: LABOR - 020353 - 1 | D61: Aluguel mensal container para refeitorio, incl. porta, 2 janelas, abert p/ ar cond., 2 pt iluminação, 2 tomadas elét. e 1 tomada telef. Isolamento térmico (paredes e teto), piso em comp. Naval pintado, cert. NR18, incl. laudo descontaminação. | E61: ms | F61: 1299.3 | G61: 14 | H61: =G61*$F61 -> 18190.2 | I61: =L61+O61 -> 2 | J61: =I61*$F61 -> 2598.6 | K61: =IF(I61=0,"",I61/$G61) -> 0.14285714 | L61: 1 | M61: =L61*$F61 -> 1299.3 | N61: =IF(L61=0,"",L61/$G61) -> 0.071428571 | O61: 1 | P61: =O61*$F61 -> 1299.3 | Q61: =IF(O61=0,"",O61/$G61) -> 0.071428571 | R61: 1 | S61: =R61*$F61 -> 1299.3 | T61: =IF(R61=0,"",R61/$G61) -> 0.071428571 | V61: =U61*$F61 -> 0 | W61: =IF(U61=0,"",U61/$G61) | Y61: =X61*$F61 -> 0 | Z61: =IF(X61=0,"",X61/$G61) | AB61: =AA61*$F61 -> 0 | AC61: =IF(AA61=0,"",AA61/$G61) | AE61: =AD61*$F61 -> 0 | AF61: =IF(AD61=0,"",AD61/$G61) | AH61: =AG61*$F61 -> 0 | AI61: =IF(AG61=0,"",AG61/$G61) | AK61: =AJ61*$F61 -> 0 | AL61: =IF(AJ61=0,"",AJ61/$G61) | AN61: =AM61*$F61 -> 0 | AO61: =IF(AM61=0,"",AM61/$G61) | AP61: =AM61+AJ61+AG61+AD61+AA61+X61+U61+R61+O61+L61 -> 3 | AQ61: =AP61*$F61 -> 3897.9 | AR61: =IF(AP61=0,"",AP61/$G61) -> 0.21428571 | AS61: =G61-AP61 -> 11 | AT61: =AS61*$F61 -> 14292.3 | AU61: =IF(AS61=0,"",AS61/$G61) -> 0.78571429
B62: '020205 | C62: LABOR - 020344 - 2 | D62: Mobilização e desmobilização de conteiner locado para barracão de obra | E62: und | F62: 1819.02 | G62: 4 | H62: =G62*$F62 -> 7276.08 | I62: =L62+O62 -> 2 | J62: =I62*$F62 -> 3638.04 | K62: =IF(I62=0,"",I62/$G62) -> 0.5 | L62: 2 | M62: =L62*$F62 -> 3638.04 | N62: =IF(L62=0,"",L62/$G62) -> 0.5 | P62: =O62*$F62 -> 0 | Q62: =IF(O62=0,"",O62/$G62) | S62: =R62*$F62 -> 0 | T62: =IF(R62=0,"",R62/$G62) | V62: =U62*$F62 -> 0 | W62: =IF(U62=0,"",U62/$G62) | Y62: =X62*$F62 -> 0 | Z62: =IF(X62=0,"",X62/$G62) | AB62: =AA62*$F62 -> 0 | AC62: =IF(AA62=0,"",AA62/$G62) | AE62: =AD62*$F62 -> 0 | AF62: =IF(AD62=0,"",AD62/$G62) | AH62: =AG62*$F62 -> 0 | AI62: =IF(AG62=0,"",AG62/$G62) | AK62: =AJ62*$F62 -> 0 | AL62: =IF(AJ62=0,"",AJ62/$G62) | AN62: =AM62*$F62 -> 0 | AO62: =IF(AM62=0,"",AM62/$G62) | AP62: =AM62+AJ62+AG62+AD62+AA62+X62+U62+R62+O62+L62 -> 2 | AQ62: =AP62*$F62 -> 3638.04 | AR62: =IF(AP62=0,"",AP62/$G62) -> 0.5 | AS62: =G62-AP62 -> 2 | AT62: =AS62*$F62 -> 3638.04 | AU62: =IF(AS62=0,"",AS62/$G62) -> 0.5
B63: '020206 | C63: LABOR - 020712 - 1 | D63: Rede de água com padrão de entrada d'água diâm. 3/4", conf. espec. CESAN, incl. tubos e conexões para alimentação, distribuição, extravasor e limpeza, cons. o padrão a 25m, conf. projeto (1 utilização) | E63: m | F63: 61.83 | G63: 25 | H63: =G63*$F63 -> 1545.75 | I63: =L63+O63 -> 25 | J63: =I63*$F63 -> 1545.75 | K63: =IF(I63=0,"",I63/$G63) -> 1 | M63: =L63*$F63 -> 0 | N63: =IF(L63=0,"",L63/$G63) | O63: 25 | P63: =O63*$F63 -> 1545.75 | Q63: =IF(O63=0,"",O63/$G63) -> 1 | S63: =R63*$F63 -> 0 | T63: =IF(R63=0,"",R63/$G63) | V63: =U63*$F63 -> 0 | W63: =IF(U63=0,"",U63/$G63) | Y63: =X63*$F63 -> 0 | Z63: =IF(X63=0,"",X63/$G63) | AB63: =AA63*$F63 -> 0 | AC63: =IF(AA63=0,"",AA63/$G63) | AE63: =AD63*$F63 -> 0 | AF63: =IF(AD63=0,"",AD63/$G63) | AH63: =AG63*$F63 -> 0 | AI63: =IF(AG63=0,"",AG63/$G63) | AK63: =AJ63*$F63 -> 0 | AL63: =IF(AJ63=0,"",AJ63/$G63) | AN63: =AM63*$F63 -> 0 | AO63: =IF(AM63=0,"",AM63/$G63) | AP63: =AM63+AJ63+AG63+AD63+AA63+X63+U63+R63+O63+L63 -> 25 | AQ63: =AP63*$F63 -> 1545.75 | AR63: =IF(AP63=0,"",AP63/$G63) -> 1 | AS63: =G63-AP63 -> 0 | AT63: =AS63*$F63 -> 0 | AU63: =IF(AS63=0,"",AS63/$G63)
B64: '020207 | C64: LABOR - 020713 - 2 | D64: Rede de luz, incl. padrão entrada de energia trifás., cabo de ligação até barracões, quadro de distrib., disj. e chave de força (quando necessário), cons. 20m entre padrão entrada e QDG, conf. projeto (1 utilização) | E64: m | F64: 846.42 | G64: 20 | H64: =G64*$F64 -> 16928.4 | I64: =L64+O64 -> 20 | J64: =I64*$F64 -> 16928.4 | K64: =IF(I64=0,"",I64/$G64) -> 1 | M64: =L64*$F64 -> 0 | N64: =IF(L64=0,"",L64/$G64) | O64: 20 | P64: =O64*$F64 -> 16928.4 | Q64: =IF(O64=0,"",O64/$G64) -> 1 | S64: =R64*$F64 -> 0 | T64: =IF(R64=0,"",R64/$G64) | V64: =U64*$F64 -> 0 | W64: =IF(U64=0,"",U64/$G64) | Y64: =X64*$F64 -> 0 | Z64: =IF(X64=0,"",X64/$G64) | AB64: =AA64*$F64 -> 0 | AC64: =IF(AA64=0,"",AA64/$G64) | AE64: =AD64*$F64 -> 0 | AF64: =IF(AD64=0,"",AD64/$G64) | AH64: =AG64*$F64 -> 0 | AI64: =IF(AG64=0,"",AG64/$G64) | AK64: =AJ64*$F64 -> 0 | AL64: =IF(AJ64=0,"",AJ64/$G64) | AN64: =AM64*$F64 -> 0 | AO64: =IF(AM64=0,"",AM64/$G64) | AP64: =AM64+AJ64+AG64+AD64+AA64+X64+U64+R64+O64+L64 -> 20 | AQ64: =AP64*$F64 -> 16928.4 | AR64: =IF(AP64=0,"",AP64/$G64) -> 1 | AS64: =G64-AP64 -> 0 | AT64: =AS64*$F64 -> 0 | AU64: =IF(AS64=0,"",AS64/$G64)
B65: '020208 | C65: COMPOSIÇÃO - 2018.000273 | D65: Rede de esgoto, inclusive tubos e conexões de ligação entre caixas, considerando distância de 15m, conforme projeto (1 utilização) | E65: m | F65: 298.92 | G65: 15 | H65: =G65*$F65 -> 4483.8 | I65: =L65+O65 -> 25 | J65: =I65*$F65 -> 7473 | K65: =IF(I65=0,"",I65/$G65) -> 1.6666667 | M65: =L65*$F65 -> 0 | N65: =IF(L65=0,"",L65/$G65) | O65: 25 | P65: =O65*$F65 -> 7473 | Q65: =IF(O65=0,"",O65/$G65) -> 1.6666667 | S65: =R65*$F65 -> 0 | T65: =IF(R65=0,"",R65/$G65) | V65: =U65*$F65 -> 0 | W65: =IF(U65=0,"",U65/$G65) | Y65: =X65*$F65 -> 0 | Z65: =IF(X65=0,"",X65/$G65) | AB65: =AA65*$F65 -> 0 | AC65: =IF(AA65=0,"",AA65/$G65) | AE65: =AD65*$F65 -> 0 | AF65: =IF(AD65=0,"",AD65/$G65) | AH65: =AG65*$F65 -> 0 | AI65: =IF(AG65=0,"",AG65/$G65) | AK65: =AJ65*$F65 -> 0 | AL65: =IF(AJ65=0,"",AJ65/$G65) | AN65: =AM65*$F65 -> 0 | AO65: =IF(AM65=0,"",AM65/$G65) | AP65: =AM65+AJ65+AG65+AD65+AA65+X65+U65+R65+O65+L65 -> 25 | AQ65: =AP65*$F65 -> 7473 | AR65: =IF(AP65=0,"",AP65/$G65) -> 1.6666667 | AS65: =G65-AP65 -> -10 | AT65: =AS65*$F65 -> -2989.2 | AU65: =IF(AS65=0,"",AS65/$G65) -> -0.66666667
B66: '020209 | C66: LABOR - 020710 - 2 | D66: Reservatório de poliestileno de 500L, incl. suporte em madeira de 7x12cm e 5x7cm, elevado de 4m, conf. projeto (1 utilização) | E66: und | F66: 3534.72 | G66: 1 | H66: =G66*$F66 -> 3534.72 | I66: =L66+O66 -> 1 | J66: =I66*$F66 -> 3534.72 | K66: =IF(I66=0,"",I66/$G66) -> 1 | M66: =L66*$F66 -> 0 | N66: =IF(L66=0,"",L66/$G66) | O66: 1 | P66: =O66*$F66 -> 3534.72 | Q66: =IF(O66=0,"",O66/$G66) -> 1 | S66: =R66*$F66 -> 0 | T66: =IF(R66=0,"",R66/$G66) | V66: =U66*$F66 -> 0 | W66: =IF(U66=0,"",U66/$G66) | Y66: =X66*$F66 -> 0 | Z66: =IF(X66=0,"",X66/$G66) | AB66: =AA66*$F66 -> 0 | AC66: =IF(AA66=0,"",AA66/$G66) | AE66: =AD66*$F66 -> 0 | AF66: =IF(AD66=0,"",AD66/$G66) | AH66: =AG66*$F66 -> 0 | AI66: =IF(AG66=0,"",AG66/$G66) | AK66: =AJ66*$F66 -> 0 | AL66: =IF(AJ66=0,"",AJ66/$G66) | AN66: =AM66*$F66 -> 0 | AO66: =IF(AM66=0,"",AM66/$G66) | AP66: =AM66+AJ66+AG66+AD66+AA66+X66+U66+R66+O66+L66 -> 1 | AQ66: =AP66*$F66 -> 3534.72 | AR66: =IF(AP66=0,"",AP66/$G66) -> 1 | AS66: =G66-AP66 -> 0 | AT66: =AS66*$F66 -> 0 | AU66: =IF(AS66=0,"",AS66/$G66)
B67: '020210 | C67: LABOR - 020808 - 2 | D67: Galpão para serraria e carpintaria área 12.00m2, em peças de madeira 8x8cm e contraventamento de 5x7cm, cobertura de telhas de fibroc. de 6mm, inclusive ponto e cabo de alimentação da máquina, conf. projeto (2 utilizações) | E67: m2 | F67: 193.82 | G67: 12 | H67: =G67*$F67 -> 2325.84 | I67: =L67+O67 -> 0 | J67: =I67*$F67 -> 0 | K67: =IF(I67=0,"",I67/$G67) | M67: =L67*$F67 -> 0 | N67: =IF(L67=0,"",L67/$G67) | P67: =O67*$F67 -> 0 | Q67: =IF(O67=0,"",O67/$G67) | S67: =R67*$F67 -> 0 | T67: =IF(R67=0,"",R67/$G67) | V67: =U67*$F67 -> 0 | W67: =IF(U67=0,"",U67/$G67) | Y67: =X67*$F67 -> 0 | Z67: =IF(X67=0,"",X67/$G67) | AB67: =AA67*$F67 -> 0 | AC67: =IF(AA67=0,"",AA67/$G67) | AE67: =AD67*$F67 -> 0 | AF67: =IF(AD67=0,"",AD67/$G67) | AH67: =AG67*$F67 -> 0 | AI67: =IF(AG67=0,"",AG67/$G67) | AK67: =AJ67*$F67 -> 0 | AL67: =IF(AJ67=0,"",AJ67/$G67) | AN67: =AM67*$F67 -> 0 | AO67: =IF(AM67=0,"",AM67/$G67) | AP67: =AM67+AJ67+AG67+AD67+AA67+X67+U67+R67+O67+L67 -> 0 | AQ67: =AP67*$F67 -> 0 | AR67: =IF(AP67=0,"",AP67/$G67) | AS67: =G67-AP67 -> 12 | AT67: =AS67*$F67 -> 2325.84 | AU67: =IF(AS67=0,"",AS67/$G67) -> 1
B68: '020211 | C68: LABOR - 020809 - 2 | D68: Galpão para corte e armação com área de 6.00m2, de peças de madeira 8x8cm e contraventamento de 5x7cm, cobertura de telhas de fibroc. de 6mm, inclusive ponto e cabo de alimentação da máquina, conf. projeto (2 utilizações) | E68: m2 | F68: 260.6 | G68: 6 | H68: =G68*$F68 -> 1563.6 | I68: =L68+O68 -> 0 | J68: =I68*$F68 -> 0 | K68: =IF(I68=0,"",I68/$G68) | M68: =L68*$F68 -> 0 | N68: =IF(L68=0,"",L68/$G68) | P68: =O68*$F68 -> 0 | Q68: =IF(O68=0,"",O68/$G68) | S68: =R68*$F68 -> 0 | T68: =IF(R68=0,"",R68/$G68) | V68: =U68*$F68 -> 0 | W68: =IF(U68=0,"",U68/$G68) | Y68: =X68*$F68 -> 0 | Z68: =IF(X68=0,"",X68/$G68) | AB68: =AA68*$F68 -> 0 | AC68: =IF(AA68=0,"",AA68/$G68) | AE68: =AD68*$F68 -> 0 | AF68: =IF(AD68=0,"",AD68/$G68) | AH68: =AG68*$F68 -> 0 | AI68: =IF(AG68=0,"",AG68/$G68) | AK68: =AJ68*$F68 -> 0 | AL68: =IF(AJ68=0,"",AJ68/$G68) | AN68: =AM68*$F68 -> 0 | AO68: =IF(AM68=0,"",AM68/$G68) | AP68: =AM68+AJ68+AG68+AD68+AA68+X68+U68+R68+O68+L68 -> 0 | AQ68: =AP68*$F68 -> 0 | AR68: =IF(AP68=0,"",AP68/$G68) | AS68: =G68-AP68 -> 6 | AT68: =AS68*$F68 -> 1563.6 | AU68: =IF(AS68=0,"",AS68/$G68) -> 1
B69: '020212 | C69: LABOR - 020803 - 2 | D69: Barracão para depósito de cimento área de 10.90m2, de chapa de compensado 12mm e pontaletes 8x8cm, piso cimentado e cobertura de telhas de fibrocimento de 6mm, inclusive ponto de luz, conf. projeto (2 utilizações) | E69: m2 | F69: 538.05 | G69: 10.9 | H69: =G69*$F69 -> 5864.745 | I69: =L69+O69 -> 10.9 | J69: =I69*$F69 -> 5864.745 | K69: =IF(I69=0,"",I69/$G69) -> 1 | M69: =L69*$F69 -> 0 | N69: =IF(L69=0,"",L69/$G69) | O69: 10.9 | P69: =O69*$F69 -> 5864.745 | Q69: =IF(O69=0,"",O69/$G69) -> 1 | S69: =R69*$F69 -> 0 | T69: =IF(R69=0,"",R69/$G69) | V69: =U69*$F69 -> 0 | W69: =IF(U69=0,"",U69/$G69) | Y69: =X69*$F69 -> 0 | Z69: =IF(X69=0,"",X69/$G69) | AB69: =AA69*$F69 -> 0 | AC69: =IF(AA69=0,"",AA69/$G69) | AE69: =AD69*$F69 -> 0 | AF69: =IF(AD69=0,"",AD69/$G69) | AH69: =AG69*$F69 -> 0 | AI69: =IF(AG69=0,"",AG69/$G69) | AK69: =AJ69*$F69 -> 0 | AL69: =IF(AJ69=0,"",AJ69/$G69) | AN69: =AM69*$F69 -> 0 | AO69: =IF(AM69=0,"",AM69/$G69) | AP69: =AM69+AJ69+AG69+AD69+AA69+X69+U69+R69+O69+L69 -> 10.9 | AQ69: =AP69*$F69 -> 5864.745 | AR69: =IF(AP69=0,"",AP69/$G69) -> 1 | AS69: =G69-AP69 -> 0 | AT69: =AS69*$F69 -> 0 | AU69: =IF(AS69=0,"",AS69/$G69)
B70: 0203 | C70: ANDAIMES | H70: =H71+H72+H73 -> 60229.624 | J70: =J71+J72+J73 -> 1034.16 | K70: =J70/$H70 -> 0.017170288 | M70: =M71+M72+M73 -> 366.96 | N70: =M70/$H70 -> 0.0060926828 | P70: =P71+P72+P73 -> 667.2 | Q70: =P70/$H70 -> 0.011077605 | S70: =S71+S72+S73 -> 11212.899 | T70: =S70/$H70 -> 0.18616917 | V70: =V71+V72+V73 -> 0 | W70: =V70/$H70 -> 0 | Y70: =Y71+Y72+Y73 -> 0 | Z70: =Y70/$H70 -> 0 | AB70: =AB71+AB72+AB73 -> 0 | AC70: =AB70/$H70 -> 0 | AE70: =AE71+AE72+AE73 -> 0 | AF70: =AE70/$H70 -> 0 | AH70: =AH71+AH72+AH73 -> 0 | AI70: =AH70/$H70 -> 0 | AK70: =AK71+AK72+AK73 -> 0 | AL70: =AK70/$H70 -> 0 | AN70: =AN71+AN72+AN73 -> 0 | AO70: =AN70/$H70 -> 0 | AP70: =AM70+AJ70+AG70+AD70+AA70+X70+U70+R70+O70+L70 -> 0 | AQ70: =AQ71+AQ72+AQ73 -> 12247.059 | AR70: =AQ70/$H70 -> 0.20333945 | AS70: =G70-AP70 -> 0 | AT70: =AT71+AT72+AT73 -> 47982.565 | AU70: =AT70/$H70 -> 0.79666055
B71: '020301 | C71: LABOR - 020346 - 1 | D71: Locação de andaime metálico para fachada - tipo torre (aluguel mensal) | E71: m | F71: 16.68 | G71: 288 | H71: =G71*$F71 -> 4803.84 | I71: =L71+O71 -> 62 | J71: =I71*$F71 -> 1034.16 | K71: =IF(I71=0,"",I71/$G71) -> 0.21527778 | L71: 22 | M71: =L71*$F71 -> 366.96 | N71: =IF(L71=0,"",L71/$G71) -> 0.076388889 | O71: 40 | P71: =O71*$F71 -> 667.2 | Q71: =IF(O71=0,"",O71/$G71) -> 0.13888889 | R71: 120 | S71: =R71*$F71 -> 2001.6 | T71: =IF(R71=0,"",R71/$G71) -> 0.41666667 | V71: =U71*$F71 -> 0 | W71: =IF(U71=0,"",U71/$G71) | Y71: =X71*$F71 -> 0 | Z71: =IF(X71=0,"",X71/$G71) | AB71: =AA71*$F71 -> 0 | AC71: =IF(AA71=0,"",AA71/$G71) | AE71: =AD71*$F71 -> 0 | AF71: =IF(AD71=0,"",AD71/$G71) | AH71: =AG71*$F71 -> 0 | AI71: =IF(AG71=0,"",AG71/$G71) | AK71: =AJ71*$F71 -> 0 | AL71: =IF(AJ71=0,"",AJ71/$G71) | AN71: =AM71*$F71 -> 0 | AO71: =IF(AM71=0,"",AM71/$G71) | AP71: =AM71+AJ71+AG71+AD71+AA71+X71+U71+R71+O71+L71 -> 182 | AQ71: =AP71*$F71 -> 3035.76 | AR71: =IF(AP71=0,"",AP71/$G71) -> 0.63194444 | AS71: =G71-AP71 -> 106 | AT71: =AS71*$F71 -> 1768.08 | AU71: =IF(AS71=0,"",AS71/$G71) -> 0.36805556
B72: '020302 | C72: LABOR - 020339 - 1 | D72: Locação de andaime metálico para trabalho em fachada de edifíco (aluguel de 1 m² por 1 mês) inclusive frete, montagem e desmontagem | E72: m2 | F72: 26.58 | G72: 1039.65 | H72: =G72*$F72 -> 27633.897 | I72: =L72+O72 -> 0 | J72: =I72*$F72 -> 0 | K72: =IF(I72=0,"",I72/$G72) | M72: =L72*$F72 -> 0 | N72: =IF(L72=0,"",L72/$G72) | P72: =O72*$F72 -> 0 | Q72: =IF(O72=0,"",O72/$G72) | R72: 346.55 | S72: =R72*$F72 -> 9211.299 | T72: =IF(R72=0,"",R72/$G72) -> 0.33333333 | V72: =U72*$F72 -> 0 | W72: =IF(U72=0,"",U72/$G72) | Y72: =X72*$F72 -> 0 | Z72: =IF(X72=0,"",X72/$G72) | AB72: =AA72*$F72 -> 0 | AC72: =IF(AA72=0,"",AA72/$G72) | AE72: =AD72*$F72 -> 0 | AF72: =IF(AD72=0,"",AD72/$G72) | AH72: =AG72*$F72 -> 0 | AI72: =IF(AG72=0,"",AG72/$G72) | AK72: =AJ72*$F72 -> 0 | AL72: =IF(AJ72=0,"",AJ72/$G72) | AN72: =AM72*$F72 -> 0 | AO72: =IF(AM72=0,"",AM72/$G72) | AP72: =AM72+AJ72+AG72+AD72+AA72+X72+U72+R72+O72+L72 -> 346.55 | AQ72: =AP72*$F72 -> 9211.299 | AR72: =IF(AP72=0,"",AP72/$G72) -> 0.33333333 | AS72: =G72-AP72 -> 693.1 | AT72: =AS72*$F72 -> 18422.598 | AU72: =IF(AS72=0,"",AS72/$G72) -> 0.66666667
B73: '020303 | C73: LABOR - 020348 - 3 | D73: Fornecimento e instalação de proteção para andaime fachadeiro considerando plataforma, rodapé e guarda-corpo em madeira, inclusive entelamento, conforme NR-18 (medido por m2 de fachada) | E73: m2 | F73: 30.65 | G73: 906.75 | H73: =G73*$F73 -> 27791.887 | I73: =L73+O73 -> 0 | J73: =I73*$F73 -> 0 | K73: =IF(I73=0,"",I73/$G73) | M73: =L73*$F73 -> 0 | N73: =IF(L73=0,"",L73/$G73) | P73: =O73*$F73 -> 0 | Q73: =IF(O73=0,"",O73/$G73) | S73: =R73*$F73 -> 0 | T73: =IF(R73=0,"",R73/$G73) | V73: =U73*$F73 -> 0 | W73: =IF(U73=0,"",U73/$G73) | Y73: =X73*$F73 -> 0 | Z73: =IF(X73=0,"",X73/$G73) | AB73: =AA73*$F73 -> 0 | AC73: =IF(AA73=0,"",AA73/$G73) | AE73: =AD73*$F73 -> 0 | AF73: =IF(AD73=0,"",AD73/$G73) | AH73: =AG73*$F73 -> 0 | AI73: =IF(AG73=0,"",AG73/$G73) | AK73: =AJ73*$F73 -> 0 | AL73: =IF(AJ73=0,"",AJ73/$G73) | AN73: =AM73*$F73 -> 0 | AO73: =IF(AM73=0,"",AM73/$G73) | AP73: =AM73+AJ73+AG73+AD73+AA73+X73+U73+R73+O73+L73 -> 0 | AQ73: =AP73*$F73 -> 0 | AR73: =IF(AP73=0,"",AP73/$G73) | AS73: =G73-AP73 -> 906.75 | AT73: =AS73*$F73 -> 27791.887 | AU73: =IF(AS73=0,"",AS73/$G73) -> 1
B74: 0204 | C74: DIVERSOS | H74: =H75+H76 -> 1781.2 | J74: =J75+J76 -> 89.84 | K74: =J74/$H74 -> 0.050437907 | M74: =M75+M76 -> 89.84 | N74: =M74/$H74 -> 0.050437907 | P74: =P75+P76 -> 0 | Q74: =P74/$H74 -> 0 | S74: =S75+S76 -> 1691.36 | T74: =S74/$H74 -> 0.94956209 | V74: =V75+V76 -> 0 | W74: =V74/$H74 -> 0 | Y74: =Y75+Y76 -> 0 | Z74: =Y74/$H74 -> 0 | AB74: =AB75+AB76 -> 0 | AC74: =AB74/$H74 -> 0 | AE74: =AE75+AE76 -> 0 | AF74: =AE74/$H74 -> 0 | AH74: =AH75+AH76 -> 0 | AI74: =AH74/$H74 -> 0 | AK74: =AK75+AK76 -> 0 | AL74: =AK74/$H74 -> 0 | AN74: =AN75+AN76 -> 0 | AO74: =AN74/$H74 -> 0 | AP74: =AM74+AJ74+AG74+AD74+AA74+X74+U74+R74+O74+L74 -> 0 | AQ74: =AQ75+AQ76 -> 1781.2 | AR74: =AQ74/$H74 -> 1 | AS74: =G74-AP74 -> 0 | AT74: =AT75+AT76 -> 0 | AU74: =AT74/$H74 -> 0
B75: '020401 | C75: LABOR - 280502 - 2 | D75: Cavalete de madeira de lei para sinalização, inclusive pintura em esmalte sintético fosco, fundo amarelo e inscrição "TRECHO EM OBRA" na cor preta, comprimento de 1,50m e altura de 1,00m | E75: und | F75: 422.84 | G75: 4 | H75: =G75*$F75 -> 1691.36 | I75: =L75+O75 -> 0 | J75: =I75*$F75 -> 0 | K75: =IF(I75=0,"",I75/$G75) | M75: =L75*$F75 -> 0 | N75: =IF(L75=0,"",L75/$G75) | P75: =O75*$F75 -> 0 | Q75: =IF(O75=0,"",O75/$G75) | R75: 4 | S75: =R75*$F75 -> 1691.36 | T75: =IF(R75=0,"",R75/$G75) -> 1 | V75: =U75*$F75 -> 0 | W75: =IF(U75=0,"",U75/$G75) | Y75: =X75*$F75 -> 0 | Z75: =IF(X75=0,"",X75/$G75) | AB75: =AA75*$F75 -> 0 | AC75: =IF(AA75=0,"",AA75/$G75) | AE75: =AD75*$F75 -> 0 | AF75: =IF(AD75=0,"",AD75/$G75) | AH75: =AG75*$F75 -> 0 | AI75: =IF(AG75=0,"",AG75/$G75) | AK75: =AJ75*$F75 -> 0 | AL75: =IF(AJ75=0,"",AJ75/$G75) | AN75: =AM75*$F75 -> 0 | AO75: =IF(AM75=0,"",AM75/$G75) | AP75: =AM75+AJ75+AG75+AD75+AA75+X75+U75+R75+O75+L75 -> 4 | AQ75: =AP75*$F75 -> 1691.36 | AR75: =IF(AP75=0,"",AP75/$G75) -> 1 | AS75: =G75-AP75 -> 0 | AT75: =AS75*$F75 -> 0 | AU75: =IF(AS75=0,"",AS75/$G75)
B76: '020402 | C76: LABOR - 280506 - 1 | D76: Cone sinalizador de PVC H = 75cm (com uma reutilização) | E76: und | F76: 22.46 | G76: 4 | H76: =G76*$F76 -> 89.84 | I76: =L76+O76 -> 4 | J76: =I76*$F76 -> 89.84 | K76: =IF(I76=0,"",I76/$G76) -> 1 | L76: 4 | M76: =L76*$F76 -> 89.84 | N76: =IF(L76=0,"",L76/$G76) -> 1 | P76: =O76*$F76 -> 0 | Q76: =IF(O76=0,"",O76/$G76) | S76: =R76*$F76 -> 0 | T76: =IF(R76=0,"",R76/$G76) | V76: =U76*$F76 -> 0 | W76: =IF(U76=0,"",U76/$G76) | Y76: =X76*$F76 -> 0 | Z76: =IF(X76=0,"",X76/$G76) | AB76: =AA76*$F76 -> 0 | AC76: =IF(AA76=0,"",AA76/$G76) | AE76: =AD76*$F76 -> 0 | AF76: =IF(AD76=0,"",AD76/$G76) | AH76: =AG76*$F76 -> 0 | AI76: =IF(AG76=0,"",AG76/$G76) | AK76: =AJ76*$F76 -> 0 | AL76: =IF(AJ76=0,"",AJ76/$G76) | AN76: =AM76*$F76 -> 0 | AO76: =IF(AM76=0,"",AM76/$G76) | AP76: =AM76+AJ76+AG76+AD76+AA76+X76+U76+R76+O76+L76 -> 4 | AQ76: =AP76*$F76 -> 89.84 | AR76: =IF(AP76=0,"",AP76/$G76) -> 1 | AS76: =G76-AP76 -> 0 | AT76: =AS76*$F76 -> 0 | AU76: =IF(AS76=0,"",AS76/$G76)
B77: '03 | C77: MOVIMENTO DE TERRA | H77: =H80+H83+H78 -> 79235.814 | J77: =J80+J83+J78 -> 105.3888 | K77: =J77/$H77 -> 0.0013300652 | M77: =M80+M83+M78 -> 0 | N77: =M77/$H77 -> 0 | P77: =P80+P83+P78 -> 105.3888 | Q77: =P77/$H77 -> 0.0013300652 | S77: =S80+S83+S78 -> 9268.2773 | T77: =S77/$H77 -> 0.11697081 | V77: =V80+V83+V78 -> 0 | W77: =V77/$H77 -> 0 | Y77: =Y80+Y83+Y78 -> 0 | Z77: =Y77/$H77 -> 0 | AB77: =AB80+AB83+AB78 -> 0 | AC77: =AB77/$H77 -> 0 | AE77: =AE80+AE83+AE78 -> 0 | AF77: =AE77/$H77 -> 0 | AH77: =AH80+AH83+AH78 -> 0 | AI77: =AH77/$H77 -> 0 | AK77: =AK80+AK83+AK78 -> 0 | AL77: =AK77/$H77 -> 0 | AN77: =AN80+AN83+AN78 -> 0 | AO77: =AN77/$H77 -> 0 | AP77: =AM77+AJ77+AG77+AD77+AA77+X77+U77+R77+O77+L77 -> 0 | AQ77: =AQ80+AQ83+AQ78 -> 9373.6661 | AR77: =AQ77/$H77 -> 0.11830087 | AS77: =G77-AP77 -> 0 | AT77: =AT80+AT83+AT78 -> 69862.148 | AU77: =AT77/$H77 -> 0.88169913
B78: '0301 | C78: ESCAVAÇÕES | H78: =H79 -> 12884.978 | J78: =J79 -> 105.3888 | K78: =J78/$H78 -> 0.0081791988 | M78: =M79 -> 0 | N78: =M78/$H78 -> 0 | P78: =P79 -> 105.3888 | Q78: =P78/$H78 -> 0.0081791988 | S78: =S79 -> 9268.2773 | T78: =S78/$H78 -> 0.71930872 | V78: =V79 -> 0 | W78: =V78/$H78 -> 0 | Y78: =Y79 -> 0 | Z78: =Y78/$H78 -> 0 | AB78: =AB79 -> 0 | AC78: =AB78/$H78 -> 0 | AE78: =AE79 -> 0 | AF78: =AE78/$H78 -> 0 | AH78: =AH79 -> 0 | AI78: =AH78/$H78 -> 0 | AK78: =AK79 -> 0 | AL78: =AK78/$H78 -> 0 | AN78: =AN79 -> 0 | AO78: =AN78/$H78 -> 0 | AP78: =AM78+AJ78+AG78+AD78+AA78+X78+U78+R78+O78+L78 -> 0 | AQ78: =AQ79 -> 9373.6661 | AR78: =AQ78/$H78 -> 0.72748792 | AS78: =G78-AP78 -> 0 | AT78: =AT79 -> 3511.3123 | AU78: =AT78/$H78 -> 0.27251208
B79: '030101 | C79: LABOR - 030101 - 1 | D79: Escavação manual em material de 1a. categoria, até 1.50 m de profundidade | E79: m3 | F79: 59.88 | G79: 215.18 | H79: =G79*$F79 -> 12884.978 | I79: =L79+O79 -> 1.76 | J79: =I79*$F79 -> 105.3888 | K79: =IF(I79=0,"",I79/$G79) -> 0.0081791988 | M79: =L79*$F79 -> 0 | N79: =IF(L79=0,"",L79/$G79) | O79: 1.76 | P79: =O79*$F79 -> 105.3888 | Q79: =IF(O79=0,"",O79/$G79) -> 0.0081791988 | R79: 154.78085 | S79: =R79*$F79 -> 9268.2773 | T79: =IF(R79=0,"",R79/$G79) -> 0.71930872 | V79: =U79*$F79 -> 0 | W79: =IF(U79=0,"",U79/$G79) | Y79: =X79*$F79 -> 0 | Z79: =IF(X79=0,"",X79/$G79) | AB79: =AA79*$F79 -> 0 | AC79: =IF(AA79=0,"",AA79/$G79) | AE79: =AD79*$F79 -> 0 | AF79: =IF(AD79=0,"",AD79/$G79) | AH79: =AG79*$F79 -> 0 | AI79: =IF(AG79=0,"",AG79/$G79) | AK79: =AJ79*$F79 -> 0 | AL79: =IF(AJ79=0,"",AJ79/$G79) | AN79: =AM79*$F79 -> 0 | AO79: =IF(AM79=0,"",AM79/$G79) | AP79: =AM79+AJ79+AG79+AD79+AA79+X79+U79+R79+O79+L79 -> 156.54085 | AQ79: =AP79*$F79 -> 9373.6661 | AR79: =IF(AP79=0,"",AP79/$G79) -> 0.72748792 | AS79: =G79-AP79 -> 58.63915 | AT79: =AS79*$F79 -> 3511.3123 | AU79: =IF(AS79=0,"",AS79/$G79) -> 0.27251208
B80: '0302 | C80: REATERRO E COMPACTAÇÃO | H80: =H81+H82 -> 50628.316 | J80: =J81+J82 -> 0 | K80: =J80/$H80 -> 0 | M80: =M81+M82 -> 0 | N80: =M80/$H80 -> 0 | P80: =P81+P82 -> 0 | Q80: =P80/$H80 -> 0 | S80: =S81+S82 -> 0 | T80: =S80/$H80 -> 0 | V80: =V81+V82 -> 0 | W80: =V80/$H80 -> 0 | Y80: =Y81+Y82 -> 0 | Z80: =Y80/$H80 -> 0 | AB80: =AB81+AB82 -> 0 | AC80: =AB80/$H80 -> 0 | AE80: =AE81+AE82 -> 0 | AF80: =AE80/$H80 -> 0 | AH80: =AH81+AH82 -> 0 | AI80: =AH80/$H80 -> 0 | AK80: =AK81+AK82 -> 0 | AL80: =AK80/$H80 -> 0 | AN80: =AN81+AN82 -> 0 | AO80: =AN80/$H80 -> 0 | AP80: =AM80+AJ80+AG80+AD80+AA80+X80+U80+R80+O80+L80 -> 0 | AQ80: =AQ81+AQ82 -> 0 | AR80: =AQ80/$H80 -> 0 | AS80: =G80-AP80 -> 0 | AT80: =AT81+AT82 -> 50628.316 | AU80: =AT80/$H80 -> 1
B81: '030201 | C81: LABOR - 030206 - 2 | D81: Aterro manual para regularização do terreno em areia, inclusive adensamento hidráulico e fornecimento do material (máximo de 100m3) | E81: m3 | F81: 198.96 | G81: 177.61 | H81: =G81*$F81 -> 35337.286 | I81: =L81+O81 -> 0 | J81: =I81*$F81 -> 0 | K81: =IF(I81=0,"",I81/$G81) | M81: =L81*$F81 -> 0 | N81: =IF(L81=0,"",L81/$G81) | P81: =O81*$F81 -> 0 | Q81: =IF(O81=0,"",O81/$G81) | S81: =R81*$F81 -> 0 | T81: =IF(R81=0,"",R81/$G81) | V81: =U81*$F81 -> 0 | W81: =IF(U81=0,"",U81/$G81) | Y81: =X81*$F81 -> 0 | Z81: =IF(X81=0,"",X81/$G81) | AB81: =AA81*$F81 -> 0 | AC81: =IF(AA81=0,"",AA81/$G81) | AE81: =AD81*$F81 -> 0 | AF81: =IF(AD81=0,"",AD81/$G81) | AH81: =AG81*$F81 -> 0 | AI81: =IF(AG81=0,"",AG81/$G81) | AK81: =AJ81*$F81 -> 0 | AL81: =IF(AJ81=0,"",AJ81/$G81) | AN81: =AM81*$F81 -> 0 | AO81: =IF(AM81=0,"",AM81/$G81) | AP81: =AM81+AJ81+AG81+AD81+AA81+X81+U81+R81+O81+L81 -> 0 | AQ81: =AP81*$F81 -> 0 | AR81: =IF(AP81=0,"",AP81/$G81) | AS81: =G81-AP81 -> 177.61 | AT81: =AS81*$F81 -> 35337.286 | AU81: =IF(AS81=0,"",AS81/$G81) -> 1
B82: '030202 | C82: LABOR - 030209 - 1 | D82: Aterro com areia em áreas de calçada, inclusive fornecimento e adensamento | E82: m3 | F82: 172.78 | G82: 88.5 | H82: =G82*$F82 -> 15291.03 | I82: =L82+O82 -> 0 | J82: =I82*$F82 -> 0 | K82: =IF(I82=0,"",I82/$G82) | M82: =L82*$F82 -> 0 | N82: =IF(L82=0,"",L82/$G82) | P82: =O82*$F82 -> 0 | Q82: =IF(O82=0,"",O82/$G82) | S82: =R82*$F82 -> 0 | T82: =IF(R82=0,"",R82/$G82) | V82: =U82*$F82 -> 0 | W82: =IF(U82=0,"",U82/$G82) | Y82: =X82*$F82 -> 0 | Z82: =IF(X82=0,"",X82/$G82) | AB82: =AA82*$F82 -> 0 | AC82: =IF(AA82=0,"",AA82/$G82) | AE82: =AD82*$F82 -> 0 | AF82: =IF(AD82=0,"",AD82/$G82) | AH82: =AG82*$F82 -> 0 | AI82: =IF(AG82=0,"",AG82/$G82) | AK82: =AJ82*$F82 -> 0 | AL82: =IF(AJ82=0,"",AJ82/$G82) | AN82: =AM82*$F82 -> 0 | AO82: =IF(AM82=0,"",AM82/$G82) | AP82: =AM82+AJ82+AG82+AD82+AA82+X82+U82+R82+O82+L82 -> 0 | AQ82: =AP82*$F82 -> 0 | AR82: =IF(AP82=0,"",AP82/$G82) | AS82: =G82-AP82 -> 88.5 | AT82: =AS82*$F82 -> 15291.03 | AU82: =IF(AS82=0,"",AS82/$G82) -> 1
B83: '0303 | C83: ESGOTAMENTO DE VALAS | H83: =H84 -> 15722.52 | J83: =J84 -> 0 | K83: =J83/$H83 -> 0 | M83: =M84 -> 0 | N83: =M83/$H83 -> 0 | P83: =P84 -> 0 | Q83: =P83/$H83 -> 0 | S83: =S84 -> 0 | T83: =S83/$H83 -> 0 | V83: =V84 -> 0 | W83: =V83/$H83 -> 0 | Y83: =Y84 -> 0 | Z83: =Y83/$H83 -> 0 | AB83: =AB84 -> 0 | AC83: =AB83/$H83 -> 0 | AE83: =AE84 -> 0 | AF83: =AE83/$H83 -> 0 | AH83: =AH84 -> 0 | AI83: =AH83/$H83 -> 0 | AK83: =AK84 -> 0 | AL83: =AK83/$H83 -> 0 | AN83: =AN84 -> 0 | AO83: =AN83/$H83 -> 0 | AP83: =AM83+AJ83+AG83+AD83+AA83+X83+U83+R83+O83+L83 -> 0 | AQ83: =AQ84 -> 0 | AR83: =AQ83/$H83 -> 0 | AS83: =G83-AP83 -> 0 | AT83: =AT84 -> 15722.52 | AU83: =AT83/$H83 -> 1
B84: '030301 | C84: COMPOSIÇÃO - 2018.000228 | D84: Esgotamento com moto-bomba autoescovante, inclusive tubulação flexível para lançamento nos bueiros existentes (undxmês) | E84: und | F84: 3930.63 | G84: 4 | H84: =G84*$F84 -> 15722.52 | I84: =L84+O84 -> 0 | J84: =I84*$F84 -> 0 | K84: =IF(I84=0,"",I84/$G84) | M84: =L84*$F84 -> 0 | N84: =IF(L84=0,"",L84/$G84) | P84: =O84*$F84 -> 0 | Q84: =IF(O84=0,"",O84/$G84) | S84: =R84*$F84 -> 0 | T84: =IF(R84=0,"",R84/$G84) | V84: =U84*$F84 -> 0 | W84: =IF(U84=0,"",U84/$G84) | Y84: =X84*$F84 -> 0 | Z84: =IF(X84=0,"",X84/$G84) | AB84: =AA84*$F84 -> 0 | AC84: =IF(AA84=0,"",AA84/$G84) | AE84: =AD84*$F84 -> 0 | AF84: =IF(AD84=0,"",AD84/$G84) | AH84: =AG84*$F84 -> 0 | AI84: =IF(AG84=0,"",AG84/$G84) | AK84: =AJ84*$F84 -> 0 | AL84: =IF(AJ84=0,"",AJ84/$G84) | AN84: =AM84*$F84 -> 0 | AO84: =IF(AM84=0,"",AM84/$G84) | AP84: =AM84+AJ84+AG84+AD84+AA84+X84+U84+R84+O84+L84 -> 0 | AQ84: =AP84*$F84 -> 0 | AR84: =IF(AP84=0,"",AP84/$G84) | AS84: =G84-AP84 -> 4 | AT84: =AS84*$F84 -> 15722.52 | AU84: =IF(AS84=0,"",AS84/$G84) -> 1
B85: 04 | C85: ESTRUTURAS | H85: =H86+H94+H101+H103+H106+H110+H113 -> 585847.52 | J85: =J86+J94+J101+J103+J106+J110+J113 -> 35204.514 | K85: =J85/$H85 -> 0.060091599 | M85: =M86+M94+M101+M103+M106+M110+M113 -> 0 | N85: =M85/$H85 -> 0 | P85: =P86+P94+P101+P103+P106+P110+P113 -> 35204.514 | Q85: =P85/$H85 -> 0.060091599 | S85: =S86+S94+S101+S103+S106+S110+S113 -> 308846.94 | T85: =S85/$H85 -> 0.52717972 | V85: =V86+V94+V101+V103+V106+V110+V113 -> 0 | W85: =V85/$H85 -> 0 | Y85: =Y86+Y94+Y101+Y103+Y106+Y110+Y113 -> 0 | Z85: =Y85/$H85 -> 0 | AB85: =AB86+AB94+AB101+AB103+AB106+AB110+AB113 -> 0 | AC85: =AB85/$H85 -> 0 | AE85: =AE86+AE94+AE101+AE103+AE106+AE110+AE113 -> 0 | AF85: =AE85/$H85 -> 0 | AH85: =AH86+AH94+AH101+AH103+AH106+AH110+AH113 -> 0 | AI85: =AH85/$H85 -> 0 | AK85: =AK86+AK94+AK101+AK103+AK106+AK110+AK113 -> 0 | AL85: =AK85/$H85 -> 0 | AN85: =AN86+AN94+AN101+AN103+AN106+AN110+AN113 -> 0 | AO85: =AN85/$H85 -> 0 | AP85: =AM85+AJ85+AG85+AD85+AA85+X85+U85+R85+O85+L85 -> 0 | AQ85: =AQ86+AQ94+AQ101+AQ103+AQ106+AQ110+AQ113 -> 344051.45 | AR85: =AQ85/$H85 -> 0.58727132 | AS85: =G85-AP85 -> 0 | AT85: =AT86+AT94+AT101+AT103+AT106+AT110+AT113 -> 241796.07 | AU85: =AT85/$H85 -> 0.41272868
B86: 0401 | C86: INFRA-ESTRUTURA (FUNDAÇÃO) | H86: =SUM(H87:H93) -> 142292.01 | J86: =SUM(J87:J93) -> 0 | K86: =J86/$H86 -> 0 | M86: =SUM(M87:M93) -> 0 | N86: =M86/$H86 -> 0 | P86: =SUM(P87:P93) -> 0 | Q86: =P86/$H86 -> 0 | S86: =SUM(S87:S93) -> 68533.182 | T86: =S86/$H86 -> 0.48163758 | V86: =SUM(V87:V93) -> 0 | W86: =V86/$H86 -> 0 | Y86: =SUM(Y87:Y93) -> 0 | Z86: =Y86/$H86 -> 0 | AB86: =SUM(AB87:AB93) -> 0 | AC86: =AB86/$H86 -> 0 | AE86: =SUM(AE87:AE93) -> 0 | AF86: =AE86/$H86 -> 0 | AH86: =SUM(AH87:AH93) -> 0 | AI86: =AH86/$H86 -> 0 | AK86: =SUM(AK87:AK93) -> 0 | AL86: =AK86/$H86 -> 0 | AN86: =SUM(AN87:AN93) -> 0 | AO86: =AN86/$H86 -> 0 | AP86: =AM86+AJ86+AG86+AD86+AA86+X86+U86+R86+O86+L86 -> 0 | AQ86: =SUM(AQ87:AQ93) -> 68533.182 | AR86: =AQ86/$H86 -> 0.48163758 | AS86: =G86-AP86 -> 0 | AT86: =SUM(AT87:AT93) -> 73758.833 | AU86: =AT86/$H86 -> 0.51836242
B87: '040101 | C87: LABOR - 040238 - 2 | D87: Fôrma de chapa compensada resinada 12mm, levando-se em conta a utilização 3 vezes (incluido o material, corte, montagem, escoramento e desfôrma) | E87: m2 | F87: 115.16 | G87: 270.63 | H87: =G87*$F87 -> 31165.751 | I87: =L87+O87 -> 0 | J87: =I87*$F87 -> 0 | K87: =IF(I87=0,"",I87/$G87) | M87: =L87*$F87 -> 0 | N87: =IF(L87=0,"",L87/$G87) | P87: =O87*$F87 -> 0 | Q87: =IF(O87=0,"",O87/$G87) | R87: 67.93 | S87: =R87*$F87 -> 7822.8188 | T87: =IF(R87=0,"",R87/$G87) -> 0.25100691 | V87: =U87*$F87 -> 0 | W87: =IF(U87=0,"",U87/$G87) | Y87: =X87*$F87 -> 0 | Z87: =IF(X87=0,"",X87/$G87) | AB87: =AA87*$F87 -> 0 | AC87: =IF(AA87=0,"",AA87/$G87) | AE87: =AD87*$F87 -> 0 | AF87: =IF(AD87=0,"",AD87/$G87) | AH87: =AG87*$F87 -> 0 | AI87: =IF(AG87=0,"",AG87/$G87) | AK87: =AJ87*$F87 -> 0 | AL87: =IF(AJ87=0,"",AJ87/$G87) | AN87: =AM87*$F87 -> 0 | AO87: =IF(AM87=0,"",AM87/$G87) | AP87: =AM87+AJ87+AG87+AD87+AA87+X87+U87+R87+O87+L87 -> 67.93 | AQ87: =AP87*$F87 -> 7822.8188 | AR87: =IF(AP87=0,"",AP87/$G87) -> 0.25100691 | AS87: =G87-AP87 -> 202.7 | AT87: =AS87*$F87 -> 23342.932 | AU87: =IF(AS87=0,"",AS87/$G87) -> 0.74899309
B88: '040102 | C88: LABOR - 040246 - 1 | D88: Fornecimento, dobragem e colocação em fôrma, de armadura CA-60 B fina, diâmetro de 4.0 a 7.0mm | E88: kg | F88: 16.03 | G88: 1256.09 | H88: =G88*$F88 -> 20135.123 | I88: =L88+O88 -> 0 | J88: =I88*$F88 -> 0 | K88: =IF(I88=0,"",I88/$G88) | M88: =L88*$F88 -> 0 | N88: =IF(L88=0,"",L88/$G88) | P88: =O88*$F88 -> 0 | Q88: =IF(O88=0,"",O88/$G88) | R88: 515.2 | S88: =R88*$F88 -> 8258.656 | T88: =IF(R88=0,"",R88/$G88) -> 0.41016169 | V88: =U88*$F88 -> 0 | W88: =IF(U88=0,"",U88/$G88) | Y88: =X88*$F88 -> 0 | Z88: =IF(X88=0,"",X88/$G88) | AB88: =AA88*$F88 -> 0 | AC88: =IF(AA88=0,"",AA88/$G88) | AE88: =AD88*$F88 -> 0 | AF88: =IF(AD88=0,"",AD88/$G88) | AH88: =AG88*$F88 -> 0 | AI88: =IF(AG88=0,"",AG88/$G88) | AK88: =AJ88*$F88 -> 0 | AL88: =IF(AJ88=0,"",AJ88/$G88) | AN88: =AM88*$F88 -> 0 | AO88: =IF(AM88=0,"",AM88/$G88) | AP88: =AM88+AJ88+AG88+AD88+AA88+X88+U88+R88+O88+L88 -> 515.2 | AQ88: =AP88*$F88 -> 8258.656 | AR88: =IF(AP88=0,"",AP88/$G88) -> 0.41016169 | AS88: =G88-AP88 -> 740.89 | AT88: =AS88*$F88 -> 11876.467 | AU88: =IF(AS88=0,"",AS88/$G88) -> 0.58983831
B89: '040103 | C89: LABOR - 040243 - 1 | D89: Fornecimento, dobragem e colocação em fôrma, de armadura CA-50 A média, diâmetro de 6.3 a 10.0 mm | E89: kg | F89: 13.93 | G89: 1884.66 | H89: =G89*$F89 -> 26253.314 | I89: =L89+O89 -> 0 | J89: =I89*$F89 -> 0 | K89: =IF(I89=0,"",I89/$G89) | M89: =L89*$F89 -> 0 | N89: =IF(L89=0,"",L89/$G89) | P89: =O89*$F89 -> 0 | Q89: =IF(O89=0,"",O89/$G89) | R89: 1294.1 | S89: =R89*$F89 -> 18026.813 | T89: =IF(R89=0,"",R89/$G89) -> 0.68664905 | V89: =U89*$F89 -> 0 | W89: =IF(U89=0,"",U89/$G89) | Y89: =X89*$F89 -> 0 | Z89: =IF(X89=0,"",X89/$G89) | AB89: =AA89*$F89 -> 0 | AC89: =IF(AA89=0,"",AA89/$G89) | AE89: =AD89*$F89 -> 0 | AF89: =IF(AD89=0,"",AD89/$G89) | AH89: =AG89*$F89 -> 0 | AI89: =IF(AG89=0,"",AG89/$G89) | AK89: =AJ89*$F89 -> 0 | AL89: =IF(AJ89=0,"",AJ89/$G89) | AN89: =AM89*$F89 -> 0 | AO89: =IF(AM89=0,"",AM89/$G89) | AP89: =AM89+AJ89+AG89+AD89+AA89+X89+U89+R89+O89+L89 -> 1294.1 | AQ89: =AP89*$F89 -> 18026.813 | AR89: =IF(AP89=0,"",AP89/$G89) -> 0.68664905 | AS89: =G89-AP89 -> 590.56 | AT89: =AS89*$F89 -> 8226.5008 | AU89: =IF(AS89=0,"",AS89/$G89) -> 0.31335095
B90: '040104 | C90: LABOR - 040245 - 1 | D90: Fornecimento, dobragem e colocação em fôrma, de armadura CA-50 A grossa diâmetro de 12.5 a 25.0 mm (1/2 a 1") | E90: kg | F90: 14.73 | G90: 899.84 | H90: =G90*$F90 -> 13254.643 | I90: =L90+O90 -> 0 | J90: =I90*$F90 -> 0 | K90: =IF(I90=0,"",I90/$G90) | M90: =L90*$F90 -> 0 | N90: =IF(L90=0,"",L90/$G90) | P90: =O90*$F90 -> 0 | Q90: =IF(O90=0,"",O90/$G90) | R90: 312.3 | S90: =R90*$F90 -> 4600.179 | T90: =IF(R90=0,"",R90/$G90) -> 0.3470617 | V90: =U90*$F90 -> 0 | W90: =IF(U90=0,"",U90/$G90) | Y90: =X90*$F90 -> 0 | Z90: =IF(X90=0,"",X90/$G90) | AB90: =AA90*$F90 -> 0 | AC90: =IF(AA90=0,"",AA90/$G90) | AE90: =AD90*$F90 -> 0 | AF90: =IF(AD90=0,"",AD90/$G90) | AH90: =AG90*$F90 -> 0 | AI90: =IF(AG90=0,"",AG90/$G90) | AK90: =AJ90*$F90 -> 0 | AL90: =IF(AJ90=0,"",AJ90/$G90) | AN90: =AM90*$F90 -> 0 | AO90: =IF(AM90=0,"",AM90/$G90) | AP90: =AM90+AJ90+AG90+AD90+AA90+X90+U90+R90+O90+L90 -> 312.3 | AQ90: =AP90*$F90 -> 4600.179 | AR90: =IF(AP90=0,"",AP90/$G90) -> 0.3470617 | AS90: =G90-AP90 -> 587.54 | AT90: =AS90*$F90 -> 8654.4642 | AU90: =IF(AS90=0,"",AS90/$G90) -> 0.6529383
B91: '040105 | C91: LABOR - 040253 - 1 | D91: Fornecimento e aplicação de concreto USINADO Fck=30 MPa - considerando lançamento MANUAL para INFRA-ESTRUTURA (5% de perdas já incluído no custo) | E91: m3 | F91: 709.12 | G91: 62.68 | H91: =G91*$F91 -> 44447.642 | I91: =L91+O91 -> 0 | J91: =I91*$F91 -> 0 | K91: =IF(I91=0,"",I91/$G91) | M91: =L91*$F91 -> 0 | N91: =IF(L91=0,"",L91/$G91) | P91: =O91*$F91 -> 0 | Q91: =IF(O91=0,"",O91/$G91) | R91: 35.5055 | S91: =R91*$F91 -> 25177.66 | T91: =IF(R91=0,"",R91/$G91) -> 0.5664566 | V91: =U91*$F91 -> 0 | W91: =IF(U91=0,"",U91/$G91) | Y91: =X91*$F91 -> 0 | Z91: =IF(X91=0,"",X91/$G91) | AB91: =AA91*$F91 -> 0 | AC91: =IF(AA91=0,"",AA91/$G91) | AE91: =AD91*$F91 -> 0 | AF91: =IF(AD91=0,"",AD91/$G91) | AH91: =AG91*$F91 -> 0 | AI91: =IF(AG91=0,"",AG91/$G91) | AK91: =AJ91*$F91 -> 0 | AL91: =IF(AJ91=0,"",AJ91/$G91) | AN91: =AM91*$F91 -> 0 | AO91: =IF(AM91=0,"",AM91/$G91) | AP91: =AM91+AJ91+AG91+AD91+AA91+X91+U91+R91+O91+L91 -> 35.5055 | AQ91: =AP91*$F91 -> 25177.66 | AR91: =IF(AP91=0,"",AP91/$G91) -> 0.5664566 | AS91: =G91-AP91 -> 27.1745 | AT91: =AS91*$F91 -> 19269.981 | AU91: =IF(AS91=0,"",AS91/$G91) -> 0.4335434
B92: '040106 | C92: LABOR - 040231 - 1 | D92: Fornecimento, preparo e aplicação de concreto magro com consumo mínimo de cimento de 250 kg/m3 (brita 1 e 2) - (5% de perdas já incluído no custo) | E92: m3 | F92: 716.24 | G92: 8.76 | H92: =G92*$F92 -> 6274.2624 | I92: =L92+O92 -> 0 | J92: =I92*$F92 -> 0 | K92: =IF(I92=0,"",I92/$G92) | M92: =L92*$F92 -> 0 | N92: =IF(L92=0,"",L92/$G92) | P92: =O92*$F92 -> 0 | Q92: =IF(O92=0,"",O92/$G92) | R92: 6.488125 | S92: =R92*$F92 -> 4647.0547 | T92: =IF(R92=0,"",R92/$G92) -> 0.74065354 | V92: =U92*$F92 -> 0 | W92: =IF(U92=0,"",U92/$G92) | Y92: =X92*$F92 -> 0 | Z92: =IF(X92=0,"",X92/$G92) | AB92: =AA92*$F92 -> 0 | AC92: =IF(AA92=0,"",AA92/$G92) | AE92: =AD92*$F92 -> 0 | AF92: =IF(AD92=0,"",AD92/$G92) | AH92: =AG92*$F92 -> 0 | AI92: =IF(AG92=0,"",AG92/$G92) | AK92: =AJ92*$F92 -> 0 | AL92: =IF(AJ92=0,"",AJ92/$G92) | AN92: =AM92*$F92 -> 0 | AO92: =IF(AM92=0,"",AM92/$G92) | AP92: =AM92+AJ92+AG92+AD92+AA92+X92+U92+R92+O92+L92 -> 6.488125 | AQ92: =AP92*$F92 -> 4647.0547 | AR92: =IF(AP92=0,"",AP92/$G92) -> 0.74065354 | AS92: =G92-AP92 -> 2.271875 | AT92: =AS92*$F92 -> 1627.2077 | AU92: =IF(AS92=0,"",AS92/$G92) -> 0.25934646
B93: '040107 | C93: COMPOSIÇÃO - 2018.000229 | D93: Fornecimento/instalação lona plástica preta, espessura 150 micras | E93: m2 | F93: 5.26 | G93: 144.73 | H93: =G93*$F93 -> 761.2798 | I93: =L93+O93 -> 0 | J93: =I93*$F93 -> 0 | K93: =IF(I93=0,"",I93/$G93) | M93: =L93*$F93 -> 0 | N93: =IF(L93=0,"",L93/$G93) | P93: =O93*$F93 -> 0 | Q93: =IF(O93=0,"",O93/$G93) | S93: =R93*$F93 -> 0 | T93: =IF(R93=0,"",R93/$G93) | V93: =U93*$F93 -> 0 | W93: =IF(U93=0,"",U93/$G93) | Y93: =X93*$F93 -> 0 | Z93: =IF(X93=0,"",X93/$G93) | AB93: =AA93*$F93 -> 0 | AC93: =IF(AA93=0,"",AA93/$G93) | AE93: =AD93*$F93 -> 0 | AF93: =IF(AD93=0,"",AD93/$G93) | AH93: =AG93*$F93 -> 0 | AI93: =IF(AG93=0,"",AG93/$G93) | AK93: =AJ93*$F93 -> 0 | AL93: =IF(AJ93=0,"",AJ93/$G93) | AN93: =AM93*$F93 -> 0 | AO93: =IF(AM93=0,"",AM93/$G93) | AP93: =AM93+AJ93+AG93+AD93+AA93+X93+U93+R93+O93+L93 -> 0 | AQ93: =AP93*$F93 -> 0 | AR93: =IF(AP93=0,"",AP93/$G93) | AS93: =G93-AP93 -> 144.73 | AT93: =AS93*$F93 -> 761.2798 | AU93: =IF(AS93=0,"",AS93/$G93) -> 1
B94: 0402 | C94: SUPER-ESTRUTURA | H94: =SUM(H95:H100) -> 201732.78 | J94: =SUM(J95:J100) -> 35204.514 | K94: =J94/$H94 -> 0.17451063 | M94: =SUM(M95:M100) -> 0 | N94: =M94/$H94 -> 0 | P94: =SUM(P95:P100) -> 35204.514 | Q94: =P94/$H94 -> 0.17451063 | S94: =SUM(S95:S100) -> 55176.064 | T94: =S94/$H94 -> 0.27351065 | V94: =SUM(V95:V100) -> 0 | W94: =V94/$H94 -> 0 | Y94: =SUM(Y95:Y100) -> 0 | Z94: =Y94/$H94 -> 0 | AB94: =SUM(AB95:AB100) -> 0 | AC94: =AB94/$H94 -> 0 | AE94: =SUM(AE95:AE100) -> 0 | AF94: =AE94/$H94 -> 0 | AH94: =SUM(AH95:AH100) -> 0 | AI94: =AH94/$H94 -> 0 | AK94: =SUM(AK95:AK100) -> 0 | AL94: =AK94/$H94 -> 0 | AN94: =SUM(AN95:AN100) -> 0 | AO94: =AN94/$H94 -> 0 | AP94: =AM94+AJ94+AG94+AD94+AA94+X94+U94+R94+O94+L94 -> 0 | AQ94: =SUM(AQ95:AQ100) -> 90380.579 | AR94: =AQ94/$H94 -> 0.44802128 | AS94: =G94-AP94 -> 0 | AT94: =SUM(AT95:AT100) -> 111352.2 | AU94: =AT94/$H94 -> 0.55197872
B95: '040201 | C95: LABOR - 040337 - 2 | D95: Fôrma em chapa de madeira compensada plastificada 12mm para estrutura em geral, 5 reaproveitamentos, reforçada com sarrafos de madeira 2.5x10cm (incl material, corte, montagem, escoras em eucalipto e desforma) | E95: m2 | F95: 135.39 | G95: 669.36 | H95: =G95*$F95 -> 90624.65 | I95: =L95+O95 -> 91.44 | J95: =I95*$F95 -> 12380.062 | K95: =IF(I95=0,"",I95/$G95) -> 0.1366081 | M95: =L95*$F95 -> 0 | N95: =IF(L95=0,"",L95/$G95) | O95: 91.44 | P95: =O95*$F95 -> 12380.062 | Q95: =IF(O95=0,"",O95/$G95) -> 0.1366081 | R95: 41.8625 | S95: =R95*$F95 -> 5667.7639 | T95: =IF(R95=0,"",R95/$G95) -> 0.062541084 | V95: =U95*$F95 -> 0 | W95: =IF(U95=0,"",U95/$G95) | Y95: =X95*$F95 -> 0 | Z95: =IF(X95=0,"",X95/$G95) | AB95: =AA95*$F95 -> 0 | AC95: =IF(AA95=0,"",AA95/$G95) | AE95: =AD95*$F95 -> 0 | AF95: =IF(AD95=0,"",AD95/$G95) | AH95: =AG95*$F95 -> 0 | AI95: =IF(AG95=0,"",AG95/$G95) | AK95: =AJ95*$F95 -> 0 | AL95: =IF(AJ95=0,"",AJ95/$G95) | AN95: =AM95*$F95 -> 0 | AO95: =IF(AM95=0,"",AM95/$G95) | AP95: =AM95+AJ95+AG95+AD95+AA95+X95+U95+R95+O95+L95 -> 133.3025 | AQ95: =AP95*$F95 -> 18047.825 | AR95: =IF(AP95=0,"",AP95/$G95) -> 0.19914919 | AS95: =G95-AP95 -> 536.0575 | AT95: =AS95*$F95 -> 72576.825 | AU95: =IF(AS95=0,"",AS95/$G95) -> 0.80085081
B96: '040202 | C96: LABOR - 040333 - 1 | D96: Fornecimento, dobragem e colocação em fôrma, de armadura CA-60 B fina, diâmetro de 4.0 a 7.0mm | E96: kg | F96: 16.03 | G96: 582.77 | H96: =G96*$F96 -> 9341.8031 | I96: =L96+O96 -> 0 | J96: =I96*$F96 -> 0 | K96: =IF(I96=0,"",I96/$G96) | M96: =L96*$F96 -> 0 | N96: =IF(L96=0,"",L96/$G96) | P96: =O96*$F96 -> 0 | Q96: =IF(O96=0,"",O96/$G96) | R96: 473.9 | S96: =R96*$F96 -> 7596.617 | T96: =IF(R96=0,"",R96/$G96) -> 0.8131853 | V96: =U96*$F96 -> 0 | W96: =IF(U96=0,"",U96/$G96) | Y96: =X96*$F96 -> 0 | Z96: =IF(X96=0,"",X96/$G96) | AB96: =AA96*$F96 -> 0 | AC96: =IF(AA96=0,"",AA96/$G96) | AE96: =AD96*$F96 -> 0 | AF96: =IF(AD96=0,"",AD96/$G96) | AH96: =AG96*$F96 -> 0 | AI96: =IF(AG96=0,"",AG96/$G96) | AK96: =AJ96*$F96 -> 0 | AL96: =IF(AJ96=0,"",AJ96/$G96) | AN96: =AM96*$F96 -> 0 | AO96: =IF(AM96=0,"",AM96/$G96) | AP96: =AM96+AJ96+AG96+AD96+AA96+X96+U96+R96+O96+L96 -> 473.9 | AQ96: =AP96*$F96 -> 7596.617 | AR96: =IF(AP96=0,"",AP96/$G96) -> 0.8131853 | AS96: =G96-AP96 -> 108.87 | AT96: =AS96*$F96 -> 1745.1861 | AU96: =IF(AS96=0,"",AS96/$G96) -> 0.1868147
B97: '040203 | C97: LABOR - 040328 - 1 | D97: Fornecimento, dobragem e colocação em fôrma, de armadura CA-50 A média, diâmetro de 6.3 a 10.0 mm | E97: kg | F97: 13.93 | G97: 2011.57 | H97: =G97*$F97 -> 28021.17 | I97: =L97+O97 -> 592 | J97: =I97*$F97 -> 8246.56 | K97: =IF(I97=0,"",I97/$G97) -> 0.29429749 | M97: =L97*$F97 -> 0 | N97: =IF(L97=0,"",L97/$G97) | O97: 592 | P97: =O97*$F97 -> 8246.56 | Q97: =IF(O97=0,"",O97/$G97) -> 0.29429749 | R97: 732.6 | S97: =R97*$F97 -> 10205.118 | T97: =IF(R97=0,"",R97/$G97) -> 0.36419314 | V97: =U97*$F97 -> 0 | W97: =IF(U97=0,"",U97/$G97) | Y97: =X97*$F97 -> 0 | Z97: =IF(X97=0,"",X97/$G97) | AB97: =AA97*$F97 -> 0 | AC97: =IF(AA97=0,"",AA97/$G97) | AE97: =AD97*$F97 -> 0 | AF97: =IF(AD97=0,"",AD97/$G97) | AH97: =AG97*$F97 -> 0 | AI97: =IF(AG97=0,"",AG97/$G97) | AK97: =AJ97*$F97 -> 0 | AL97: =IF(AJ97=0,"",AJ97/$G97) | AN97: =AM97*$F97 -> 0 | AO97: =IF(AM97=0,"",AM97/$G97) | AP97: =AM97+AJ97+AG97+AD97+AA97+X97+U97+R97+O97+L97 -> 1324.6 | AQ97: =AP97*$F97 -> 18451.678 | AR97: =IF(AP97=0,"",AP97/$G97) -> 0.65849063 | AS97: =G97-AP97 -> 686.97 | AT97: =AS97*$F97 -> 9569.4921 | AU97: =IF(AS97=0,"",AS97/$G97) -> 0.34150937
B98: '040204 | C98: LABOR - 040332 - 1 | D98: Fornecimento, dobragem e colocação em fôrma, de armadura CA-50 A grossa, diâmetro de 12.5 a 25.0mm | E98: kg | F98: 14.73 | G98: 2126.94 | H98: =G98*$F98 -> 31329.826 | I98: =L98+O98 -> 491.6 | J98: =I98*$F98 -> 7241.268 | K98: =IF(I98=0,"",I98/$G98) -> 0.23113017 | M98: =L98*$F98 -> 0 | N98: =IF(L98=0,"",L98/$G98) | O98: 491.6 | P98: =O98*$F98 -> 7241.268 | Q98: =IF(O98=0,"",O98/$G98) -> 0.23113017 | R98: 1228.3 | S98: =R98*$F98 -> 18092.859 | T98: =IF(R98=0,"",R98/$G98) -> 0.57749631 | V98: =U98*$F98 -> 0 | W98: =IF(U98=0,"",U98/$G98) | Y98: =X98*$F98 -> 0 | Z98: =IF(X98=0,"",X98/$G98) | AB98: =AA98*$F98 -> 0 | AC98: =IF(AA98=0,"",AA98/$G98) | AE98: =AD98*$F98 -> 0 | AF98: =IF(AD98=0,"",AD98/$G98) | AH98: =AG98*$F98 -> 0 | AI98: =IF(AG98=0,"",AG98/$G98) | AK98: =AJ98*$F98 -> 0 | AL98: =IF(AJ98=0,"",AJ98/$G98) | AN98: =AM98*$F98 -> 0 | AO98: =IF(AM98=0,"",AM98/$G98) | AP98: =AM98+AJ98+AG98+AD98+AA98+X98+U98+R98+O98+L98 -> 1719.9 | AQ98: =AP98*$F98 -> 25334.127 | AR98: =IF(AP98=0,"",AP98/$G98) -> 0.80862648 | AS98: =G98-AP98 -> 407.04 | AT98: =AS98*$F98 -> 5995.6992 | AU98: =IF(AS98=0,"",AS98/$G98) -> 0.19137352
B99: '040205 | C99: LABOR - 040331 - 1 | D99: Fornecimento e aplicação de concreto USINADO Fck=30 MPa - considerando BOMBEAMENTO (5% de perdas já incluído no custo) (6% de taxa p/ concr. bombeavel) | E99: m3 | F99: 633.56 | G99: 55.84 | H99: =G99*$F99 -> 35377.99 | I99: =L99+O99 -> 11.58 | J99: =I99*$F99 -> 7336.6248 | K99: =IF(I99=0,"",I99/$G99) -> 0.20737822 | M99: =L99*$F99 -> 0 | N99: =IF(L99=0,"",L99/$G99) | O99: 11.58 | P99: =O99*$F99 -> 7336.6248 | Q99: =IF(O99=0,"",O99/$G99) -> 0.20737822 | R99: 10.37 | S99: =R99*$F99 -> 6570.0172 | T99: =IF(R99=0,"",R99/$G99) -> 0.18570917 | V99: =U99*$F99 -> 0 | W99: =IF(U99=0,"",U99/$G99) | Y99: =X99*$F99 -> 0 | Z99: =IF(X99=0,"",X99/$G99) | AB99: =AA99*$F99 -> 0 | AC99: =IF(AA99=0,"",AA99/$G99) | AE99: =AD99*$F99 -> 0 | AF99: =IF(AD99=0,"",AD99/$G99) | AH99: =AG99*$F99 -> 0 | AI99: =IF(AG99=0,"",AG99/$G99) | AK99: =AJ99*$F99 -> 0 | AL99: =IF(AJ99=0,"",AJ99/$G99) | AN99: =AM99*$F99 -> 0 | AO99: =IF(AM99=0,"",AM99/$G99) | AP99: =AM99+AJ99+AG99+AD99+AA99+X99+U99+R99+O99+L99 -> 21.95 | AQ99: =AP99*$F99 -> 13906.642 | AR99: =IF(AP99=0,"",AP99/$G99) -> 0.39308739 | AS99: =G99-AP99 -> 33.89 | AT99: =AS99*$F99 -> 21471.348 | AU99: =IF(AS99=0,"",AS99/$G99) -> 0.60691261
B100: '040206 | C100: LABOR - 040817 - 1 | D100: Fornecimento e lançamento de concreto para grouteamento com adição de pedrisco (50% em peso), utilizando Sikagrout ou produto equivalente, exclusive forma | E100: m3 | F100: 4291.06 | G100: 1.64 | H100: =G100*$F100 -> 7037.3384 | I100: =L100+O100 -> 0 | J100: =I100*$F100 -> 0 | K100: =IF(I100=0,"",I100/$G100) | M100: =L100*$F100 -> 0 | N100: =IF(L100=0,"",L100/$G100) | P100: =O100*$F100 -> 0 | Q100: =IF(O100=0,"",O100/$G100) | R100: 1.64148 | S100: =R100*$F100 -> 7043.6892 | T100: =IF(R100=0,"",R100/$G100) -> 1.0009024 | V100: =U100*$F100 -> 0 | W100: =IF(U100=0,"",U100/$G100) | Y100: =X100*$F100 -> 0 | Z100: =IF(X100=0,"",X100/$G100) | AB100: =AA100*$F100 -> 0 | AC100: =IF(AA100=0,"",AA100/$G100) | AE100: =AD100*$F100 -> 0 | AF100: =IF(AD100=0,"",AD100/$G100) | AH100: =AG100*$F100 -> 0 | AI100: =IF(AG100=0,"",AG100/$G100) | AK100: =AJ100*$F100 -> 0 | AL100: =IF(AJ100=0,"",AJ100/$G100) | AN100: =AM100*$F100 -> 0 | AO100: =IF(AM100=0,"",AM100/$G100) | AP100: =AM100+AJ100+AG100+AD100+AA100+X100+U100+R100+O100+L100 -> 1.64148 | AQ100: =AP100*$F100 -> 7043.6892 | AR100: =IF(AP100=0,"",AP100/$G100) -> 1.0009024 | AS100: =G100-AP100 -> -0.00148 | AT100: =AS100*$F100 -> -6.3507688 | AU100: =IF(AS100=0,"",AS100/$G100) -> -0.00090243902
B101: 0403 | C101: ESTRUTURA METÁLICA | H101: =H102 -> 92937.217 | J101: =J102 -> 0 | K101: =J101/$H101 -> 0 | M101: =M102 -> 0 | N101: =M101/$H101 -> 0 | P101: =P102 -> 0 | Q101: =P101/$H101 -> 0 | S101: =S102 -> 92937.217 | T101: =S101/$H101 -> 1 | V101: =V102 -> 0 | W101: =V101/$H101 -> 0 | Y101: =Y102 -> 0 | Z101: =Y101/$H101 -> 0 | AB101: =AB102 -> 0 | AC101: =AB101/$H101 -> 0 | AE101: =AE102 -> 0 | AF101: =AE101/$H101 -> 0 | AH101: =AH102 -> 0 | AI101: =AH101/$H101 -> 0 | AK101: =AK102 -> 0 | AL101: =AK101/$H101 -> 0 | AN101: =AN102 -> 0 | AO101: =AN101/$H101 -> 0 | AP101: =AM101+AJ101+AG101+AD101+AA101+X101+U101+R101+O101+L101 -> 0 | AQ101: =AQ102 -> 92937.217 | AR101: =AQ101/$H101 -> 1 | AS101: =G101-AP101 -> 0 | AT101: =AT102 -> 0 | AU101: =AT101/$H101 -> 0
...
